Workbook
Name _ftn1: Sheet1!$D$6
Name _ftn1: 'Sheet1 (2)'!#REF!
Name _ftn1: 'Sheet1 (3)'!#REF!
Name _ftn1: 'Sheet1 (4)'!#REF!
Name _ftn1: 'Sheet1 (5)'!#REF!
Name _ftn1: 'Sheet1 (6)'!#REF!
Name _ftn1: 'Sheet1 (7)'!#REF!
Name _ftn2: Sheet2!$C$89
Name _ftn2: 'Sheet2 (2)'!$C$89
Name _ftn3: Sheet2!$C$90
Name _ftn3: 'Sheet2 (2)'!$C$90
Name _ftnref1: Sheet1!#REF!
Name _ftnref1: 'Sheet1 (2)'!#REF!
Name _ftnref1: 'Sheet1 (3)'!#REF!
Name _ftnref1: 'Sheet1 (4)'!#REF!
Name _ftnref1: 'Sheet1 (5)'!#REF!
Name _ftnref1: 'Sheet1 (6)'!#REF!
Name _ftnref1: 'Sheet1 (7)'!#REF!
Name _ftnref2: Sheet2!$I$67
Name _ftnref2: 'Sheet2 (2)'!$I$70
Name _ftnref3: Sheet2!#REF!
Name _ftnref3: 'Sheet2 (2)'!#REF!
Name OLE_LINK47: Sheet1!#REF!
Name OLE_LINK47: 'Sheet1 (2)'!#REF!
Name OLE_LINK47: 'Sheet1 (3)'!#REF!
Name OLE_LINK47: 'Sheet1 (4)'!#REF!
Name OLE_LINK47: 'Sheet1 (5)'!#REF!
Name OLE_LINK47: 'Sheet1 (6)'!$E$23
Name OLE_LINK47: 'Sheet1 (7)'!#REF!
Name OLE_LINK59: Sheet1!$E$23
Name OLE_LINK59: 'Sheet1 (2)'!#REF!
Name OLE_LINK59: 'Sheet1 (3)'!#REF!
Name OLE_LINK59: 'Sheet1 (4)'!#REF!
Name OLE_LINK59: 'Sheet1 (5)'!#REF!
Name OLE_LINK59: 'Sheet1 (6)'!#REF!
Name OLE_LINK59: 'Sheet1 (7)'!#REF!
Name OLE_LINK9: Sheet1!$D$6
Name OLE_LINK9: 'Sheet1 (2)'!#REF!
Name OLE_LINK9: 'Sheet1 (3)'!#REF!
Name OLE_LINK9: 'Sheet1 (4)'!#REF!
Name OLE_LINK9: 'Sheet1 (5)'!#REF!
Name OLE_LINK9: 'Sheet1 (6)'!#REF!
Name OLE_LINK9: 'Sheet1 (7)'!#REF!

Sheet Sheet4
AE1: √
L2: Evaluation Instrument of Medical Specialist Training
K3: Malaysian Medical Council (MMC)
L4: **Notification to HEPs: The Grade and Result shown here are for self-review purposes only.
F6: Name of Programme | I6: ='Sheet4 (2)'!H7 -> 0
F8: MQF Level | I8: ='Sheet4 (2)'!H24 -> 0
F10: Name of Institution | I10: ='Sheet4 (2)'!H17 -> 0
F12: Accreditation level | H12: =IFERROR(IF(J12=AE1,21,IF(N12=AE1,22,"ERROR")),"ERROR") -> ERROR | I12: Full | J12: =IF('Sheet4 (2)'!H13="Full Accreditation (FA)","√","") | L12: Provisional | N12: =IF('Sheet4 (2)'!H13="Provisional Accreditation (PA)","√","") | T12: ='Sheet4 (2)'!Q13 -> #N/A
F14: SUMMARY OF HEP EVALUATION
K15: No.of AL1/AL2 | M15: No.of AL3 | O15: No.of AL4/AL5 | Q15: No.of Stds. Eval. | S15: No.of Stds. | T15: Weightage | U15: Max.Score | V15: Score | X15: =IF('Sheet4 (2)'!Q13=1,"",IF(G34="F","","Weighted Score")) -> #N/A
F16: Area 1 | G16: Programme development and delivery | K16: =Sheet2!K5 -> 0 | M16: =Sheet2!G5 -> 0 | N16: =IF(Sheet2!J5=FALSE,"**","") | O16: =Sheet2!L5 -> 0 | Q16: =Sheet2!D5 -> 0 | S16: 18 | T16: =IF(J12=AE1,Sheet2!P5,IF(N12=AE1,Sheet2!O5,"")) | U16: =Q16*5 -> 0 | V16: =Sheet2!Z5 -> 0 | X16: =IF('Sheet4 (2)'!Q13=1,"",IF(G34="F","",(IF(J12=AE1,Sheet2!AC5,IF(N12=AE1,Sheet2!AB5,""))))) -> #N/A | AE16: AREA1 | AF16: =IF(J12=AE1,Sheet2!E5,IF(N12=AE1,Sheet2!T5,"")) | AG16: =IF(J12=AE1,Sheet2!F5,IF(N12=AE1,Sheet2!U5,"")) | AH16: =IF(J12=AE1,Sheet2!G5,IF(N12=AE1,Sheet2!V5,"")) | AI16: =IF(J12=AE1,Sheet2!H5,IF(N12=AE1,Sheet2!W5,"")) | AJ16: =IF(J12=AE1,Sheet2!I5,IF(N12=AE1,Sheet2!X5,""))
AE17: AREA2 | AF17: =IF(J13=AE2,Sheet2!E6,IF(N13=AE2,Sheet2!T6,"")) -> 0 | AG17: =IF(J13=AE2,Sheet2!F6,IF(N13=AE2,Sheet2!U6,"")) -> 0 | AH17: =IF(J13=AE2,Sheet2!G6,IF(N13=AE2,Sheet2!V6,"")) -> 0 | AI17: =IF(J13=AE2,Sheet2!H6,IF(N13=AE2,Sheet2!W6,"")) -> 0 | AJ17: =IF(J13=AE2,Sheet2!I6,IF(N13=AE2,Sheet2!X6,"")) -> 0
F18: Area 2 | G18: Assessment of student learning | K18: =Sheet2!K6 -> 0 | M18: =Sheet2!G6 -> 0 | N18: =IF(Sheet2!J6=FALSE,"**","") | O18: =Sheet2!L6 -> 0 | Q18: =Sheet2!D6 -> 0 | S18: 16 | T18: =IF(J12=AE1,Sheet2!P6,IF(N12=AE1,Sheet2!O6,"")) | U18: =Q18*5 -> 0 | V18: =Sheet2!Z6 -> 0 | X18: =IF('Sheet4 (2)'!Q13=1,"",IF(G34="F","",(IF(J12=AE1,Sheet2!AC6,IF(N12=AE1,Sheet2!AB6,""))))) -> #N/A | AE18: AREA3 | AF18: =IF(J14=AE3,Sheet2!E7,IF(N14=AE3,Sheet2!T7,"")) -> 0 | AG18: =IF(J14=AE3,Sheet2!F7,IF(N14=AE3,Sheet2!U7,"")) -> 0 | AH18: =IF(J14=AE3,Sheet2!G7,IF(N14=AE3,Sheet2!V7,"")) -> 0 | AI18: =IF(J14=AE3,Sheet2!H7,IF(N14=AE3,Sheet2!W7,"")) -> 0 | AJ18: =IF(J14=AE3,Sheet2!I7,IF(N14=AE3,Sheet2!X7,"")) -> 0
AE19: AREA4 | AF19: =IF(J15=AE4,Sheet2!E8,IF(N15=AE4,Sheet2!T8,"")) -> 0 | AG19: =IF(J15=AE4,Sheet2!F8,IF(N15=AE4,Sheet2!U8,"")) -> 0 | AH19: =IF(J15=AE4,Sheet2!G8,IF(N15=AE4,Sheet2!V8,"")) -> 0 | AI19: =IF(J15=AE4,Sheet2!H8,IF(N15=AE4,Sheet2!W8,"")) -> 0 | AJ19: =IF(J15=AE4,Sheet2!I8,IF(N15=AE4,Sheet2!X8,"")) -> 0
F20: Area 3 | G20: Student selection and support services | K20: =Sheet2!K7 -> 0 | M20: =Sheet2!G7 -> 0 | N20: =IF(Sheet2!J7=FALSE,"**","") | O20: =Sheet2!L7 -> 0 | Q20: =Sheet2!D7 -> 0 | S20: 15 | T20: =IF(J12=AE1,Sheet2!P7,IF(N12=AE1,Sheet2!O7,"")) | U20: =Q20*5 -> 0 | V20: =Sheet2!Z7 -> 0 | X20: =IF('Sheet4 (2)'!Q13=1,"",IF(G34="F","",(IF(J12=AE1,Sheet2!AC7,IF(N12=AE1,Sheet2!AB7,""))))) -> #N/A | AE20: AREA5 | AF20: =IF(J16=AE5,Sheet2!E9,IF(N16=AE5,Sheet2!T9,"")) -> 0 | AG20: =IF(J16=AE5,Sheet2!F9,IF(N16=AE5,Sheet2!U9,"")) -> 0 | AH20: =IF(J16=AE5,Sheet2!G9,IF(N16=AE5,Sheet2!V9,"")) -> 0 | AI20: =IF(J16=AE5,Sheet2!H9,IF(N16=AE5,Sheet2!W9,"")) -> 0 | AJ20: =IF(J16=AE5,Sheet2!I9,IF(N16=AE5,Sheet2!X9,"")) -> 0
AE21: AREA6 | AF21: =IF(J17=AE6,Sheet2!E10,IF(N17=AE6,Sheet2!T10,"")) -> 0 | AG21: =IF(J17=AE6,Sheet2!F10,IF(N17=AE6,Sheet2!U10,"")) -> 0 | AH21: =IF(J17=AE6,Sheet2!G10,IF(N17=AE6,Sheet2!V10,"")) -> 0 | AI21: =IF(J17=AE6,Sheet2!H10,IF(N17=AE6,Sheet2!W10,"")) -> 0 | AJ21: =IF(J17=AE6,Sheet2!I10,IF(N17=AE6,Sheet2!X10,"")) -> 0
F22: Area 4 | G22: Academic staff | K22: =Sheet2!K8 -> 0 | M22: =Sheet2!G8 -> 0 | N22: =IF(Sheet2!J8=FALSE,"**","") | O22: =Sheet2!L8 -> 0 | Q22: =Sheet2!D8 -> 0 | S22: 11 | T22: =IF(J12=AE1,Sheet2!P8,IF(N12=AE1,Sheet2!O8,"")) | U22: =Q22*5 -> 0 | V22: =Sheet2!Z8 -> 0 | X22: =IF('Sheet4 (2)'!Q13=1,"",IF(G34="F","",(IF(J12=AE1,Sheet2!AC8,IF(N12=AE1,Sheet2!AB8,""))))) -> #N/A | AE22: AREA7 | AF22: =IF(J18=AE7,Sheet2!E11,IF(N18=AE7,Sheet2!T11,"")) -> 0 | AG22: =IF(J18=AE7,Sheet2!F11,IF(N18=AE7,Sheet2!U11,"")) -> 0 | AH22: =IF(J18=AE7,Sheet2!G11,IF(N18=AE7,Sheet2!V11,"")) -> 0 | AI22: =IF(J18=AE7,Sheet2!H11,IF(N18=AE7,Sheet2!W11,"")) -> 0 | AJ22: =IF(J18=AE7,Sheet2!I11,IF(N18=AE7,Sheet2!X11,"")) -> 0
F24: Area 5 | G24: Educational resources | K24: =Sheet2!K9 -> 0 | M24: =Sheet2!G9 -> 0 | N24: =IF(Sheet2!J9=FALSE,"**","") | O24: =Sheet2!L9 -> 0 | Q24: =Sheet2!D9 -> 0 | S24: 9 | T24: =IF(J12=AE1,Sheet2!P9,IF(N12=AE1,Sheet2!O9,"")) | U24: =Q24*5 -> 0 | V24: =Sheet2!Z9 -> 0 | X24: =IF('Sheet4 (2)'!Q13=1,"",IF(G34="F","",(IF(J12=AE1,Sheet2!AC9,IF(N12=AE1,Sheet2!AB9,""))))) -> #N/A
F26: Area 6 | G26: Programme management | K26: =Sheet2!K10 -> 0 | M26: =Sheet2!G10 -> 0 | N26: =IF(Sheet2!J10=FALSE,"**","") | O26: =Sheet2!L10 -> 0 | Q26: =Sheet2!D10 -> 0 | S26: 15 | T26: =IF(J12=AE1,Sheet2!P10,IF(N12=AE1,Sheet2!O10,"")) | U26: =Q26*5 -> 0 | V26: =Sheet2!Z10 -> 0 | X26: =IF('Sheet4 (2)'!Q13=1,"",IF(G34="F","",(IF(J12=AE1,Sheet2!AC10,IF(N12=AE1,Sheet2!AB10,""))))) -> #N/A
F28: Area 7 | G28: Programme monitoring, review and | K28: =Sheet2!K11 -> 0 | M28: =Sheet2!G11 -> 0 | N28: =IF(Sheet2!J11=FALSE,"**","") | O28: =Sheet2!L11 -> 0 | Q28: =Sheet2!D11 -> 0 | S28: 5 | T28: =IF(J12=AE1,Sheet2!P11,IF(N12=AE1,Sheet2!O11,"")) | U28: =Q28*5 -> 0 | V28: =Sheet2!Z11 -> 0 | X28: =IF('Sheet4 (2)'!Q13=1,"",IF(G34="F","",(IF(J12=AE1,Sheet2!AC11,IF(N12=AE1,Sheet2!AB11,""))))) -> #N/A
G29: Continual quality improvement
I30: TOTAL | K30: =SUM(K16:K28) -> 0 | M30: =SUM(M16:M28) -> 0 | O30: =SUM(O16:O28) -> 0 | Q30: =SUM(Q16:Q28) -> 0 | S30: 89 | T30: =SUM(T16:T28) -> 0 | X30: =IF('Sheet4 (2)'!Q13=1,"",IF(G34="F","",SUM(X16:X28))) -> #N/A
F34: GRADE | G34: =IF('Sheet4 (2)'!Q13=1,"",IF(J12=AE1,Sheet2!AC15,IF(N12=AE1,Sheet2!O15,"ERROR"))) -> #N/A | H34: =IF('Sheet4 (2)'!Q13=1,"",IF(G34="F","",(IF(J12=AE1,Sheet2!AC13,IF(N12=AE1,Sheet2!AB13,""))))) -> #N/A | I34: =IF('Sheet4 (2)'!Q13=1,"",IF(G34="F","","%")) -> #N/A | K34: =IF('Sheet4 (2)'!Q13=1,"",IF(J12=AE1,Sheet2!AD15,VLOOKUP(G34,Sheet2!C29:F31,2))) -> #N/A
F36: RESULTS | G36: =IF('Sheet4 (2)'!Q13=1,"",IF(J12=AE1,Sheet2!AE15,VLOOKUP(G34,Sheet2!C29:F31,3))) -> #N/A
G38: "F"=Fail, "P"=Pass, "P*"=Pass with condition, "PA"=Provisional Accreditation, "FA"=Full Accreditation
G39: =IF(Sheet2!D13="ERROR","ERROR",IF(J12=AE1,Sheet2!AF15,VLOOKUP(G34,Sheet2!C29:F31,4))) -> #N/A
F48: SUMMARY OF POA EVALUATION
K49: No.of AL1/AL2 | M49: No.of AL3 | O49: No.of AL4/AL5 | Q49: No.of Standards | S49: No.of Stds. | T49: Weightage | U49: Max.Score | V49: Score | X49: Weighted Score
F50: Area 1 | G50: Programme development and delivery | K50: ='Sheet2 (2)'!K5 -> 0 | M50: ='Sheet2 (2)'!G5 -> 0 | N50: =IF('Sheet2 (2)'!J5=FALSE,"**","") | O50: ='Sheet2 (2)'!L5 -> 0 | Q50: ='Sheet2 (2)'!D5 -> 0 | S50: 18 | T50: ='Sheet2 (2)'!P5 -> 25 | U50: =Q50*5 -> 0 | V50: ='Sheet2 (2)'!Z5 -> 0 | X50: ='Sheet2 (2)'!AC5 -> #DIV/0! | AE50: AREA1 | AF50: =IF(J12=AE1,'Sheet2 (2)'!E5,IF(N12=AE1,'Sheet2 (2)'!T5,"")) | AG50: =IF(J12=AE1,'Sheet2 (2)'!F5,IF(N12=AE1,'Sheet2 (2)'!U5,"")) | AH50: =IF(J12=AE1,'Sheet2 (2)'!G5,IF(N12=AE1,'Sheet2 (2)'!V5,"")) | AI50: =IF(J12=AE1,'Sheet2 (2)'!H5,IF(N12=AE1,'Sheet2 (2)'!W5,"")) | AJ50: =IF(J12=AE1,'Sheet2 (2)'!I5,IF(N12=AE1,'Sheet2 (2)'!X5,""))
AE51: AREA2 | AF51: =IF(J13=AE2,'Sheet2 (2)'!E6,IF(N13=AE2,'Sheet2 (2)'!T6,"")) -> 0 | AG51: =IF(J13=AE2,'Sheet2 (2)'!F6,IF(N13=AE2,'Sheet2 (2)'!U6,"")) -> 0 | AH51: =IF(J13=AE2,'Sheet2 (2)'!G6,IF(N13=AE2,'Sheet2 (2)'!V6,"")) -> 0 | AI51: =IF(J13=AE2,'Sheet2 (2)'!H6,IF(N13=AE2,'Sheet2 (2)'!W6,"")) -> 0 | AJ51: =IF(J13=AE2,'Sheet2 (2)'!I6,IF(N13=AE2,'Sheet2 (2)'!X6,"")) -> 0
F52: Area 2 | G52: Assessment of student learning | K52: ='Sheet2 (2)'!K6 -> 0 | M52: ='Sheet2 (2)'!G6 -> 0 | N52: =IF('Sheet2 (2)'!J6=FALSE,"**","") | O52: ='Sheet2 (2)'!L6 -> 0 | Q52: ='Sheet2 (2)'!D6 -> 0 | S52: 16 | T52: ='Sheet2 (2)'!P6 -> 15 | U52: =Q52*5 -> 0 | V52: ='Sheet2 (2)'!Z6 -> 0 | X52: ='Sheet2 (2)'!AC6 -> #DIV/0! | AE52: AREA3 | AF52: =IF(J14=AE3,'Sheet2 (2)'!E7,IF(N14=AE3,'Sheet2 (2)'!T7,"")) -> 0 | AG52: =IF(J14=AE3,'Sheet2 (2)'!F7,IF(N14=AE3,'Sheet2 (2)'!U7,"")) -> 0 | AH52: =IF(J14=AE3,'Sheet2 (2)'!G7,IF(N14=AE3,'Sheet2 (2)'!V7,"")) -> 0 | AI52: =IF(J14=AE3,'Sheet2 (2)'!H7,IF(N14=AE3,'Sheet2 (2)'!W7,"")) -> 0 | AJ52: =IF(J14=AE3,'Sheet2 (2)'!I7,IF(N14=AE3,'Sheet2 (2)'!X7,"")) -> 0
AE53: AREA4 | AF53: =IF(J15=AE4,'Sheet2 (2)'!E8,IF(N15=AE4,'Sheet2 (2)'!T8,"")) -> 0 | AG53: =IF(J15=AE4,'Sheet2 (2)'!F8,IF(N15=AE4,'Sheet2 (2)'!U8,"")) -> 0 | AH53: =IF(J15=AE4,'Sheet2 (2)'!G8,IF(N15=AE4,'Sheet2 (2)'!V8,"")) -> 0 | AI53: =IF(J15=AE4,'Sheet2 (2)'!H8,IF(N15=AE4,'Sheet2 (2)'!W8,"")) -> 0 | AJ53: =IF(J15=AE4,'Sheet2 (2)'!I8,IF(N15=AE4,'Sheet2 (2)'!X8,"")) -> 0
F54: Area 3 | G54: Student selection and support services | K54: ='Sheet2 (2)'!K7 -> 0 | M54: ='Sheet2 (2)'!G7 -> 0 | N54: =IF('Sheet2 (2)'!J7=FALSE,"**","") | O54: ='Sheet2 (2)'!L7 -> 0 | Q54: ='Sheet2 (2)'!D7 -> 0 | S54: 15 | T54: ='Sheet2 (2)'!P7 -> 10 | U54: =Q54*5 -> 0 | V54: ='Sheet2 (2)'!Z7 -> 0 | X54: ='Sheet2 (2)'!AC7 -> #DIV/0! | AE54: AREA5 | AF54: =IF(J16=AE5,'Sheet2 (2)'!E9,IF(N16=AE5,'Sheet2 (2)'!T9,"")) -> 0 | AG54: =IF(J16=AE5,'Sheet2 (2)'!F9,IF(N16=AE5,'Sheet2 (2)'!U9,"")) -> 0 | AH54: =IF(J16=AE5,'Sheet2 (2)'!G9,IF(N16=AE5,'Sheet2 (2)'!V9,"")) -> 0 | AI54: =IF(J16=AE5,'Sheet2 (2)'!H9,IF(N16=AE5,'Sheet2 (2)'!W9,"")) -> 0 | AJ54: =IF(J16=AE5,'Sheet2 (2)'!I9,IF(N16=AE5,'Sheet2 (2)'!X9,"")) -> 0
AE55: AREA6 | AF55: =IF(J17=AE6,'Sheet2 (2)'!E10,IF(N17=AE6,'Sheet2 (2)'!T10,"")) -> 0 | AG55: =IF(J17=AE6,'Sheet2 (2)'!F10,IF(N17=AE6,'Sheet2 (2)'!U10,"")) -> 0 | AH55: =IF(J17=AE6,'Sheet2 (2)'!G10,IF(N17=AE6,'Sheet2 (2)'!V10,"")) -> 0 | AI55: =IF(J17=AE6,'Sheet2 (2)'!H10,IF(N17=AE6,'Sheet2 (2)'!W10,"")) -> 0 | AJ55: =IF(J17=AE6,'Sheet2 (2)'!I10,IF(N17=AE6,'Sheet2 (2)'!X10,"")) -> 0
F56: Area 4 | G56: Academic staff | K56: ='Sheet2 (2)'!K8 -> 0 | M56: ='Sheet2 (2)'!G8 -> 0 | N56: =IF('Sheet2 (2)'!J8=FALSE,"**","") | O56: ='Sheet2 (2)'!L8 -> 0 | Q56: ='Sheet2 (2)'!D8 -> 0 | S56: 11 | T56: ='Sheet2 (2)'!P8 -> 15 | U56: =Q56*5 -> 0 | V56: ='Sheet2 (2)'!Z8 -> 0 | X56: ='Sheet2 (2)'!AC8 -> #DIV/0! | AE56: AREA7 | AF56: =IF(J18=AE7,'Sheet2 (2)'!E11,IF(N18=AE7,'Sheet2 (2)'!T11,"")) -> 0 | AG56: =IF(J18=AE7,'Sheet2 (2)'!F11,IF(N18=AE7,'Sheet2 (2)'!U11,"")) -> 0 | AH56: =IF(J18=AE7,'Sheet2 (2)'!G11,IF(N18=AE7,'Sheet2 (2)'!V11,"")) -> 0 | AI56: =IF(J18=AE7,'Sheet2 (2)'!H11,IF(N18=AE7,'Sheet2 (2)'!W11,"")) -> 0 | AJ56: =IF(J18=AE7,'Sheet2 (2)'!I11,IF(N18=AE7,'Sheet2 (2)'!X11,"")) -> 0
F58: Area 5 | G58: Educational resources | K58: ='Sheet2 (2)'!K9 -> 0 | M58: ='Sheet2 (2)'!G9 -> 0 | N58: =IF('Sheet2 (2)'!J9=FALSE,"**","") | O58: ='Sheet2 (2)'!L9 -> 0 | Q58: ='Sheet2 (2)'!D9 -> 0 | S58: 9 | T58: ='Sheet2 (2)'!P9 -> 15 | U58: =Q58*5 -> 0 | V58: ='Sheet2 (2)'!Z9 -> 0 | X58: ='Sheet2 (2)'!AC9 -> #DIV/0!
F60: Area 6 | G60: Programme management | K60: ='Sheet2 (2)'!K10 -> 0 | M60: ='Sheet2 (2)'!G10 -> 0 | N60: =IF('Sheet2 (2)'!J10=FALSE,"**","") | O60: ='Sheet2 (2)'!L10 -> 0 | Q60: ='Sheet2 (2)'!D10 -> 0 | S60: 15 | T60: ='Sheet2 (2)'!P10 -> 10 | U60: =Q60*5 -> 0 | V60: ='Sheet2 (2)'!Z10 -> 0 | X60: ='Sheet2 (2)'!AC10 -> #DIV/0!
F62: Area 7 | G62: Programme monitoring, review and | K62: ='Sheet2 (2)'!K11 -> 0 | M62: ='Sheet2 (2)'!G11 -> 0 | N62: =IF('Sheet2 (2)'!J11=FALSE,"**","") | O62: ='Sheet2 (2)'!L11 -> 0 | Q62: ='Sheet2 (2)'!D11 -> 0 | S62: 5 | T62: ='Sheet2 (2)'!P11 -> 10 | U62: =Q62*5 -> 0 | V62: ='Sheet2 (2)'!Z11 -> 0 | X62: ='Sheet2 (2)'!AC11 -> #DIV/0!
G63: Continual quality improvement
I64: TOTAL | K64: =SUM(K50:K62) -> 0 | M64: =SUM(M50:M62) -> 0 | O64: =SUM(O50:O62) -> 0 | Q64: =SUM(Q50:Q62) -> 0 | S64: 89 | T64: =SUM(T50:T62) -> 100 | X64: =SUM(X50:X62) -> #DIV/0!
F67: GRADE | G67: ='Sheet2 (2)'!AC15 -> #DIV/0! | H67: =X64 -> #DIV/0! | I67: =IF(G67="F","","%") -> #DIV/0! | K67: =IF('Sheet2 (2)'!AF12<1,"Pass in all Areas",'Sheet2 (2)'!AH12) -> #DIV/0!
F69: RESULTS | G69: ='Sheet2 (2)'!AD15 -> #DIV/0!
G71: "F"=Fail, "P"=Pass, "P*"=Pass with condition, "PA"=Provisional Accreditation, "FA"=Full Accreditation
G72: =IF('Sheet2 (2)'!D13="ERROR","ERROR",IF(J12=AE1,'Sheet2 (2)'!AF15,VLOOKUP(G34,'Sheet2 (2)'!C29:F31,4))) -> #N/A

Sheet Sheet4 (2)
F2: Evaluation Instrument for Medical Specialist Training Programme | BA2: Non-MQF
I3: Malaysian Medical Council (MMC) | BA3: Level 1
BA4: Level 2
BA5: Level 3
BA6: Level 4
E7: Name of Programme | BA7: Level 5
BA8: Level 6
E9: (in Bahasa Malaysia) | BA9: Level 7
N10: (1) | O10: (2) | P10: (3) | BA10: Level 8
E11: Reference Number | K11: Proposed dates of site visit (dd/mm/yyyy)
BA12: √
E13: Accreditation level | K13: Type of Assessment | Q13: =VLOOKUP(M13,BA21:BB26,2) -> #N/A
BA14: Full Accreditation (FA)
K15: Date of site visit (dd/mm/yyyy) | BA15: Provisional Accreditation (PA)
E17: Name of Higher
E18: Education Provider (HEP)
BA21: HEP Input (PA) | BB21: 1
E22: Address of HEP | BA22: HEP Self Review Report (FA) | BB22: 2
BA23: MMC POA PA Evaluation Report | BB23: 3
E24: MQF Level | K24: Field of Study | BA24: MMC POA Post FA(Consideration) | BB24: 6
K25: and NEC | BA25: MMC POA Post Visit FA Evaluation Report | BB25: 4
BA26: MMC POA Preliminary FA Evaluation Report | BB26: 5
E28: Mode of Study | K28: Mode of Delivery | BA28: Full Time
BA29: Part Time
E30: Mode of Offer | K30: Language of Instruction | BA30: Full Time and Part Time
BA31: Conventional (traditional, online and blended learning)
E32: Method of Learning and Teaching (select methods used) | BA32: Open and Distance learning (ODL)
E34: Lecture | K34: Industrial Training | O34: Others | BA34: Coursework - Undergraduate
E35: Tutorial | K35: Work-Based Learning | BA35: Industry Mode (2u2i) - Undergraduate
E36: Practical/Lab/Workshop | K36: Research | BA36: Coursework - Postgraduate
E37: Project | K37: Seminar/Colloquium | BA37: Mixed Mode - Postgraduate
BA38: Research - Postgraduate
E39: Type of Programme | K39: Graduating Credit
E41: Awarding Body
E43: Duration of Study | I43: Full Time | M43: Part Time
I44: Long Semester | K44: Short Semester | M44: Long Semester | O44: Short Semester
H45: No. of Weeks * | BA45: Own
H46: No. of Semesters | BA46: Collaboration
H47: No. of Years | BA47: External
H48: * Number of weeks should include study and exam weeks. | BA48: Joint Award/ Joint Degree
BA49: Others
E50: Entry Requirements | H50: (please click )
E52: Address of Programme's Location (if applicable)
K55: (For Panel of Assessors only)
E57: Name of Assessor1 (Chair)
E59: Field of Expertise
E61: Faculty and Institution
E63: Name of Assessor2
E65: Field of Expertise
E67: Faculty and Institution
E69: Name of Assessor3
E71: Field of Expertise
E73: Faculty and Institution
E75: Name of Assessor4
E77: Field of Expertise
E79: Faculty and Institution
... E84: b. Full Accreditation: HEPs are required to do self-review report using this Instrument.

Sheet Sheet6
G7: PLEASE READ THIS FIRST
B9: Please follow the instructions below in sequence. Once finished, a summary report will be | M9: Evaluation Instrument of
B10: automatically generated. | M10: Standards for Undergraduate
M11: Medical Education
B12: 1 | C12: Click button 'CLICK HERE TO START'
C13: Please complete the required information in the spaces provided.
B15: 2 | C15: In the menu column, click button "AREA 1"
C16: i. | D16: For each standard, evaluate using the scale given (i.e AL1 - AL5)
C17: ii. | D17: Select Achievement Level (AL) for each standard from the drop-down list.
C18: iii. | D18: Please provide remarks in the corresponding columns for each standard.
C19: iv. | D19: Click to view what box ro remark for different AL value.
C20: v. | D20: Once completed for AREA 1, please proceed to the other areas of evaluation.
M21: Malaysian Medical Council (MMC)
B22: 3 | C22: After you have evaluated every area, click button "SUMMARY" to view result summary.
M30: Best viewed 1920 X 1280
M31: Developed by:
M32: mnmy

Sheet Sheet1
H1: Evaluation Instrument for Medical Specialist Training Programme
H2: Malaysian Medical Council (MMC)
G4: AREA 1: PROGRAMME DEVELOPMENT AND DELIVERY
D5: 1.1 | E5: Statement of Educational Objectives of Academic Programme and Learning Outcomes | G5: Achievement Level (AL) | H5: AL Descriptor | I5: Strength | J5: Concern | K5: Opportunity For Improvement / Recommendation | L5: Steps taken to address the problem areas Actions specified by the Evaluation Panel or proposed action as specified by the department itself. Opportunity for Improvement (OFI) | AD5: √ | BA5: AL1 | BB5: Highly unsatisfactory None of the aspect defined in the criteria have been demonstrated | BC5: Highly unsatisfactory None of the aspect defined in the criteria have been demonstrated | BD5: Highly unsatisfactory None of the aspect defined in the criteria have been demonstrated | BE5: Highly unsatisfactory None of the aspect defined in the criteria have been demonstrated | BF5: Highly unsatisfactory None of the aspect defined in the criteria have been demonstrated | BG5: Highly unsatisfactory None of the aspect defined in the criteria have been demonstrated | BH5: Highly unsatisfactory None of the aspect defined in the criteria have been demonstrated | BI5: Highly unsatisfactory None of the aspect defined in the criteria have been demonstrated | BJ5: Highly unsatisfactory None of the aspect defined in the criteria have been demonstrated | BK5: Highly unsatisfactory None of the aspect defined in the criteria have been demonstrated | BL5: Highly unsatisfactory None of the aspect defined in the criteria have been demonstrated | BM5: Highly unsatisfactory None of the aspect defined in the criteria have been demonstrated | BN5: Highly unsatisfactory None of the aspect defined in the criteria have been demonstrated | BO5: Highly unsatisfactory None of the aspect defined in the criteria have been demonstrated | BP5: Highly unsatisfactory None of the aspect defined in the criteria have been demonstrated | BQ5: Highly unsatisfactory None of the aspect defined in the criteria have been demonstrated | BR5: Highly unsatisfactory None of the aspect defined in the criteria have been demonstrated
D6: 1.1.1 | E6: The programme must: state its educational objectives which include standards of training, assessment and professionalism consistent with and supportive of the needs of the nation. | H6: =VLOOKUP(G6,$BA$5:$BR$9,2) -> #N/A | BA6: AL2 | BB6: Unsatisfactory Some aspects defined in the criteria have been demonstrated | BC6: Unsatisfactory Some aspects defined in the criteria have been demonstrated | BD6: Unsatisfactory Some aspects defined in the criteria have been demonstrated | BE6: Unsatisfactory Some aspects defined in the criteria have been demonstrated | BF6: Unsatisfactory Some aspects defined in the criteria have been demonstrated | BG6: Unsatisfactory Some aspects defined in the criteria have been demonstrated | BH6: Unsatisfactory Some aspects defined in the criteria have been demonstrated | BI6: Unsatisfactory Some aspects defined in the criteria have been demonstrated | BJ6: Unsatisfactory Some aspects defined in the criteria have been demonstrated | BK6: Unsatisfactory Some aspects defined in the criteria have been demonstrated | BL6: Unsatisfactory Some aspects defined in the criteria have been demonstrated | BM6: Unsatisfactory Some aspects defined in the criteria have been demonstrated | BN6: Unsatisfactory Some aspects defined in the criteria have been demonstrated | BO6: Unsatisfactory Some aspects defined in the criteria have been demonstrated | BP6: Unsatisfactory Some aspects defined in the criteria have been demonstrated | BQ6: Unsatisfactory Some aspects defined in the criteria have been demonstrated | BR6: Unsatisfactory Some aspects defined in the criteria have been demonstrated
H7: =VLOOKUP(G7,$BA$5:$BR$9,2) -> #N/A | BA7: AL3 | BB7: Satisfactory All aspects defined in the criteria have been demonstrated | BC7: Satisfactory All aspects defined in the criteria have been demonstrated | BD7: Satisfactory All aspects defined in the criteria have been demonstrated | BE7: Satisfactory All aspects defined in the criteria have been demonstrated | BF7: Satisfactory All aspects defined in the criteria have been demonstrated | BG7: Satisfactory All aspects defined in the criteria have been demonstrated | BH7: Satisfactory All aspects defined in the criteria have been demonstrated | BI7: Satisfactory All aspects defined in the criteria have been demonstrated | BJ7: Satisfactory All aspects defined in the criteria have been demonstrated | BK7: Satisfactory All aspects defined in the criteria have been demonstrated | BL7: Satisfactory All aspects defined in the criteria have been demonstrated | BM7: Satisfactory All aspects defined in the criteria have been demonstrated | BN7: Satisfactory All aspects defined in the criteria have been demonstrated | BO7: Satisfactory All aspects defined in the criteria have been demonstrated | BP7: Satisfactory All aspects defined in the criteria have been demonstrated | BQ7: Satisfactory All aspects defined in the criteria have been demonstrated | BR7: Satisfactory All aspects defined in the criteria have been demonstrated
E8: =IF(AND(I6="",J6="",K6="",L6=""),"INPUT ERROR! Please provide remarks"," ") -> INPUT ERROR! Please provide remarks | AD8: =IF(G6="",FALSE,TRUE) -> FALSE | AE8: =IF(G6="AL5",5,0) -> 0 | AF8: =IF(G6="AL4",4,0) -> 0 | AG8: =IF(G6="AL3",3,0) -> 0 | AH8: =IF(G6="AL2",2,0) -> 0 | AI8: =IF(G6="AL1",1,0) -> 0 | AJ8: =IF(AND(K6="",L6=""),TRUE,FALSE) -> TRUE | AK8: =IF(AND(K7="",L7=""),TRUE,FALSE) -> TRUE | AM8: =COUNTIF(AE8:AI8,0) -> 5 | AN8: =IF((E8=" "),TRUE,FALSE) -> FALSE | AO8: =COUNTIF(AE8:AI8,5) -> 0 | AP8: =COUNTIF(AE8:AI8,4) -> 0 | AQ8: =COUNTIF(AE8:AI8,2) -> 0 | AR8: =COUNTIF(AE8:AI8,1) -> 0 | AT8: =IF(G7="AL5",5,0) -> 0 | AU8: =IF(G7="AL4",4,0) -> 0 | AV8: =IF(G7="AL3",3,0) -> 0 | AW8: =IF(G7="AL2",2,0) -> 0 | AX8: =IF(G7="AL1",1,0) -> 0 | BA8: AL4 | BB8: Highly satisfactory All aspects defined in the criteria have been demonstrated with some examples of best practice | BC8: Highly satisfactory All aspects defined in the criteria have been demonstrated with some examples of best practice | BD8: Highly satisfactory All aspects defined in the criteria have been demonstrated with some examples of best practice | BE8: Highly satisfactory All aspects defined in the criteria have been demonstrated with some examples of best practice | BF8: Highly satisfactory All aspects defined in the criteria have been demonstrated with some examples of best practice | BG8: Highly satisfactory All aspects defined in the criteria have been demonstrated with some examples of best practice | BH8: Highly satisfactory All aspects defined in the criteria have been demonstrated with some examples of best practice | BI8: Highly satisfactory All aspects defined in the criteria have been demonstrated with some examples of best practice | BJ8: Highly satisfactory All aspects defined in the criteria have been demonstrated with some examples of best practice | BK8: Highly satisfactory All aspects defined in the criteria have been demonstrated with some examples of best practice | BL8: Highly satisfactory All aspects defined in the criteria have been demonstrated with some examples of best practice | BM8: Highly satisfactory All aspects defined in the criteria have been demonstrated with some examples of best practice | BN8: Highly satisfactory All aspects defined in the criteria have been demonstrated with some examples of best practice | BO8: Highly satisfactory All aspects defined in the criteria have been demonstrated with some examples of best practice | BP8: Highly satisfactory All aspects defined in the criteria have been demonstrated with some examples of best practice | BQ8: Highly satisfactory All aspects defined in the criteria have been demonstrated with some examples of best practice | BR8: Highly satisfactory All aspects defined in the criteria have been demonstrated with some examples of best practice
D9: 1.1.2 | E9: The curriculum must demonstrate its relevance and applicability in meeting the changing healthcare needs of the Malaysian population. | H9: =VLOOKUP(G9,$BA$5:$BR$9,3) -> #N/A | BA9: AL5 | BB9: Exemplary All aspects defined in the criteria have been demonstrated with best practice that can be recommended externally | BC9: Exemplary All aspects defined in the criteria have been demonstrated with best practice that can be recommended externally | BD9: Exemplary All aspects defined in the criteria have been demonstrated with best practice that can be recommended externally | BE9: Exemplary All aspects defined in the criteria have been demonstrated with best practice that can be recommended externally | BF9: Exemplary All aspects defined in the criteria have been demonstrated with best practice that can be recommended externally | BG9: Exemplary All aspects defined in the criteria have been demonstrated with best practice that can be recommended externally | BH9: Exemplary All aspects defined in the criteria have been demonstrated with best practice that can be recommended externally | BI9: Exemplary All aspects defined in the criteria have been demonstrated with best practice that can be recommended externally | BJ9: Exemplary All aspects defined in the criteria have been demonstrated with best practice that can be recommended externally | BK9: Exemplary All aspects defined in the criteria have been demonstrated with best practice that can be recommended externally | BL9: Exemplary All aspects defined in the criteria have been demonstrated with best practice that can be recommended externally | BM9: Exemplary All aspects defined in the criteria have been demonstrated with best practice that can be recommended externally | BN9: Exemplary All aspects defined in the criteria have been demonstrated with best practice that can be recommended externally | BO9: Exemplary All aspects defined in the criteria have been demonstrated with best practice that can be recommended externally | BP9: Exemplary All aspects defined in the criteria have been demonstrated with best practice that can be recommended externally | BQ9: Exemplary All aspects defined in the criteria have been demonstrated with best practice that can be recommended externally | BR9: Exemplary All aspects defined in the criteria have been demonstrated with best practice that can be recommended externally
H10: =VLOOKUP(G10,$BA$5:$BR$9,3) -> #N/A
E11: =IF(AND(I9="",J9="",K9="",L9=""),"INPUT ERROR! Please provide remarks"," ") -> INPUT ERROR! Please provide remarks | AC11: =IF(G9="",FALSE,TRUE) -> FALSE | AD11: =AC11 -> FALSE | AE11: =IF($G$9="AL5",5,0) -> 0 | AF11: =IF($G$9="AL4",4,0) -> 0 | AG11: =IF($G$9="AL3",3,0) -> 0 | AH11: =IF($G$9="AL2",2,0) -> 0 | AI11: =IF($G$9="AL1",1,0) -> 0 | AJ11: =IF(AND(K9="",L9=""),TRUE,FALSE) -> TRUE | AK11: =IF(AND(K10="",L10=""),TRUE,FALSE) -> TRUE | AM11: =COUNTIF(AE11:AI11,0) -> 5 | AN11: =IF((E11=" "),TRUE,FALSE) -> FALSE | AO11: =COUNTIF(AE11:AI11,5) -> 0 | AP11: =COUNTIF(AE11:AI11,4) -> 0 | AQ11: =COUNTIF(AE11:AI11,2) -> 0 | AR11: =COUNTIF(AE11:AI11,1) -> 0 | AT11: =IF(G10="AL5",5,0) -> 0 | AU11: =IF(G10="AL4",4,0) -> 0 | AV11: =IF(G10="AL3",3,0) -> 0 | AW11: =IF(G10="AL2",2,0) -> 0 | AX11: =IF(G10="AL1",1,0) -> 0
D12: 1.1.3 | E12: The programme must state its programme learning outcomes, teaching-learning and assessment strategies and ensure constructive alignment between them. | H12: =VLOOKUP(G12,$BA$5:$BR$9,4) -> #N/A
H13: =VLOOKUP(G13,$BA$5:$BR$9,4) -> #N/A
E14: =IF(AND(I12="",J12="",K12="",L12=""),"INPUT ERROR! Please provide remarks"," ") -> INPUT ERROR! Please provide remarks | AD14: =IF(G12="",FALSE,TRUE) -> FALSE | AE14: =IF(G12="AL5",5,0) -> 0 | AF14: =IF(G12="AL4",4,0) -> 0 | AG14: =IF(G12="AL3",3,0) -> 0 | AH14: =IF(G12="AL2",2,0) -> 0 | AI14: =IF(G12="AL1",1,0) -> 0 | AJ14: =IF(AND(K12="",L12=""),TRUE,FALSE) -> TRUE | AK14: =IF(AND(K13="",L13=""),TRUE,FALSE) -> TRUE | AM14: =COUNTIF(AE14:AI14,0) -> 5 | AN14: =IF((E14=" "),TRUE,FALSE) -> FALSE | AO14: =COUNTIF(AE14:AI14,5) -> 0 | AP14: =COUNTIF(AE14:AI14,4) -> 0 | AQ14: =COUNTIF(AE14:AI14,2) -> 0 | AR14: =COUNTIF(AE14:AI14,1) -> 0 | AT14: =IF(G13="AL5",5,0) -> 0 | AU14: =IF(G13="AL4",4,0) -> 0 | AV14: =IF(G13="AL3",3,0) -> 0 | AW14: =IF(G13="AL2",2,0) -> 0 | AX14: =IF(G13="AL1",1,0) -> 0
D15: 1.1.4 | E15: The programme learning outcomes must support the development of relevant competencies which can be mapped to Malaysian Qualification Framework (MQF) learning domains as below: 1. Knowledge and understanding 2. Cognitive skills 3. Functional work skills with focus on: a. Practical Skills b. Interpersonal skills c. Communication skills d. Digital skills e. Numeracy skills f. Leadership, autonomy and responsibility 4. Personal and entrepreneurial skills 5. Ethics and professionalism. These outcomes and skills must address many interdependent areas, such as patient safety, patient-centredness, principles of equality and diversity, healthcare economics, operational perspectives and workforce safety. | H15: =VLOOKUP(G15,$BA$5:$BR$9,5) -> #N/A
H16: =VLOOKUP(G16,$BA$5:$BR$9,5) -> #N/A
E17: =IF(AND(I15="",J15="",K15="",L15=""),"INPUT ERROR! Please provide remarks"," ") -> INPUT ERROR! Please provide remarks | AD17: =IF(G15="",FALSE,TRUE) -> FALSE | AE17: =IF(G15="AL5",5,0) -> 0 | AF17: =IF(G15="AL4",4,0) -> 0 | AG17: =IF(G15="AL3",3,0) -> 0 | AH17: =IF(G15="AL2",2,0) -> 0 | AI17: =IF(G15="AL1",1,0) -> 0 | AJ17: =IF(AND(K15="",L15=""),TRUE,FALSE) -> TRUE | AK17: =IF(AND(K16="",L16=""),TRUE,FALSE) -> TRUE | AM17: =COUNTIF(AE17:AI17,0) -> 5 | AN17: =IF((E17=" "),TRUE,FALSE) -> FALSE | AO17: =COUNTIF(AE17:AI17,5) -> 0 | AP17: =COUNTIF(AE17:AI17,4) -> 0 | AQ17: =COUNTIF(AE17:AI17,2) -> 0 | AR17: =COUNTIF(AE17:AI17,1) -> 0 | AT17: =IF(G16="AL5",5,0) -> 0 | AU17: =IF(G16="AL4",4,0) -> 0 | AV17: =IF(G16="AL3",3,0) -> 0 | AW17: =IF(G16="AL2",2,0) -> 0 | AX17: =IF(G16="AL1",1,0) -> 0
D18: 1.1.5 | E18: The programme must state the required breadth and depth of experience to enable graduates to function as competent medical specialists and enable them to further sub-specialise | H18: =VLOOKUP(G18,$BA$5:$BR$9,6) -> #N/A
H19: =VLOOKUP(G19,$BA$5:$BR$9,6) -> #N/A
E20: =IF(AND(I18="",J18="",K18="",L18=""),"INPUT ERROR! Please provide remarks"," ") -> INPUT ERROR! Please provide remarks | AD20: =IF(G18="",FALSE,TRUE) -> FALSE | AE20: =IF(G18="AL5",5,0) -> 0 | AF20: =IF(G18="AL4",4,0) -> 0 | AG20: =IF(G18="AL3",3,0) -> 0 | AH20: =IF(G18="AL2",2,0) -> 0 | AI20: =IF(G18="AL1",1,0) -> 0 | AJ20: =IF(AND(K18="",L18=""),TRUE,FALSE) -> TRUE | AK20: =IF(AND(K19="",L19=""),TRUE,FALSE) -> TRUE | AM20: =COUNTIF(AE20:AI20,0) -> 5 | AN20: =IF((E20=" "),TRUE,FALSE) -> FALSE | AO20: =COUNTIF(AE20:AI20,5) -> 0 | AP20: =COUNTIF(AE20:AI20,4) -> 0 | AQ20: =COUNTIF(AE20:AI20,2) -> 0 | AR20: =COUNTIF(AE20:AI20,1) -> 0 | AT20: =IF(G19="AL5",5,0) -> 0 | AU20: =IF(G19="AL4",4,0) -> 0 | AV20: =IF(G19="AL3",3,0) -> 0 | AW20: =IF(G19="AL2",2,0) -> 0 | AX20: =IF(G19="AL1",1,0) -> 0
D22: 1.2 | E22: Programme Development: Process, Content, Structure and Teaching-Learning Methods | G22: Achievement Level (AL) | H22: AL Descriptor | I22: Strength | J22: Concern | K22: Opportunity For Improvement / Recommendation | L22: Steps taken to address the problem areas Actions specified by the Evaluation Panel or proposed action as specified by the department itself. Opportunity for Improvement (OFI)
D23: 1.2.1 | E23: The programme must state the resource requirements and governance structures to implement and sustain delivery of the curriculum. | H23: =VLOOKUP(G23,$BA$5:$BR$9,7) -> #N/A
H24: =VLOOKUP(G24,$BA$5:$BR$9,7) -> #N/A
E25: =IF(AND(I23="",J23="",K23="",L23=""),"INPUT ERROR! Please provide remarks"," ") -> INPUT ERROR! Please provide remarks | AC25: =IF(G23="",FALSE,TRUE) -> FALSE | AD25: =AC25 -> FALSE | AE25: =IF(G23="AL5",5,0) -> 0 | AF25: =IF(G23="AL4",4,0) -> 0 | AG25: =IF(G23="AL3",3,0) -> 0 | AH25: =IF(G23="AL2",2,0) -> 0 | AI25: =IF(G23="AL1",1,0) -> 0 | AJ25: =IF(AND(K23="",L23=""),TRUE,FALSE) -> TRUE | AK25: =IF(AND(K24="",L24=""),TRUE,FALSE) -> TRUE | AM25: =COUNTIF(AE25:AI25,0) -> 5 | AN25: =IF((E25=" "),TRUE,FALSE) -> FALSE | AO25: =COUNTIF(AE25:AI25,5) -> 0 | AP25: =COUNTIF(AE25:AI25,4) -> 0 | AQ25: =COUNTIF(AE25:AI25,2) -> 0 | AR25: =COUNTIF(AE25:AI25,1) -> 0 | AT25: =IF(G24="AL5",5,0) -> 0 | AU25: =IF(G24="AL4",4,0) -> 0 | AV25: =IF(G24="AL3",3,0) -> 0 | AW25: =IF(G24="AL2",2,0) -> 0 | AX25: =IF(G24="AL1",1,0) -> 0
D26: 1.2.2 | E26: The curriculum must be developed using appropriate experts and processes, leading to approval by the Malaysian Medical Council. | H26: =VLOOKUP(G26,$BA$5:$BR$9,8) -> #N/A
H27: =VLOOKUP(G27,$BA$5:$BR$9,8) -> #N/A
E28: =IF(AND(I26="",J26="",K26="",L26=""),"INPUT ERROR! Please provide remarks"," ") -> INPUT ERROR! Please provide remarks | AD28: =IF(G26="",FALSE,TRUE) -> FALSE | AE28: =IF(G26="AL5",5,0) -> 0 | AF28: =IF(G26="AL4",4,0) -> 0 | AG28: =IF(G26="AL3",3,0) -> 0 | AH28: =IF(G26="AL2",2,0) -> 0 | AI28: =IF(G26="AL1",1,0) -> 0 | AJ28: =IF(AND(K26="",L26=""),TRUE,FALSE) -> TRUE | AK28: =IF(AND(K27="",L27=""),TRUE,FALSE) -> TRUE | AM28: =COUNTIF(AE28:AI28,0) -> 5 | AN28: =IF((E28=" "),TRUE,FALSE) -> FALSE | AO28: =COUNTIF(AE28:AI28,5) -> 0 | AP28: =COUNTIF(AE28:AI28,4) -> 0 | AQ28: =COUNTIF(AE28:AI28,2) -> 0 | AR28: =COUNTIF(AE28:AI28,1) -> 0 | AT28: =IF(G27="AL5",5,0) -> 0 | AU28: =IF(G27="AL4",4,0) -> 0 | AV28: =IF(G27="AL3",3,0) -> 0 | AW28: =IF(G27="AL2",2,0) -> 0 | AX28: =IF(G27="AL1",1,0) -> 0
D29: 1.2.3 | E29: The programme must consult stakeholders (including educational experts, where appropriate) in the development of the curriculum. | H29: =VLOOKUP(G29,$BA$5:$BR$9,9) -> #N/A
H30: =VLOOKUP(G30,$BA$5:$BR$9,9) -> #N/A
E31: =IF(AND(I29="",J29="",K29="",L29=""),"INPUT ERROR! Please provide remarks"," ") -> INPUT ERROR! Please provide remarks | AD31: =IF(G29="",FALSE,TRUE) -> FALSE | AE31: =IF(G29="AL5",5,0) -> 0 | AF31: =IF(G29="AL4",4,0) -> 0 | AG31: =IF(G29="AL3",3,0) -> 0 | AH31: =IF(G29="AL2",2,0) -> 0 | AI31: =IF(G29="AL1",1,0) -> 0 | AJ31: =IF(AND(K29="",L29=""),TRUE,FALSE) -> TRUE | AK31: =IF(AND(K30="",L30=""),TRUE,FALSE) -> TRUE | AM31: =COUNTIF(AE31:AI31,0) -> 5 | AN31: =IF((E31=" "),TRUE,FALSE) -> FALSE | AO31: =COUNTIF(AE31:AI31,5) -> 0 | AP31: =COUNTIF(AE31:AI31,4) -> 0 | AQ31: =COUNTIF(AE31:AI31,2) -> 0 | AR31: =COUNTIF(AE31:AI31,1) -> 0 | AT31: =IF(G30="AL5",5,0) -> 0 | AU31: =IF(G30="AL4",4,0) -> 0 | AV31: =IF(G30="AL3",3,0) -> 0 | AW31: =IF(G30="AL2",2,0) -> 0 | AX31: =IF(G30="AL1",1,0) -> 0
D32: 1.2.4 | E32: The curriculum must show that the training covers all aspects of professional development including: i. the acquisition of relevant competencies ii. opportunities for trainer-trainee interactions for the application of principles of scientific method, analytical and critical thinking and value-based medicine iii. aspects of behavioral sciences, social sciences, medical ethics and medical law that are relevant to the practice of the specialty iv. training in patient safety and patient-centeredness v. planned contact with patients and communities in relevant healthcare settings+E35 vi. participation in health promotion and preventive medicine activities vii. healthcare economics including funding frameworks, cost of care and clinical decision-making This Standard is to be read with the Discipline-Specific Requirements. RATING FOR TABLE 2 | H32: =VLOOKUP(G32,$BA$5:$BR$9,10) -> #N/A
H33: =VLOOKUP(G33,$BA$5:$BR$9,10) -> #N/A
E34: =IF(AND(I32="",J32="",K32="",L32=""),"INPUT ERROR! Please provide remarks"," ") -> INPUT ERROR! Please provide remarks | AD34: =IF(G32="",FALSE,TRUE) -> FALSE | AE34: =IF(G32="AL5",5,0) -> 0 | AF34: =IF(G32="AL4",4,0) -> 0 | AG34: =IF(G32="AL3",3,0) -> 0 | AH34: =IF(G32="AL2",2,0) -> 0 | AI34: =IF(G32="AL1",1,0) -> 0 | AJ34: =IF(AND(K32="",L32=""),TRUE,FALSE) -> TRUE | AK34: =IF(AND(K33="",L33=""),TRUE,FALSE) -> TRUE | AM34: =COUNTIF(AE34:AI34,0) -> 5 | AN34: =IF((E34=" "),TRUE,FALSE) -> FALSE | AO34: =COUNTIF(AE34:AI34,5) -> 0 | AP34: =COUNTIF(AE34:AI34,4) -> 0 | AQ34: =COUNTIF(AE34:AI34,2) -> 0 | AR34: =COUNTIF(AE34:AI34,1) -> 0 | AT34: =IF(G33="AL5",5,0) -> 0 | AU34: =IF(G33="AL4",4,0) -> 0 | AV34: =IF(G33="AL3",3,0) -> 0 | AW34: =IF(G33="AL2",2,0) -> 0 | AX34: =IF(G33="AL1",1,0) -> 0
D35: 1.2.4 | E35: The curriculum must show that the training covers all aspects of professional development including: i. the acquisition of relevant competencies ii. opportunities for trainer-trainee interactions for the application of principles of scientific method, analytical and critical thinking and value-based medicine iii. aspects of behavioral sciences, social sciences, medical ethics and medical law that are relevant to the practice of the specialty iv. training in patient safety and patient-centeredness v. planned contact with patients and communities in relevant healthcare settings vi. participation in health promotion and preventive medicine activities vii. healthcare economics including funding frameworks, cost of care and clinical decision-making This Standard is to be read with the Discipline-Specific Requirement. RATING FOR TABLE 3 | H35: =VLOOKUP(G35,$BA$5:$BR$9,10) -> #N/A
H36: =VLOOKUP(G36,$BA$5:$BR$9,10) -> #N/A
E37: =IF(AND(I35="",J35="",K35="",L35=""),"INPUT ERROR! Please provide remarks"," ") -> INPUT ERROR! Please provide remarks | AD37: =IF(G35="",FALSE,TRUE) -> FALSE | AE37: =IF(G35="AL5",5,0) -> 0 | AF37: =IF(G35="AL4",4,0) -> 0 | AG37: =IF(G35="AL3",3,0) -> 0 | AH37: =IF(G35="AL2",2,0) -> 0 | AI37: =IF(G35="AL1",1,0) -> 0 | AJ37: =IF(AND(K35="",L35=""),TRUE,FALSE) -> TRUE | AK37: =IF(AND(K36="",L36=""),TRUE,FALSE) -> TRUE | AM37: =COUNTIF(AE37:AI37,0) -> 5 | AN37: =IF((E37=" "),TRUE,FALSE) -> FALSE | AO37: =COUNTIF(AE37:AI37,5) -> 0 | AP37: =COUNTIF(AE37:AI37,4) -> 0 | AQ37: =COUNTIF(AE37:AI37,2) -> 0 | AR37: =COUNTIF(AE37:AI37,1) -> 0 | AT37: =IF(G36="AL5",5,0) -> 0 | AU37: =IF(G36="AL4",4,0) -> 0 | AV37: =IF(G36="AL3",3,0) -> 0 | AW37: =IF(G36="AL2",2,0) -> 0 | AX37: =IF(G36="AL1",1,0) -> 0
D38: 1.2.4 | E38: The curriculum must show that the training covers all aspects of professional development including: i. the acquisition of relevant competencies ii. opportunities for trainer-trainee interactions for the application of principles of scientific method, analytical and critical thinking and value-based medicine iii. aspects of behavioral sciences, social sciences, medical ethics and medical law that are relevant to the practice of the specialty iv. training in patient safety and patient-centeredness v. planned contact with patients and communities in relevant healthcare settings vi. participation in health promotion and preventive medicine activities vii. healthcare economics including funding frameworks, cost of care and clinical decision-making This Standard is to be read with the Discipline-Specific Requirements. RATING FOR TABLE 4 | H38: =VLOOKUP(G38,$BA$5:$BR$9,10) -> #N/A
H39: =VLOOKUP(G39,$BA$5:$BR$9,10) -> #N/A
AD40: =IF(G38="",FALSE,TRUE) -> FALSE | AE40: =IF(G38="AL5",5,0) -> 0 | AF40: =IF(G38="AL4",4,0) -> 0 | AG40: =IF(G38="AL3",3,0) -> 0 | AH40: =IF(G38="AL2",2,0) -> 0 | AI40: =IF(G38="AL1",1,0) -> 0 | AJ40: =IF(AND(K38="",L38=""),TRUE,FALSE) -> TRUE | AK40: =IF(AND(K39="",L39=""),TRUE,FALSE) -> TRUE | AM40: =COUNTIF(AE40:AI40,0) -> 5 | AN40: =IF((E40=" "),TRUE,FALSE) -> FALSE | AO40: =COUNTIF(AE40:AI40,5) -> 0 | AP40: =COUNTIF(AE40:AI40,4) -> 0 | AQ40: =COUNTIF(AE40:AI40,2) -> 0 | AR40: =COUNTIF(AE40:AI40,1) -> 0 | AT40: =IF(G39="AL5",5,0) -> 0 | AU40: =IF(G39="AL4",4,0) -> 0 | AV40: =IF(G39="AL3",3,0) -> 0 | AW40: =IF(G39="AL2",2,0) -> 0 | AX40: =IF(G39="AL1",1,0) -> 0
D41: 1.2.5 | E41: The curriculum must detail appropriate and current teaching and learning methods relevant to the programme educational objectives and learning outcomes. | H41: =VLOOKUP(G41,$BA$5:$BR$9,11) -> #N/A
H42: =VLOOKUP(G42,$BA$5:$BR$9,11) -> #N/A
E43: =IF(AND(I41="",J41="",K41="",L41=""),"INPUT ERROR! Please provide remarks"," ") -> INPUT ERROR! Please provide remarks | AD43: =IF(G41="",FALSE,TRUE) -> FALSE | AE43: =IF(G41="AL5",5,0) -> 0 | AF43: =IF(G41="AL4",4,0) -> 0 | AG43: =IF(G41="AL3",3,0) -> 0 | AH43: =IF(G41="AL2",2,0) -> 0 | AI43: =IF(G41="AL1",1,0) -> 0 | AJ43: =IF(AND(K41="",L41=""),TRUE,FALSE) -> TRUE | AK43: =IF(AND(K42="",L42=""),TRUE,FALSE) -> TRUE | AM43: =COUNTIF(AE43:AI43,0) -> 5 | AN43: =IF((E43=" "),TRUE,FALSE) -> FALSE | AO43: =COUNTIF(AE43:AI43,5) -> 0 | AP43: =COUNTIF(AE43:AI43,4) -> 0 | AQ43: =COUNTIF(AE43:AI43,2) -> 0 | AR43: =COUNTIF(AE43:AI43,1) -> 0 | AT43: =IF(G42="AL5",5,0) -> 0 | AU43: =IF(G42="AL4",4,0) -> 0 | AV43: =IF(G42="AL3",3,0) -> 0 | AW43: =IF(G42="AL2",2,0) -> 0 | AX43: =IF(G42="AL1",1,0) -> 0
D44: 1.2.6 | E44: There must be co-curricular activities to enrich student experience, and to foster personal development and social responsibility. | H44: =VLOOKUP(G44,$BA$5:$BR$9,12) -> #N/A
H45: =VLOOKUP(G45,$BA$5:$BR$9,12) -> #N/A
D46: 1.3 | E46: Programme Delivery | G46: Achievement Level (AL) | H46: AL Descriptor | I46: Strength | J46: Concern | K46: Opportunity For Improvement / Recommendation | L46: Steps taken to address the problem areas Actions specified by the Evaluation Panel or proposed action as specified by the department itself. Opportunity for Improvement (OFI)
D47: 1.3.1 | E47: The educational training provider must take responsibility to ensure the effective delivery of programme learning outcomes. This includes specifying the amount of time spent in training and ensuring sufficient range of cases. | H47: =VLOOKUP(G47,$BA$5:$BR$9,13) -> #N/A
H48: =VLOOKUP(G48,$BA$5:$BR$9,13) -> #N/A
E49: =IF(AND(I47="",J47="",K47="",L47=""),"INPUT ERROR! Please provide remarks"," ") -> INPUT ERROR! Please provide remarks | AD49: =IF(G47="",FALSE,TRUE) -> FALSE | AE49: =IF(G47="AL5",5,0) -> 0 | AF49: =IF(G47="AL4",4,0) -> 0 | AG49: =IF(G47="AL3",3,0) -> 0 | AH49: =IF(G47="AL2",2,0) -> 0 | AI49: =IF(G47="AL1",1,0) -> 0 | AJ49: =IF(AND(K47="",L47=""),TRUE,FALSE) -> TRUE | AK49: =IF(AND(K48="",L48=""),TRUE,FALSE) -> TRUE | AM49: =COUNTIF(AE49:AI49,0) -> 5 | AN49: =IF((E49=" "),TRUE,FALSE) -> FALSE | AO49: =COUNTIF(AE49:AI49,5) -> 0 | AP49: =COUNTIF(AE49:AI49,4) -> 0 | AQ49: =COUNTIF(AE49:AI49,2) -> 0 | AR49: =COUNTIF(AE49:AI49,1) -> 0 | AT49: =IF(G48="AL5",5,0) -> 0 | AU49: =IF(G48="AL4",4,0) -> 0 | AV49: =IF(G48="AL3",3,0) -> 0 | AW49: =IF(G48="AL2",2,0) -> 0 | AX49: =IF(G48="AL1",1,0) -> 0
D50: 1.3.2 | E50: Trainees must be provided with and briefed on current information about the objectives, structure, outline, schedule, learning outcomes and methods of assessment of the programme at the commencement of their studies. | H50: =VLOOKUP(G50,$BA$5:$BR$9,14) -> #N/A
H51: =VLOOKUP(G51,$BA$5:$BR$9,14) -> #N/A
E52: =IF(AND(I50="",J50="",K50="",L50=""),"INPUT ERROR! Please provide remarks"," ") -> INPUT ERROR! Please provide remarks | AD52: =IF(G50="",FALSE,TRUE) -> FALSE | AE52: =IF(G50="AL5",5,0) -> 0 | AF52: =IF(G50="AL4",4,0) -> 0 | AG52: =IF(G50="AL3",3,0) -> 0 | AH52: =IF(G50="AL2",2,0) -> 0 | AI52: =IF(G50="AL1",1,0) -> 0 | AJ52: =IF(AND(K50="",L50=""),TRUE,FALSE) -> TRUE | AK52: =IF(AND(K51="",L51=""),TRUE,FALSE) -> TRUE | AM52: =COUNTIF(AE52:AI52,0) -> 5 | AN52: =IF((E52=" "),TRUE,FALSE) -> FALSE | AO52: =COUNTIF(AE52:AI52,5) -> 0 | AP52: =COUNTIF(AE52:AI52,4) -> 0 | AQ52: =COUNTIF(AE52:AI52,2) -> 0 | AR52: =COUNTIF(AE52:AI52,1) -> 0 | AT52: =IF(G51="AL5",5,0) -> 0 | AU52: =IF(G51="AL4",4,0) -> 0 | AV52: =IF(G51="AL3",3,0) -> 0 | AW52: =IF(G51="AL2",2,0) -> 0 | AX52: =IF(G51="AL1",1,0) -> 0
D53: 1.3.3 | E53: The programme must have a programme committee with adequate authority for the effective delivery of the programme. | H53: =VLOOKUP(G53,$BA$5:$BR$9,15) -> #N/A
H54: =VLOOKUP(G54,$BA$5:$BR$9,15) -> #N/A
E55: =IF(AND(I53="",J53="",K53="",L53=""),"INPUT ERROR! Please provide remarks"," ") -> INPUT ERROR! Please provide remarks | AD55: =IF(G53="",FALSE,TRUE) -> FALSE | AE55: =IF(G53="AL5",5,0) -> 0 | AF55: =IF(G53="AL4",4,0) -> 0 | AG55: =IF(G53="AL3",3,0) -> 0 | AH55: =IF(G53="AL2",2,0) -> 0 | AI55: =IF(G53="AL1",1,0) -> 0 | AJ55: =IF(AND(K53="",L53=""),TRUE,FALSE) -> TRUE | AK55: =IF(AND(K54="",L54=""),TRUE,FALSE) -> TRUE | AM55: =COUNTIF(AE55:AI55,0) -> 5 | AN55: =IF((E55=" "),TRUE,FALSE) -> FALSE | AO55: =COUNTIF(AE55:AI55,5) -> 0 | AP55: =COUNTIF(AE55:AI55,4) -> 0 | AQ55: =COUNTIF(AE55:AI55,2) -> 0 | AR55: =COUNTIF(AE55:AI55,1) -> 0 | AT55: =IF(G54="AL5",5,0) -> 0 | AU55: =IF(G54="AL4",4,0) -> 0 | AV55: =IF(G54="AL3",3,0) -> 0 | AW55: =IF(G54="AL2",2,0) -> 0 | AX55: =IF(G54="AL1",1,0) -> 0
D56: 1.3.4 | E56: The educational training provider must provide trainees with a conducive learning environment and mentoring system. | H56: =VLOOKUP(G56,$BA$5:$BR$9,16) -> #N/A
H57: =VLOOKUP(G57,$BA$5:$BR$9,16) -> #N/A
E58: =IF(AND(I56="",J56="",K56="",L56=""),"INPUT ERROR! Please provide remarks"," ") -> INPUT ERROR! Please provide remarks | AD58: =IF(G56="",FALSE,TRUE) -> FALSE | AE58: =IF(G56="AL5",5,0) -> 0 | AF58: =IF(G56="AL4",4,0) -> 0 | AG58: =IF(G56="AL3",3,0) -> 0 | AH58: =IF(G56="AL2",2,0) -> 0 | AI58: =IF(G56="AL1",1,0) -> 0 | AJ58: =IF(AND(K56="",L56=""),TRUE,FALSE) -> TRUE | AK58: =IF(AND(K57="",L57=""),TRUE,FALSE) -> TRUE | AM58: =COUNTIF(AE58:AI58,0) -> 5 | AN58: =IF((E58=" "),TRUE,FALSE) -> FALSE | AO58: =COUNTIF(AE58:AI58,5) -> 0 | AP58: =COUNTIF(AE58:AI58,4) -> 0 | AQ58: =COUNTIF(AE58:AI58,2) -> 0 | AR58: =COUNTIF(AE58:AI58,1) -> 0 | AT58: =IF(G57="AL5",5,0) -> 0 | AU58: =IF(G57="AL4",4,0) -> 0 | AV58: =IF(G57="AL3",3,0) -> 0 | AW58: =IF(G57="AL2",2,0) -> 0 | AX58: =IF(G57="AL1",1,0) -> 0
D59: 1.3.5 | E59: The educational training provider must encourage innovations in teaching, learning and assessment. | H59: =VLOOKUP(G59,$BA$5:$BR$9,17) -> #N/A
H60: =VLOOKUP(G60,$BA$5:$BR$9,17) -> #N/A
E61: =IF(AND(I59="",J59="",K59="",L59=""),"INPUT ERROR! Please provide remarks"," ") -> INPUT ERROR! Please provide remarks | AD61: =IF(G59="",FALSE,TRUE) -> FALSE | AE61: =IF(G59="AL5",5,0) -> 0 | AF61: =IF(G59="AL4",4,0) -> 0 | AG61: =IF(G59="AL3",3,0) -> 0 | AH61: =IF(G59="AL2",2,0) -> 0 | AI61: =IF(G59="AL1",1,0) -> 0 | AJ61: =IF(AND(K59="",L59=""),TRUE,FALSE) -> TRUE | AK61: =IF(AND(K60="",L60=""),TRUE,FALSE) -> TRUE | AM61: =COUNTIF(AE61:AI61,0) -> 5 | AN61: =IF((E61=" "),TRUE,FALSE) -> FALSE | AO61: =COUNTIF(AE61:AI61,5) -> 0 | AP61: =COUNTIF(AE61:AI61,4) -> 0 | AQ61: =COUNTIF(AE61:AI61,2) -> 0 | AR61: =COUNTIF(AE61:AI61,1) -> 0 | AT61: =IF(G60="AL5",5,0) -> 0 | AU61: =IF(G60="AL4",4,0) -> 0 | AV61: =IF(G60="AL3",3,0) -> 0 | AW61: =IF(G60="AL2",2,0) -> 0 | AX61: =IF(G60="AL1",1,0) -> 0
D62: 1.3.6 | E62: The educational training provider must obtain feedback from stakeholders to improve the delivery of the programme outcomes. | H62: =VLOOKUP(G62,$BA$5:$BR$9,18) -> #N/A
H63: =VLOOKUP(G63,$BA$5:$BR$9,18) -> #N/A
E64: =IF(AND(I62="",J62="",K62="",L62=""),"INPUT ERROR! Please provide remarks"," ") -> INPUT ERROR! Please provide remarks | AD64: =IF(G62="",FALSE,TRUE) -> FALSE | AE64: =IF(G62="AL5",5,0) -> 0 | AF64: =IF(G62="AL4",4,0) -> 0 | AG64: =IF(G62="AL3",3,0) -> 0 | AH64: =IF(G62="AL2",2,0) -> 0 | AI64: =IF(G62="AL1",1,0) -> 0 | AJ64: =IF(AND(K62="",L62=""),TRUE,FALSE) -> TRUE | AK64: =IF(AND(K63="",L63=""),TRUE,FALSE) -> TRUE | AM64: =COUNTIF(AE64:AI64,0) -> 5 | AN64: =IF((E64=" "),TRUE,FALSE) -> FALSE | AO64: =COUNTIF(AE64:AI64,5) -> 0 | AP64: =COUNTIF(AE64:AI64,4) -> 0 | AQ64: =COUNTIF(AE64:AI64,2) -> 0 | AR64: =COUNTIF(AE64:AI64,1) -> 0 | AT64: =IF(G63="AL5",5,0) -> 0 | AU64: =IF(G63="AL4",4,0) -> 0 | AV64: =IF(G63="AL3",3,0) -> 0 | AW64: =IF(G63="AL2",2,0) -> 0 | AX64: =IF(G63="AL1",1,0) -> 0
AD67: =IF(AND(AD8:AD64,AN8:AN64),TRUE,FALSE) -> FALSE | AJ67: =IF(AND(AJ8:AJ65),TRUE,FALSE) -> TRUE | AK67: =IF(AND(AK8:AK65),TRUE,FALSE) -> TRUE
AD69: =COUNTA(AD8:AD64) -> 18 | AE69: =COUNTIF(AE8:AE64,5) -> 0 | AF69: =COUNTIF(AF8:AF64,4) -> 0 | AG69: =COUNTIF(AG8:AG64,3) -> 0 | AH69: =COUNTIF(AH8:AH64,2) -> 0 | AI69: =COUNTIF(AI8:AI64,1) -> 0 | AT69: =COUNTIF(AT8:AT64,5) -> 0 | AU69: =COUNTIF(AU8:AU64,4) -> 0 | AV69: =COUNTIF(AV8:AV64,3) -> 0 | AW69: =COUNTIF(AW8:AW64,2) -> 0 | AX69: =COUNTIF(AX8:AX64,1) -> 0

Sheet Sheet1 (2)
H1: Evaluation Instrument for Medical Specialist Training Programme
H2: Malaysian Medical Council (MMC)
G4: AREA 2: ASSESSMENT OF STUDENT LEARNING
D5: 2.1 | E5: Relationship between Assessment and Learning Outcomes | G5: Achievement Level (AL) | H5: AL Descriptor | I5: Strength | J5: Concern | K5: Opportunity For Improvement / Recommendation | L5: Steps taken to address the problem areas Actions specified by the Evaluation Panel or proposed action as specified by the department itself. Opportunity for Improvement (OFI) | AD5: √ | BA5: AL1 | BB5: Highly unsatisfactory None of the aspect defined in the criteria have been demonstrated | BC5: Highly unsatisfactory None of the aspect defined in the criteria have been demonstrated | BD5: Highly unsatisfactory None of the aspect defined in the criteria have been demonstrated | BE5: Highly unsatisfactory None of the aspect defined in the criteria have been demonstrated | BF5: Highly unsatisfactory None of the aspect defined in the criteria have been demonstrated | BG5: Highly unsatisfactory None of the aspect defined in the criteria have been demonstrated | BH5: Highly unsatisfactory None of the aspect defined in the criteria have been demonstrated | BI5: Highly unsatisfactory None of the aspect defined in the criteria have been demonstrated | BJ5: Highly unsatisfactory None of the aspect defined in the criteria have been demonstrated | BK5: Highly unsatisfactory None of the aspect defined in the criteria have been demonstrated | BL5: Highly unsatisfactory None of the aspect defined in the criteria have been demonstrated
D6: 2.1.1 | E6: Assessment principles, methods and practices must be aligned to the learning outcomes and curriculum of the programme, to enable progressive judgements to be made about trainees’ preparedness for independent specialist practice. | H6: =VLOOKUP(G6,$BA$5:$BR$14,2) -> #N/A | BA6: AL2 | BB6: Unsatisfactory Some aspects defined in the criteria have been demonstrated | BC6: Unsatisfactory Some aspects defined in the criteria have been demonstrated | BD6: Unsatisfactory Some aspects defined in the criteria have been demonstrated | BE6: Unsatisfactory Some aspects defined in the criteria have been demonstrated | BF6: Unsatisfactory Some aspects defined in the criteria have been demonstrated | BG6: Unsatisfactory Some aspects defined in the criteria have been demonstrated | BH6: Unsatisfactory Some aspects defined in the criteria have been demonstrated | BI6: Unsatisfactory Some aspects defined in the criteria have been demonstrated | BJ6: Unsatisfactory Some aspects defined in the criteria have been demonstrated | BK6: Unsatisfactory Some aspects defined in the criteria have been demonstrated | BL6: Unsatisfactory Some aspects defined in the criteria have been demonstrated
H7: =VLOOKUP(G7,$BA$5:$BR$14,2) -> #N/A | BA7: AL3 | BB7: Satisfactory All aspects defined in the criteria have been demonstrated | BC7: Satisfactory All aspects defined in the criteria have been demonstrated | BD7: Satisfactory All aspects defined in the criteria have been demonstrated | BE7: Satisfactory All aspects defined in the criteria have been demonstrated | BF7: Satisfactory All aspects defined in the criteria have been demonstrated | BG7: Satisfactory All aspects defined in the criteria have been demonstrated | BH7: Satisfactory All aspects defined in the criteria have been demonstrated | BI7: Satisfactory All aspects defined in the criteria have been demonstrated | BJ7: Satisfactory All aspects defined in the criteria have been demonstrated | BK7: Satisfactory All aspects defined in the criteria have been demonstrated | BL7: Satisfactory All aspects defined in the criteria have been demonstrated
E8: =IF(AND(I6="",J6="",K6="",L6=""),"INPUT ERROR! Please provide remarks"," ") -> INPUT ERROR! Please provide remarks | AD8: =IF(G6="",FALSE,TRUE) -> FALSE | AE8: =IF(G6="AL5",5,0) -> 0 | AF8: =IF(G6="AL4",4,0) -> 0 | AG8: =IF(G6="AL3",3,0) -> 0 | AH8: =IF(G6="AL2",2,0) -> 0 | AI8: =IF(G6="AL1",1,0) -> 0 | AJ8: =IF(AND(K6="",L6=""),TRUE,FALSE) -> TRUE | AK8: =IF(AND(K7="",L7=""),TRUE,FALSE) -> TRUE | AM8: =COUNTIF(AE8:AI8,0) -> 5 | AN8: =IF((E8=" "),TRUE,FALSE) -> FALSE | AO8: =COUNTIF(AE8:AI8,5) -> 0 | AP8: =COUNTIF(AE8:AI8,4) -> 0 | AQ8: =COUNTIF(AE8:AI8,2) -> 0 | AR8: =COUNTIF(AE8:AI8,1) -> 0 | AT8: =IF(G7="AL5",5,0) -> 0 | AU8: =IF(G7="AL4",4,0) -> 0 | AV8: =IF(G7="AL3",3,0) -> 0 | AW8: =IF(G7="AL2",2,0) -> 0 | AX8: =IF(G7="AL1",1,0) -> 0 | BA8: AL4 | BB8: Highly satisfactory All aspects defined in the criteria have been demonstrated with some examples of best practice | BC8: Highly satisfactory All aspects defined in the criteria have been demonstrated with some examples of best practice | BD8: Highly satisfactory All aspects defined in the criteria have been demonstrated with some examples of best practice | BE8: Highly satisfactory All aspects defined in the criteria have been demonstrated with some examples of best practice | BF8: Highly satisfactory All aspects defined in the criteria have been demonstrated with some examples of best practice | BG8: Highly satisfactory All aspects defined in the criteria have been demonstrated with some examples of best practice | BH8: Highly satisfactory All aspects defined in the criteria have been demonstrated with some examples of best practice | BI8: Highly satisfactory All aspects defined in the criteria have been demonstrated with some examples of best practice | BJ8: Highly satisfactory All aspects defined in the criteria have been demonstrated with some examples of best practice | BK8: Highly satisfactory All aspects defined in the criteria have been demonstrated with some examples of best practice | BL8: Highly satisfactory All aspects defined in the criteria have been demonstrated with some examples of best practice
D9: 2.1.2 | E9: The alignment between assessment and the learning outcomes of the programme must be systematically and regularly reviewed to ensure its effectiveness. | H9: =VLOOKUP(G9,$BA$5:$BR$14,3) -> #N/A | BA9: AL5 | BB9: Exemplary All aspects defined in the criteria have been demonstrated with best practice that can be recommended externally | BC9: Exemplary All aspects defined in the criteria have been demonstrated with best practice that can be recommended externally | BD9: Exemplary All aspects defined in the criteria have been demonstrated with best practice that can be recommended externally | BE9: Exemplary All aspects defined in the criteria have been demonstrated with best practice that can be recommended externally | BF9: Exemplary All aspects defined in the criteria have been demonstrated with best practice that can be recommended externally | BG9: Exemplary All aspects defined in the criteria have been demonstrated with best practice that can be recommended externally | BH9: Exemplary All aspects defined in the criteria have been demonstrated with best practice that can be recommended externally | BI9: Exemplary All aspects defined in the criteria have been demonstrated with best practice that can be recommended externally | BJ9: Exemplary All aspects defined in the criteria have been demonstrated with best practice that can be recommended externally | BK9: Exemplary All aspects defined in the criteria have been demonstrated with best practice that can be recommended externally | BL9: Exemplary All aspects defined in the criteria have been demonstrated with best practice that can be recommended externally
H10: =VLOOKUP(G10,$BA$5:$BR$14,3) -> #N/A
E11: =IF(AND(I9="",J9="",K9="",L9=""),"INPUT ERROR! Please provide remarks"," ") -> INPUT ERROR! Please provide remarks | AD11: =IF(G9="",FALSE,TRUE) -> FALSE | AE11: =IF(G9="AL5",5,0) -> 0 | AF11: =IF(G9="AL4",4,0) -> 0 | AG11: =IF(G9="AL3",3,0) -> 0 | AH11: =IF(G9="AL2",2,0) -> 0 | AI11: =IF(G9="AL1",1,0) -> 0 | AJ11: =IF(AND(K9="",L9=""),TRUE,FALSE) -> TRUE | AK11: =IF(AND(K10="",L10=""),TRUE,FALSE) -> TRUE | AM11: =COUNTIF(AE11:AI11,0) -> 5 | AN11: =IF((E11=" "),TRUE,FALSE) -> FALSE | AO11: =COUNTIF(AE11:AI11,5) -> 0 | AP11: =COUNTIF(AE11:AI11,4) -> 0 | AQ11: =COUNTIF(AE11:AI11,2) -> 0 | AR11: =COUNTIF(AE11:AI11,1) -> 0 | AT11: =IF(G10="AL5",5,0) -> 0 | AU11: =IF(G10="AL4",4,0) -> 0 | AV11: =IF(G10="AL3",3,0) -> 0 | AW11: =IF(G10="AL2",2,0) -> 0 | AX11: =IF(G10="AL1",1,0) -> 0
D12: 2.1.3 | E12: The assessment requirements for progress and completion must be clearly documented. These documents must be accessible to all staff, supervisors and trainees. | H12: =VLOOKUP(G12,$BA$5:$BR$14,3) -> #N/A
H13: =VLOOKUP(G13,$BA$5:$BR$14,3) -> #N/A
E14: =IF(AND(I12="",J12="",K12="",L12=""),"INPUT ERROR! Please provide remarks"," ") -> INPUT ERROR! Please provide remarks | AD14: =IF(G12="",FALSE,TRUE) -> FALSE | AE14: =IF(G12="AL5",5,0) -> 0 | AF14: =IF(G12="AL4",4,0) -> 0 | AG14: =IF(G12="AL3",3,0) -> 0 | AH14: =IF(G12="AL2",2,0) -> 0 | AI14: =IF(G12="AL1",1,0) -> 0 | AJ14: =IF(AND(K12="",L12=""),TRUE,FALSE) -> TRUE | AK14: =IF(AND(K13="",L13=""),TRUE,FALSE) -> TRUE | AM14: =COUNTIF(AE14:AI14,0) -> 5 | AN14: =IF((E14=" "),TRUE,FALSE) -> FALSE | AO14: =COUNTIF(AE14:AI14,5) -> 0 | AP14: =COUNTIF(AE14:AI14,4) -> 0 | AQ14: =COUNTIF(AE14:AI14,2) -> 0 | AR14: =COUNTIF(AE14:AI14,1) -> 0 | AT14: =IF(G13="AL5",5,0) -> 0 | AU14: =IF(G13="AL4",4,0) -> 0 | AV14: =IF(G13="AL3",3,0) -> 0 | AW14: =IF(G13="AL2",2,0) -> 0 | AX14: =IF(G13="AL1",1,0) -> 0
E15: .
D16: 2.2 | E16: Assessment Methods | G16: Achievement Level (AL) | H16: AL Descriptor | I16: Strength | J16: Concern | K16: Opportunity For Improvement / Recommendation | L16: Steps taken to address the problem areas Actions specified by the Evaluation Panel or proposed action as specified by the department itself. Opportunity for Improvement (OFI)
D17: 2.2.1 | E17: There must be a variety of methods and tools that are appropriate for the assessment of learning outcomes, competencies and entrustable professional activities. This Standard is to be read with the Discipline-Specific Requirements. | H17: =VLOOKUP(G17,$BA$5:$BR$14,4) -> #N/A
H18: =VLOOKUP(G18,$BA$5:$BR$14,4) -> #N/A
E19: =IF(AND(I17="",J17="",K17="",L17=""),"INPUT ERROR! Please provide remarks"," ") -> INPUT ERROR! Please provide remarks | AD19: =IF(G17="",FALSE,TRUE) -> FALSE | AE19: =IF(G17="AL5",5,0) -> 0 | AF19: =IF(G17="AL4",4,0) -> 0 | AG19: =IF(G17="AL3",3,0) -> 0 | AH19: =IF(G17="AL2",2,0) -> 0 | AI19: =IF(G17="AL1",1,0) -> 0 | AJ19: =IF(AND(K17="",L17=""),TRUE,FALSE) -> TRUE | AK19: =IF(AND(K18="",L18=""),TRUE,FALSE) -> TRUE | AM19: =COUNTIF(AE19:AI19,0) -> 5 | AN19: =IF((E19=" "),TRUE,FALSE) -> FALSE | AO19: =COUNTIF(AE19:AI19,5) -> 0 | AP19: =COUNTIF(AE19:AI19,4) -> 0 | AQ19: =COUNTIF(AE19:AI19,2) -> 0 | AR19: =COUNTIF(AE19:AI19,1) -> 0 | AT19: =IF(G18="AL5",5,0) -> 0 | AU19: =IF(G18="AL4",4,0) -> 0 | AV19: =IF(G18="AL3",3,0) -> 0 | AW19: =IF(G18="AL2",2,0) -> 0 | AX19: =IF(G18="AL1",1,0) -> 0
D20: 2.2.2 | E20: The programme must have a blueprint to guide assessment through each stage of the specialty medical programme. | H20: =VLOOKUP(G20,$BA$5:$BR$14,5) -> #N/A
H21: =VLOOKUP(G21,$BA$5:$BR$14,5) -> #N/A
E22: =IF(AND(I20="",J20="",K20="",L20=""),"INPUT ERROR! Please provide remarks"," ") -> INPUT ERROR! Please provide remarks | AD22: =IF(G20="",FALSE,TRUE) -> FALSE | AE22: =IF(G20="AL5",5,0) -> 0 | AF22: =IF(G20="AL4",4,0) -> 0 | AG22: =IF(G20="AL3",3,0) -> 0 | AH22: =IF(G20="AL2",2,0) -> 0 | AI22: =IF(G20="AL1",1,0) -> 0 | AJ22: =IF(AND(K20="",L20=""),TRUE,FALSE) -> TRUE | AK22: =IF(AND(K21="",L21=""),TRUE,FALSE) -> TRUE | AM22: =COUNTIF(AE22:AI22,0) -> 5 | AN22: =IF((E22=" "),TRUE,FALSE) -> FALSE | AO22: =COUNTIF(AE22:AI22,5) -> 0 | AP22: =COUNTIF(AE22:AI22,4) -> 0 | AQ22: =COUNTIF(AE22:AI22,2) -> 0 | AR22: =COUNTIF(AE22:AI22,1) -> 0 | AT22: =IF(G21="AL5",5,0) -> 0 | AU22: =IF(G21="AL4",4,0) -> 0 | AV22: =IF(G21="AL3",3,0) -> 0 | AW22: =IF(G21="AL2",2,0) -> 0 | AX22: =IF(G21="AL1",1,0) -> 0
D23: 2.2.3 | E23: Formative and summative assessment methods must be employed. | H23: =VLOOKUP(G23,$BA$5:$BR$14,6) -> #N/A
H24: =VLOOKUP(G24,$BA$5:$BR$14,6) -> #N/A
E25: =IF(AND(I23="",J23="",K23="",L23=""),"INPUT ERROR! Please provide remarks"," ") -> INPUT ERROR! Please provide remarks | AD25: =IF(G23="",FALSE,TRUE) -> FALSE | AE25: =IF(G23="AL5",5,0) -> 0 | AF25: =IF(G23="AL4",4,0) -> 0 | AG25: =IF(G23="AL3",3,0) -> 0 | AH25: =IF(G23="AL2",2,0) -> 0 | AI25: =IF(G23="AL1",1,0) -> 0 | AJ25: =IF(AND(K23="",L23=""),TRUE,FALSE) -> TRUE | AK25: =IF(AND(K24="",L24=""),TRUE,FALSE) -> TRUE | AM25: =COUNTIF(AE25:AI25,0) -> 5 | AN25: =IF((E25=" "),TRUE,FALSE) -> FALSE | AO25: =COUNTIF(AE25:AI25,5) -> 0 | AP25: =COUNTIF(AE25:AI25,4) -> 0 | AQ25: =COUNTIF(AE25:AI25,2) -> 0 | AR25: =COUNTIF(AE25:AI25,1) -> 0 | AT25: =IF(G24="AL5",5,0) -> 0 | AU25: =IF(G24="AL4",4,0) -> 0 | AV25: =IF(G24="AL3",3,0) -> 0 | AW25: =IF(G24="AL2",2,0) -> 0 | AX25: =IF(G24="AL1",1,0) -> 0
D26: 2.2.4 | E26: Assessment methods must be reliable, valid, current and fair. | H26: =VLOOKUP(G26,$BA$5:$BR$14,7) -> #N/A
H27: =VLOOKUP(G27,$BA$5:$BR$14,7) -> #N/A
E28: =IF(AND(I26="",J26="",K26="",L26=""),"INPUT ERROR! Please provide remarks"," ") -> INPUT ERROR! Please provide remarks | AD28: =IF(G26="",FALSE,TRUE) -> FALSE | AE28: =IF(G26="AL5",5,0) -> 0 | AF28: =IF(G26="AL4",4,0) -> 0 | AG28: =IF(G26="AL3",3,0) -> 0 | AH28: =IF(G26="AL2",2,0) -> 0 | AI28: =IF(G26="AL1",1,0) -> 0 | AJ28: =IF(AND(K26="",L26=""),TRUE,FALSE) -> TRUE | AK28: =IF(AND(K27="",L27=""),TRUE,FALSE) -> TRUE | AM28: =COUNTIF(AE28:AI28,0) -> 5 | AN28: =IF((E28=" "),TRUE,FALSE) -> FALSE | AO28: =COUNTIF(AE28:AI28,5) -> 0 | AP28: =COUNTIF(AE28:AI28,4) -> 0 | AQ28: =COUNTIF(AE28:AI28,2) -> 0 | AR28: =COUNTIF(AE28:AI28,1) -> 0 | AT28: =IF(G27="AL5",5,0) -> 0 | AU28: =IF(G27="AL4",4,0) -> 0 | AV28: =IF(G27="AL3",3,0) -> 0 | AW28: =IF(G27="AL2",2,0) -> 0 | AX28: =IF(G27="AL1",1,0) -> 0
D29: 2.2.5 | E29: The frequency, methods, and criteria of trainee assessment - including the grading system and appeal policies - must be documented and communicated to trainees on the commencement of the programme. | H29: =VLOOKUP(G29,$BA$5:$BR$14,7) -> #N/A
H30: =VLOOKUP(G30,$BA$5:$BR$14,7) -> #N/A
E31: =IF(AND(I29="",J29="",K29="",L29=""),"INPUT ERROR! Please provide remarks"," ") -> INPUT ERROR! Please provide remarks | AD31: =IF(G29="",FALSE,TRUE) -> FALSE | AE31: =IF(G29="AL5",5,0) -> 0 | AF31: =IF(G29="AL4",4,0) -> 0 | AG31: =IF(G29="AL3",3,0) -> 0 | AH31: =IF(G29="AL2",2,0) -> 0 | AI31: =IF(G29="AL1",1,0) -> 0 | AJ31: =IF(AND(K29="",L29=""),TRUE,FALSE) -> TRUE | AK31: =IF(AND(K30="",L30=""),TRUE,FALSE) -> TRUE | AM31: =COUNTIF(AE31:AI31,0) -> 5 | AN31: =IF((E31=" "),TRUE,FALSE) -> FALSE | AO31: =COUNTIF(AE31:AI31,5) -> 0 | AP31: =COUNTIF(AE31:AI31,4) -> 0 | AQ31: =COUNTIF(AE31:AI31,2) -> 0 | AR31: =COUNTIF(AE31:AI31,1) -> 0 | AT31: =IF(G30="AL5",5,0) -> 0 | AU31: =IF(G30="AL4",4,0) -> 0 | AV31: =IF(G30="AL3",3,0) -> 0 | AW31: =IF(G30="AL2",2,0) -> 0 | AX31: =IF(G30="AL1",1,0) -> 0
D32: 2.2.6 | E32: Changes to assessment methods must follow established procedures and regulations and be communicated to trainees prior to their implementation. | H32: =VLOOKUP(G32,$BA$5:$BR$14,7) -> #N/A
H33: =VLOOKUP(G33,$BA$5:$BR$14,7) -> #N/A
E34: =IF(AND(I32="",J32="",K32="",L32=""),"INPUT ERROR! Please provide remarks"," ") -> INPUT ERROR! Please provide remarks | AD34: =IF(G32="",FALSE,TRUE) -> FALSE | AE34: =IF(G32="AL5",5,0) -> 0 | AF34: =IF(G32="AL4",4,0) -> 0 | AG34: =IF(G32="AL3",3,0) -> 0 | AH34: =IF(G32="AL2",2,0) -> 0 | AI34: =IF(G32="AL1",1,0) -> 0 | AJ34: =IF(AND(K32="",L32=""),TRUE,FALSE) -> TRUE | AK34: =IF(AND(K33="",L33=""),TRUE,FALSE) -> TRUE | AM34: =COUNTIF(AE34:AI34,0) -> 5 | AN34: =IF((E34=" "),TRUE,FALSE) -> FALSE | AO34: =COUNTIF(AE34:AI34,5) -> 0 | AP34: =COUNTIF(AE34:AI34,4) -> 0 | AQ34: =COUNTIF(AE34:AI34,2) -> 0 | AR34: =COUNTIF(AE34:AI34,1) -> 0 | AT34: =IF(G33="AL5",5,0) -> 0 | AU34: =IF(G33="AL4",4,0) -> 0 | AV34: =IF(G33="AL3",3,0) -> 0 | AW34: =IF(G33="AL2",2,0) -> 0 | AX34: =IF(G33="AL1",1,0) -> 0
D36: 2.3 | E36: Management of Student Assessment | G36: Achievement Level (AL) | H36: AL Descriptor | I36: Strength | J36: Concern | K36: Opportunity For Improvement / Recommendation | L36: Steps taken to address the problem areas Actions specified by the Evaluation Panel or proposed action as specified by the department itself. Opportunity for Improvement (OFI)
D37: 2.3.1 | E37: The educational training provider must have an adequate level of autonomy in making decisions pertaining to trainee assessments within the context of the approved curriculum. | H37: =VLOOKUP(G37,$BA$5:$BR$14,8) -> #N/A
H38: =VLOOKUP(G38,$BA$5:$BR$14,8) -> #N/A
E39: =IF(AND(I37="",J37="",K37="",L37=""),"INPUT ERROR! Please provide remarks"," ") -> INPUT ERROR! Please provide remarks | AC39: =IF(G37="",FALSE,TRUE) -> FALSE | AD39: TRUE | AE39: =IF(G37="AL5",5,0) -> 0 | AF39: =IF(G37="AL4",4,0) -> 0 | AG39: =IF(G37="AL3",3,0) -> 0 | AH39: =IF(G37="AL2",2,0) -> 0 | AI39: =IF(G37="AL1",1,0) -> 0 | AJ39: =IF(AND(K37="",L37=""),TRUE,FALSE) -> TRUE | AK39: =IF(AND(K38="",L38=""),TRUE,FALSE) -> TRUE | AM39: =COUNTIF(AE39:AI39,0) -> 5 | AN39: =IF((E39=" "),TRUE,FALSE) -> FALSE | AO39: =COUNTIF(AE39:AI39,5) -> 0 | AP39: =COUNTIF(AE39:AI39,4) -> 0 | AQ39: =COUNTIF(AE39:AI39,2) -> 0 | AR39: =COUNTIF(AE39:AI39,1) -> 0 | AT39: =IF(G38="AL5",5,0) -> 0 | AU39: =IF(G38="AL4",4,0) -> 0 | AV39: =IF(G38="AL3",3,0) -> 0 | AW39: =IF(G38="AL2",2,0) -> 0 | AX39: =IF(G38="AL1",1,0) -> 0
D40: 2.3.2 | E40: The educational training provider must facilitate regular and timely feedback to trainees on performance to guide learning. | H40: =VLOOKUP(G40,$BA$5:$BR$14,9) -> #N/A
H41: =VLOOKUP(G41,$BA$5:$BR$14,9) -> #N/A
E42: =IF(AND(I40="",J40="",K40="",L40=""),"INPUT ERROR! Please provide remarks"," ") -> INPUT ERROR! Please provide remarks | AD42: =IF(G40="",FALSE,TRUE) -> FALSE | AE42: =IF(G40="AL5",5,0) -> 0 | AF42: =IF(G40="AL4",4,0) -> 0 | AG42: =IF(G40="AL3",3,0) -> 0 | AH42: =IF(G40="AL2",2,0) -> 0 | AI42: =IF(G40="AL1",1,0) -> 0 | AJ42: =IF(AND(K40="",L40=""),TRUE,FALSE) -> TRUE | AK42: =IF(AND(K41="",L41=""),TRUE,FALSE) -> TRUE | AM42: =COUNTIF(AE42:AI42,0) -> 5 | AN42: =IF((E42=" "),TRUE,FALSE) -> FALSE | AO42: =COUNTIF(AE42:AI42,5) -> 0 | AP42: =COUNTIF(AE42:AI42,4) -> 0 | AQ42: =COUNTIF(AE42:AI42,2) -> 0 | AR42: =COUNTIF(AE42:AI42,1) -> 0 | AT42: =IF(G41="AL5",5,0) -> 0 | AU42: =IF(G41="AL4",4,0) -> 0 | AV42: =IF(G41="AL3",3,0) -> 0 | AW42: =IF(G41="AL2",2,0) -> 0 | AX42: =IF(G41="AL1",1,0) -> 0
D43: 2.3.3 | E43: The educational training provider must have processes for early identification of trainees who are underperforming and implements appropriate remediation measures in response. | H43: =VLOOKUP(G43,$BA$5:$BR$14,10) -> #N/A
H44: =VLOOKUP(G44,$BA$5:$BR$14,10) -> #N/A
E45: =IF(AND(I43="",J43="",K43="",L43=""),"INPUT ERROR! Please provide remarks"," ") -> INPUT ERROR! Please provide remarks | AD45: =IF(G43="",FALSE,TRUE) -> FALSE | AE45: =IF(G43="AL5",5,0) -> 0 | AF45: =IF(G43="AL4",4,0) -> 0 | AG45: =IF(G43="AL3",3,0) -> 0 | AH45: =IF(G43="AL2",2,0) -> 0 | AI45: =IF(G43="AL1",1,0) -> 0 | AJ45: =IF(AND(K43="",L43=""),TRUE,FALSE) -> TRUE | AK45: =IF(AND(K44="",L44=""),TRUE,FALSE) -> TRUE | AM45: =COUNTIF(AE45:AI45,0) -> 5 | AN45: =IF((E45=" "),TRUE,FALSE) -> FALSE | AO45: =COUNTIF(AE45:AI45,5) -> 0 | AP45: =COUNTIF(AE45:AI45,4) -> 0 | AQ45: =COUNTIF(AE45:AI45,2) -> 0 | AR45: =COUNTIF(AE45:AI45,1) -> 0 | AT45: =IF(G44="AL5",5,0) -> 0 | AU45: =IF(G44="AL4",4,0) -> 0 | AV45: =IF(G44="AL3",3,0) -> 0 | AW45: =IF(G44="AL2",2,0) -> 0 | AX45: =IF(G44="AL1",1,0) -> 0
D46: 2.3.4 | E46: There must be mechanisms in place to ensure the security of assessment documents and records. | H46: =VLOOKUP(G46,$BA$5:$BR$14,11) -> #N/A
H47: =VLOOKUP(G47,$BA$5:$BR$14,11) -> #N/A
E48: =IF(AND(I46="",J46="",K46="",L46=""),"INPUT ERROR! Please provide remarks"," ") -> INPUT ERROR! Please provide remarks | AD48: =IF(G46="",FALSE,TRUE) -> FALSE | AE48: =IF(G46="AL5",5,0) -> 0 | AF48: =IF(G46="AL4",4,0) -> 0 | AG48: =IF(G46="AL3",3,0) -> 0 | AH48: =IF(G46="AL2",2,0) -> 0 | AI48: =IF(G46="AL1",1,0) -> 0 | AJ48: =IF(AND(K46="",L46=""),TRUE,FALSE) -> TRUE | AK48: =IF(AND(K47="",L47=""),TRUE,FALSE) -> TRUE | AM48: =COUNTIF(AE48:AI48,0) -> 5 | AN48: =IF((E48=" "),TRUE,FALSE) -> FALSE | AO48: =COUNTIF(AE48:AI48,5) -> 0 | AP48: =COUNTIF(AE48:AI48,4) -> 0 | AQ48: =COUNTIF(AE48:AI48,2) -> 0 | AR48: =COUNTIF(AE48:AI48,1) -> 0 | AT48: =IF(G47="AL5",5,0) -> 0 | AU48: =IF(G47="AL4",4,0) -> 0 | AV48: =IF(G47="AL3",3,0) -> 0 | AW48: =IF(G47="AL2",2,0) -> 0 | AX48: =IF(G47="AL1",1,0) -> 0
D49: 2.3.5 | E49: The assessment results must be communicated in a timely manner to trainees to facilitate progression decision. | H49: =VLOOKUP(G49,$BA$5:$BR$14,12) -> #N/A
H50: =VLOOKUP(G50,$BA$5:$BR$14,12) -> #N/A
E51: =IF(AND(I49="",J49="",K49="",L49=""),"INPUT ERROR! Please provide remarks"," ") -> INPUT ERROR! Please provide remarks | AD51: =IF(G49="",FALSE,TRUE) -> FALSE | AE51: =IF(G49="AL5",5,0) -> 0 | AF51: =IF(G49="AL4",4,0) -> 0 | AG51: =IF(G49="AL3",3,0) -> 0 | AH51: =IF(G49="AL2",2,0) -> 0 | AI51: =IF(G49="AL1",1,0) -> 0 | AJ51: =IF(AND(K49="",L49=""),TRUE,FALSE) -> TRUE | AK51: =IF(AND(K50="",L50=""),TRUE,FALSE) -> TRUE | AM51: =COUNTIF(AE51:AI51,0) -> 5 | AN51: =IF((E51=" "),TRUE,FALSE) -> FALSE | AO51: =COUNTIF(AE51:AI51,5) -> 0 | AP51: =COUNTIF(AE51:AI51,4) -> 0 | AQ51: =COUNTIF(AE51:AI51,2) -> 0 | AR51: =COUNTIF(AE51:AI51,1) -> 0 | AT51: =IF(G50="AL5",5,0) -> 0 | AU51: =IF(G50="AL4",4,0) -> 0 | AV51: =IF(G50="AL3",3,0) -> 0 | AW51: =IF(G50="AL2",2,0) -> 0 | AX51: =IF(G50="AL1",1,0) -> 0
D52: 2.3.6 | E52: The educational training provider must have appropriate guidelines and mechanisms for trainees to appeal their results. | H52: =VLOOKUP(G52,$BA$5:$BR$14,12) -> #N/A
H53: =VLOOKUP(G53,$BA$5:$BR$14,12) -> #N/A
E54: =IF(AND(I52="",J52="",K52="",L52=""),"INPUT ERROR! Please provide remarks"," ") -> INPUT ERROR! Please provide remarks | AD54: =IF(G52="",FALSE,TRUE) -> FALSE | AE54: =IF(G52="AL5",5,0) -> 0 | AF54: =IF(G52="AL4",4,0) -> 0 | AG54: =IF(G52="AL3",3,0) -> 0 | AH54: =IF(G52="AL2",2,0) -> 0 | AI54: =IF(G52="AL1",1,0) -> 0 | AJ54: =IF(AND(K52="",L52=""),TRUE,FALSE) -> TRUE | AK54: =IF(AND(K53="",L53=""),TRUE,FALSE) -> TRUE | AM54: =COUNTIF(AE54:AI54,0) -> 5 | AN54: =IF((E54=" "),TRUE,FALSE) -> FALSE | AO54: =COUNTIF(AE54:AI54,5) -> 0 | AP54: =COUNTIF(AE54:AI54,4) -> 0 | AQ54: =COUNTIF(AE54:AI54,2) -> 0 | AR54: =COUNTIF(AE54:AI54,1) -> 0 | AT54: =IF(G53="AL5",5,0) -> 0 | AU54: =IF(G53="AL4",4,0) -> 0 | AV54: =IF(G53="AL3",3,0) -> 0 | AW54: =IF(G53="AL2",2,0) -> 0 | AX54: =IF(G53="AL1",1,0) -> 0
D55: 2.3.7 | E55: There must be mechanisms to ensure periodic review of the validity, reliability, integrity, currency and fairness of the assessment methods. These mechanisms must take into account feedback from stakeholders and external assessors / examiners. Findings of these reviews must be acted upon accordingly. | H55: =VLOOKUP(G55,$BA$5:$BR$14,12) -> #N/A
H56: =VLOOKUP(G56,$BA$5:$BR$14,12) -> #N/A
E57: =IF(AND(I55="",J55="",K55="",L55=""),"INPUT ERROR! Please provide remarks"," ") -> INPUT ERROR! Please provide remarks | AD57: =IF(G55="",FALSE,TRUE) -> FALSE | AE57: =IF(G55="AL5",5,0) -> 0 | AF57: =IF(G55="AL4",4,0) -> 0 | AG57: =IF(G55="AL3",3,0) -> 0 | AH57: =IF(G55="AL2",2,0) -> 0 | AI57: =IF(G55="AL1",1,0) -> 0 | AJ57: =IF(AND(K55="",L55=""),TRUE,FALSE) -> TRUE | AK57: =IF(AND(K56="",L56=""),TRUE,FALSE) -> TRUE | AM57: =COUNTIF(AE57:AI57,0) -> 5 | AN57: =IF((E57=" "),TRUE,FALSE) -> FALSE | AO57: =COUNTIF(AE57:AI57,5) -> 0 | AP57: =COUNTIF(AE57:AI57,4) -> 0 | AQ57: =COUNTIF(AE57:AI57,2) -> 0 | AR57: =COUNTIF(AE57:AI57,1) -> 0 | AT57: =IF(G56="AL5",5,0) -> 0 | AU57: =IF(G56="AL4",4,0) -> 0 | AV57: =IF(G56="AL3",3,0) -> 0 | AW57: =IF(G56="AL2",2,0) -> 0 | AX57: =IF(G56="AL1",1,0) -> 0
AD72: =IF(AND(AD8:AD69,AN8:AN69),TRUE,FALSE) -> FALSE | AJ72: =IF(AND(AJ8:AJ70),TRUE,FALSE) -> TRUE | AK72: =IF(AND(AK8:AK70),TRUE,FALSE) -> TRUE
AD74: =COUNTA(AD8:AD57) -> 16 | AE74: =COUNTIF(AE8:AE69,5) -> 0 | AF74: =COUNTIF(AF8:AF69,4) -> 0 | AG74: =COUNTIF(AG8:AG69,3) -> 0 | AH74: =COUNTIF(AH8:AH69,2) -> 0 | AI74: =COUNTIF(AI8:AI69,1) -> 0 | AT74: =COUNTIF(AT8:AT69,5) -> 0 | AU74: =COUNTIF(AU8:AU69,4) -> 0 | AV74: =COUNTIF(AV8:AV69,3) -> 0 | AW74: =COUNTIF(AW8:AW69,2) -> 0 | AX74: =COUNTIF(AX8:AX69,1) -> 0

Sheet Sheet1 (3)
H1: Evaluation Instrument for Medical Specialist Training Programme
H2: Malaysian Medical Council (MMC)
G4: AREA 3: STUDENT SELECTION AND SUPPORT SERVICES
D5: 3.1 | E5: Trainee Selection | G5: Achievement Level (AL) | H5: AL Descriptor | I5: Strength | J5: Concern | K5: Opportunity For Improvement / Recommendation | L5: Steps taken to address the problem areas Actions specified by the Evaluation Panel or proposed action as specified by the department itself. Opportunity for Improvement (OFI) | AD5: √ | BA5: AL1 | BB5: Highly unsatisfactory None of the aspect defined in the criteria have been demonstrated | BC5: Highly unsatisfactory None of the aspect defined in the criteria have been demonstrated | BD5: Highly unsatisfactory None of the aspect defined in the criteria have been demonstrated | BE5: Highly unsatisfactory None of the aspect defined in the criteria have been demonstrated | BF5: Highly unsatisfactory None of the aspect defined in the criteria have been demonstrated | BG5: Highly unsatisfactory None of the aspect defined in the criteria have been demonstrated | BH5: Highly unsatisfactory None of the aspect defined in the criteria have been demonstrated | BI5: Highly unsatisfactory None of the aspect defined in the criteria have been demonstrated | BJ5: Highly unsatisfactory None of the aspect defined in the criteria have been demonstrated | BK5: Highly unsatisfactory None of the aspect defined in the criteria have been demonstrated | BL5: Highly unsatisfactory None of the aspect defined in the criteria have been demonstrated | BM5: Highly unsatisfactory None of the aspect defined in the criteria have been demonstrated | BN5: Highly unsatisfactory None of the aspect defined in the criteria have been demonstrated | BO5: Highly unsatisfactory None of the aspect defined in the criteria have been demonstrated | BP5: Highly unsatisfactory None of the aspect defined in the criteria have been demonstrated | BQ5: Highly unsatisfactory None of the aspect defined in the criteria have been demonstrated | BR5: Highly unsatisfactory None of the aspect defined in the criteria have been demonstrated | BS5: Highly unsatisfactory None of the aspect defined in the criteria have been demonstrated | BT5: Highly unsatisfactory None of the aspect defined in the criteria have been demonstrated | BU5: Highly unsatisfactory None of the aspect defined in the criteria have been demonstrated
D6: 3.1.1 | E6: The programme must have clear criteria and processes for trainee selection (including that of transfer trainees). This Standard is to be read with the Discipline-Specific Requirements. | H6: =VLOOKUP(G6,$BA$5:$BR$10,2) -> #N/A | BA6: AL2 | BB6: Unsatisfactory Some aspects defined in the criteria have been demonstrated | BC6: Unsatisfactory Some aspects defined in the criteria have been demonstrated | BD6: Unsatisfactory Some aspects defined in the criteria have been demonstrated | BE6: Unsatisfactory Some aspects defined in the criteria have been demonstrated | BF6: Unsatisfactory Some aspects defined in the criteria have been demonstrated | BG6: Unsatisfactory Some aspects defined in the criteria have been demonstrated | BH6: Unsatisfactory Some aspects defined in the criteria have been demonstrated | BI6: Unsatisfactory Some aspects defined in the criteria have been demonstrated | BJ6: Unsatisfactory Some aspects defined in the criteria have been demonstrated | BK6: Unsatisfactory Some aspects defined in the criteria have been demonstrated | BL6: Unsatisfactory Some aspects defined in the criteria have been demonstrated | BM6: Unsatisfactory Some aspects defined in the criteria have been demonstrated | BN6: Unsatisfactory Some aspects defined in the criteria have been demonstrated | BO6: Unsatisfactory Some aspects defined in the criteria have been demonstrated | BP6: Unsatisfactory Some aspects defined in the criteria have been demonstrated | BQ6: Unsatisfactory Some aspects defined in the criteria have been demonstrated | BR6: Unsatisfactory Some aspects defined in the criteria have been demonstrated | BS6: Unsatisfactory Some aspects defined in the criteria have been demonstrated | BT6: Unsatisfactory Some aspects defined in the criteria have been demonstrated | BU6: Unsatisfactory Some aspects defined in the criteria have been demonstrated
H7: =VLOOKUP(G7,$BA$5:$BR$9,2) -> #N/A | BA7: AL3 | BB7: Satisfactory All aspects defined in the criteria have been demonstrated | BC7: Satisfactory All aspects defined in the criteria have been demonstrated | BD7: Satisfactory All aspects defined in the criteria have been demonstrated | BE7: Satisfactory All aspects defined in the criteria have been demonstrated | BF7: Satisfactory All aspects defined in the criteria have been demonstrated | BG7: Satisfactory All aspects defined in the criteria have been demonstrated | BH7: Satisfactory All aspects defined in the criteria have been demonstrated | BI7: Satisfactory All aspects defined in the criteria have been demonstrated | BJ7: Satisfactory All aspects defined in the criteria have been demonstrated | BK7: Satisfactory All aspects defined in the criteria have been demonstrated | BL7: Satisfactory All aspects defined in the criteria have been demonstrated | BM7: Satisfactory All aspects defined in the criteria have been demonstrated | BN7: Satisfactory All aspects defined in the criteria have been demonstrated | BO7: Satisfactory All aspects defined in the criteria have been demonstrated | BP7: Satisfactory All aspects defined in the criteria have been demonstrated | BQ7: Satisfactory All aspects defined in the criteria have been demonstrated | BR7: Satisfactory All aspects defined in the criteria have been demonstrated | BS7: Satisfactory All aspects defined in the criteria have been demonstrated | BT7: Satisfactory All aspects defined in the criteria have been demonstrated | BU7: Satisfactory All aspects defined in the criteria have been demonstrated
E8: =IF(AND(I6="",J6="",K6="",L6=""),"INPUT ERROR! Please provide remarks"," ") -> INPUT ERROR! Please provide remarks | AD8: =IF(G6="",FALSE,TRUE) -> FALSE | AE8: =IF(G6="AL5",5,0) -> 0 | AF8: =IF(G6="AL4",4,0) -> 0 | AG8: =IF(G6="AL3",3,0) -> 0 | AH8: =IF(G6="AL2",2,0) -> 0 | AI8: =IF(G6="AL1",1,0) -> 0 | AJ8: =IF(AND(K6="",L6=""),TRUE,FALSE) -> TRUE | AK8: =IF(AND(K7="",L7=""),TRUE,FALSE) -> TRUE | AM8: =COUNTIF(AE8:AI8,0) -> 5 | AN8: =IF((E8=" "),TRUE,FALSE) -> FALSE | AO8: =COUNTIF(AE8:AI8,5) -> 0 | AP8: =COUNTIF(AE8:AI8,4) -> 0 | AQ8: =COUNTIF(AE8:AI8,2) -> 0 | AR8: =COUNTIF(AE8:AI8,1) -> 0 | AT8: =IF(G7="AL5",5,0) -> 0 | AU8: =IF(G7="AL4",4,0) -> 0 | AV8: =IF(G7="AL3",3,0) -> 0 | AW8: =IF(G7="AL2",2,0) -> 0 | AX8: =IF(G7="AL1",1,0) -> 0 | BA8: AL4 | BB8: Highly satisfactory All aspects defined in the criteria have been demonstrated with some examples of best practice | BC8: Highly satisfactory All aspects defined in the criteria have been demonstrated with some examples of best practice | BD8: Highly satisfactory All aspects defined in the criteria have been demonstrated with some examples of best practice | BE8: Highly satisfactory All aspects defined in the criteria have been demonstrated with some examples of best practice | BF8: Highly satisfactory All aspects defined in the criteria have been demonstrated with some examples of best practice | BG8: Highly satisfactory All aspects defined in the criteria have been demonstrated with some examples of best practice | BH8: Highly satisfactory All aspects defined in the criteria have been demonstrated with some examples of best practice | BI8: Highly satisfactory All aspects defined in the criteria have been demonstrated with some examples of best practice | BJ8: Highly satisfactory All aspects defined in the criteria have been demonstrated with some examples of best practice | BK8: Highly satisfactory All aspects defined in the criteria have been demonstrated with some examples of best practice | BL8: Highly satisfactory All aspects defined in the criteria have been demonstrated with some examples of best practice | BM8: Highly satisfactory All aspects defined in the criteria have been demonstrated with some examples of best practice | BN8: Highly satisfactory All aspects defined in the criteria have been demonstrated with some examples of best practice | BO8: Highly satisfactory All aspects defined in the criteria have been demonstrated with some examples of best practice | BP8: Highly satisfactory All aspects defined in the criteria have been demonstrated with some examples of best practice | BQ8: Highly satisfactory All aspects defined in the criteria have been demonstrated with some examples of best practice | BR8: Highly satisfactory All aspects defined in the criteria have been demonstrated with some examples of best practice | BS8: Highly satisfactory All aspects defined in the criteria have been demonstrated with some examples of best practice | BT8: Highly satisfactory All aspects defined in the criteria have been demonstrated with some examples of best practice | BU8: Highly satisfactory All aspects defined in the criteria have been demonstrated with some examples of best practice
D9: 3.1.2 | E9: The criteria and processes of trainee selection must be transparent, objective, equitable, diverse, non-discriminatory and comply with regulatory requirements. | H9: =VLOOKUP(G9,$BA$5:$BR$10,3) -> #N/A | BA9: AL5 | BB9: Exemplary All aspects defined in the criteria have been demonstrated with best practice that can be recommended externally | BC9: Exemplary All aspects defined in the criteria have been demonstrated with best practice that can be recommended externally | BD9: Exemplary All aspects defined in the criteria have been demonstrated with best practice that can be recommended externally | BE9: Exemplary All aspects defined in the criteria have been demonstrated with best practice that can be recommended externally | BF9: Exemplary All aspects defined in the criteria have been demonstrated with best practice that can be recommended externally | BG9: Exemplary All aspects defined in the criteria have been demonstrated with best practice that can be recommended externally | BH9: Exemplary All aspects defined in the criteria have been demonstrated with best practice that can be recommended externally | BI9: Exemplary All aspects defined in the criteria have been demonstrated with best practice that can be recommended externally | BJ9: Exemplary All aspects defined in the criteria have been demonstrated with best practice that can be recommended externally | BK9: Exemplary All aspects defined in the criteria have been demonstrated with best practice that can be recommended externally | BL9: Exemplary All aspects defined in the criteria have been demonstrated with best practice that can be recommended externally | BM9: Exemplary All aspects defined in the criteria have been demonstrated with best practice that can be recommended externally | BN9: Exemplary All aspects defined in the criteria have been demonstrated with best practice that can be recommended externally | BO9: Exemplary All aspects defined in the criteria have been demonstrated with best practice that can be recommended externally | BP9: Exemplary All aspects defined in the criteria have been demonstrated with best practice that can be recommended externally | BQ9: Exemplary All aspects defined in the criteria have been demonstrated with best practice that can be recommended externally | BR9: Exemplary All aspects defined in the criteria have been demonstrated with best practice that can be recommended externally | BS9: Exemplary All aspects defined in the criteria have been demonstrated with best practice that can be recommended externally | BT9: Exemplary All aspects defined in the criteria have been demonstrated with best practice that can be recommended externally | BU9: Exemplary All aspects defined in the criteria have been demonstrated with best practice that can be recommended externally
H10: =VLOOKUP(G10,$BA$5:$BR$10,3) -> #N/A
E11: =IF(AND(I9="",J9="",K9="",L9=""),"INPUT ERROR! Please provide remarks"," ") -> INPUT ERROR! Please provide remarks | AD11: =IF(G9="",FALSE,TRUE) -> FALSE | AE11: =IF(G9="AL5",5,0) -> 0 | AF11: =IF(G9="AL4",4,0) -> 0 | AG11: =IF(G9="AL3",3,0) -> 0 | AH11: =IF(G9="AL2",2,0) -> 0 | AI11: =IF(G9="AL1",1,0) -> 0 | AJ11: =IF(AND(K9="",L9=""),TRUE,FALSE) -> TRUE | AK11: =IF(AND(K10="",L10=""),TRUE,FALSE) -> TRUE | AM11: =COUNTIF(AE11:AI11,0) -> 5 | AN11: =IF((E11=" "),TRUE,FALSE) -> FALSE | AO11: =COUNTIF(AE11:AI11,5) -> 0 | AP11: =COUNTIF(AE11:AI11,4) -> 0 | AQ11: =COUNTIF(AE11:AI11,2) -> 0 | AR11: =COUNTIF(AE11:AI11,1) -> 0 | AT11: =IF(G10="AL5",5,0) -> 0 | AU11: =IF(G10="AL4",4,0) -> 0 | AV11: =IF(G10="AL3",3,0) -> 0 | AW11: =IF(G10="AL2",2,0) -> 0 | AX11: =IF(G10="AL1",1,0) -> 0
D12: 3.1.3 | E12: The number of trainees selected must be within the capacity of the educational training provider and training centres to effectively deliver the programme. This Standard is to be read with the Discipline-Specific Requirements. | H12: =VLOOKUP(G12,$BA$5:$BR$10,4) -> #N/A
H13: =VLOOKUP(G13,$BA$5:$BR$10,4) -> #N/A
E14: =IF(AND(I12="",J12="",K12="",L12=""),"INPUT ERROR! Please provide remarks"," ") -> INPUT ERROR! Please provide remarks | AD14: =IF(G12="",FALSE,TRUE) -> FALSE | AE14: =IF(G12="AL5",5,0) -> 0 | AF14: =IF(G12="AL4",4,0) -> 0 | AG14: =IF(G12="AL3",3,0) -> 0 | AH14: =IF(G12="AL2",2,0) -> 0 | AI14: =IF(G12="AL1",1,0) -> 0 | AJ14: =IF(AND(K12="",L12=""),TRUE,FALSE) -> TRUE | AK14: =IF(AND(K13="",L13=""),TRUE,FALSE) -> TRUE | AM14: =COUNTIF(AE14:AI14,0) -> 5 | AN14: =IF((E14=" "),TRUE,FALSE) -> FALSE | AO14: =COUNTIF(AE14:AI14,5) -> 0 | AP14: =COUNTIF(AE14:AI14,4) -> 0 | AQ14: =COUNTIF(AE14:AI14,2) -> 0 | AR14: =COUNTIF(AE14:AI14,1) -> 0 | AT14: =IF(G13="AL5",5,0) -> 0 | AU14: =IF(G13="AL4",4,0) -> 0 | AV14: =IF(G13="AL3",3,0) -> 0 | AW14: =IF(G13="AL2",2,0) -> 0 | AX14: =IF(G13="AL1",1,0) -> 0
D15: 3.1.4 | E15: The programme must: - state the relationship between selection criteria and objectives of the programme and the desired qualities of graduates. - periodically review the selection policy. - have a system for appeal of admission decisions. | H15: =VLOOKUP(G15,$BA$5:$BR$10,5) -> #N/A
H16: =VLOOKUP(G16,$BA$5:$BR$10,5) -> #N/A
E17: =IF(AND(I15="",J15="",K15="",L15=""),"INPUT ERROR! Please provide remarks"," ") -> INPUT ERROR! Please provide remarks | AC17: =IF(G15="",FALSE,TRUE) -> FALSE | AD17: =AC17 -> FALSE | AE17: =IF(G15="AL5",5,0) -> 0 | AF17: =IF(G15="AL4",4,0) -> 0 | AG17: =IF(G15="AL3",3,0) -> 0 | AH17: =IF(G15="AL2",2,0) -> 0 | AI17: =IF(G15="AL1",1,0) -> 0 | AJ17: =IF(AND(K15="",L15=""),TRUE,FALSE) -> TRUE | AK17: =IF(AND(K16="",L16=""),TRUE,FALSE) -> TRUE | AM17: =COUNTIF(AE17:AI17,0) -> 5 | AN17: =IF((E17=" "),TRUE,FALSE) -> FALSE | AO17: =COUNTIF(AE17:AI17,5) -> 0 | AP17: =COUNTIF(AE17:AI17,4) -> 0 | AQ17: =COUNTIF(AE17:AI17,2) -> 0 | AR17: =COUNTIF(AE17:AI17,1) -> 0 | AT17: =IF(G16="AL5",5,0) -> 0 | AU17: =IF(G16="AL4",4,0) -> 0 | AV17: =IF(G16="AL3",3,0) -> 0 | AW17: =IF(G16="AL2",2,0) -> 0 | AX17: =IF(G16="AL1",1,0) -> 0
D18: 3.1.5 | E18: The medical school must offer appropriate developmental or remedial support to assist students, including incoming transfer students who are in need | H18: =VLOOKUP(G18,$BA$5:$BR$10,6) -> #N/A
H19: =VLOOKUP(G19,$BA$5:$BR$10,6) -> #N/A
E20: =IF(AND(I18="",J18="",K18="",L18=""),"INPUT ERROR! Please provide remarks"," ") -> INPUT ERROR! Please provide remarks | AD20: =IF(G18="",FALSE,TRUE) -> FALSE | AE20: =IF(G18="AL5",5,0) -> 0 | AF20: =IF(G18="AL4",4,0) -> 0 | AG20: =IF(G18="AL3",3,0) -> 0 | AH20: =IF(G18="AL2",2,0) -> 0 | AI20: =IF(G18="AL1",1,0) -> 0 | AJ20: =IF(AND(K18="",L18=""),TRUE,FALSE) -> TRUE | AK20: =IF(AND(K19="",L19=""),TRUE,FALSE) -> TRUE | AM20: =COUNTIF(AE20:AI20,0) -> 5 | AN20: =IF((E20=" "),TRUE,FALSE) -> FALSE | AO20: =COUNTIF(AE20:AI20,5) -> 0 | AP20: =COUNTIF(AE20:AI20,4) -> 0 | AQ20: =COUNTIF(AE20:AI20,2) -> 0 | AR20: =COUNTIF(AE20:AI20,1) -> 0 | AT20: =IF(G19="AL5",5,0) -> 0 | AU20: =IF(G19="AL4",4,0) -> 0 | AV20: =IF(G19="AL3",3,0) -> 0 | AW20: =IF(G19="AL2",2,0) -> 0 | AX20: =IF(G19="AL1",1,0) -> 0
D22: 3.2 | E22: Articulation and Transfer | G22: Achievement Level (AL) | H22: AL Descriptor | I22: Strength | J22: Concern | K22: Opportunity For Improvement / Recommendation | L22: Steps taken to address the problem areas Actions specified by the Evaluation Panel or proposed action as specified by the department itself. Opportunity for Improvement (OFI)
D23: 3.2.1 | E23: The programme must have well-defined policies and mechanisms to facilitate trainee mobility, which may include trainee transfer within and between institutions, between programmes, nationally and internationally. | H23: =VLOOKUP(G23,$BA$5:$BR$10,7) -> #N/A
H24: =VLOOKUP(G24,$BA$5:$BR$10,7) -> #N/A
E25: =IF(AND(I23="",J23="",K23="",L23=""),"INPUT ERROR! Please provide remarks"," ") -> INPUT ERROR! Please provide remarks | AD25: =IF(G23="",FALSE,TRUE) -> FALSE | AE25: =IF(G23="AL5",5,0) -> 0 | AF25: =IF(G23="AL4",4,0) -> 0 | AG25: =IF(G23="AL3",3,0) -> 0 | AH25: =IF(G23="AL2",2,0) -> 0 | AI25: =IF(G23="AL1",1,0) -> 0 | AJ25: =IF(AND(K23="",L23=""),TRUE,FALSE) -> TRUE | AK25: =IF(AND(K24="",L24=""),TRUE,FALSE) -> TRUE | AM25: =COUNTIF(AE25:AI25,0) -> 5 | AN25: =IF((E25=" "),TRUE,FALSE) -> FALSE | AO25: =COUNTIF(AE25:AI25,5) -> 0 | AP25: =COUNTIF(AE25:AI25,4) -> 0 | AQ25: =COUNTIF(AE25:AI25,2) -> 0 | AR25: =COUNTIF(AE25:AI25,1) -> 0 | AT25: =IF(G24="AL5",5,0) -> 0 | AU25: =IF(G24="AL4",4,0) -> 0 | AV25: =IF(G24="AL3",3,0) -> 0 | AW25: =IF(G24="AL2",2,0) -> 0 | AX25: =IF(G24="AL1",1,0) -> 0
D26: 3.2.2 | E26: The educational training provider must ensure that incoming transfer trainees have the capacity to successfully follow the programme and comply with relevant regulations. | H26: =VLOOKUP(G26,$BA$5:$BR$10,8) -> #N/A
H27: =VLOOKUP(G27,$BA$5:$BR$10,8) -> #N/A
E28: =IF(AND(I26="",J26="",K26="",L26=""),"INPUT ERROR! Please provide remarks"," ") -> INPUT ERROR! Please provide remarks | AD28: =IF(G26="",FALSE,TRUE) -> FALSE | AE28: =IF(G26="AL5",5,0) -> 0 | AF28: =IF(G26="AL4",4,0) -> 0 | AG28: =IF(G26="AL3",3,0) -> 0 | AH28: =IF(G26="AL2",2,0) -> 0 | AI28: =IF(G26="AL1",1,0) -> 0 | AJ28: =IF(AND(K26="",L26=""),TRUE,FALSE) -> TRUE | AK28: =IF(AND(K27="",L27=""),TRUE,FALSE) -> TRUE | AM28: =COUNTIF(AE28:AI28,0) -> 5 | AN28: =IF((E28=" "),TRUE,FALSE) -> FALSE | AO28: =COUNTIF(AE28:AI28,5) -> 0 | AP28: =COUNTIF(AE28:AI28,4) -> 0 | AQ28: =COUNTIF(AE28:AI28,2) -> 0 | AR28: =COUNTIF(AE28:AI28,1) -> 0 | AT28: =IF(G27="AL5",5,0) -> 0 | AU28: =IF(G27="AL4",4,0) -> 0 | AV28: =IF(G27="AL3",3,0) -> 0 | AW28: =IF(G27="AL2",2,0) -> 0 | AX28: =IF(G27="AL1",1,0) -> 0
D30: 3.3 | E30: Student Support Services | G30: Achievement Level (AL) | H30: AL Descriptor | I30: Strength | J30: Concern | K30: Opportunity For Improvement / Recommendation | L30: Steps taken to address the problem areas Actions specified by the Evaluation Panel or proposed action as specified by the department itself. Opportunity for Improvement (OFI)
D31: 3.3.1 | E31: An induction to the programme must be available to all new trainees with due attention to those with special needs | H31: =VLOOKUP(G31,$BA$5:$BR$10,9) -> #N/A
H32: =VLOOKUP(G32,$BA$5:$BR$10,9) -> #N/A
E33: =IF(AND(I31="",J31="",K31="",L31=""),"INPUT ERROR! Please provide remarks"," ") -> INPUT ERROR! Please provide remarks | AD33: =IF(G31="",FALSE,TRUE) -> FALSE | AE33: =IF(G31="AL5",5,0) -> 0 | AF33: =IF(G31="AL4",4,0) -> 0 | AG33: =IF(G31="AL3",3,0) -> 0 | AH33: =IF(G31="AL2",2,0) -> 0 | AI33: =IF(G31="AL1",1,0) -> 0 | AJ33: =IF(AND(K31="",L31=""),TRUE,FALSE) -> TRUE | AK33: =IF(AND(K32="",L32=""),TRUE,FALSE) -> TRUE | AM33: =COUNTIF(AE33:AI33,0) -> 5 | AN33: =IF((E33=" "),TRUE,FALSE) -> FALSE | AO33: =COUNTIF(AE33:AI33,5) -> 0 | AP33: =COUNTIF(AE33:AI33,4) -> 0 | AQ33: =COUNTIF(AE33:AI33,2) -> 0 | AR33: =COUNTIF(AE33:AI33,1) -> 0 | AT33: =IF(G32="AL5",5,0) -> 0 | AU33: =IF(G32="AL4",4,0) -> 0 | AV33: =IF(G32="AL3",3,0) -> 0 | AW33: =IF(G32="AL2",2,0) -> 0 | AX33: =IF(G32="AL1",1,0) -> 0
D34: 3.3.2 | E34: The programme must define the appropriate administrative structure and appropriate resources to provide trainee support services. | H34: =VLOOKUP(G34,$BA$5:$BR$10,10) -> #N/A
H35: =VLOOKUP(G35,$BA$5:$BR$10,10) -> #N/A
E36: =IF(AND(I34="",J34="",K34="",L34=""),"INPUT ERROR! Please provide remarks"," ") -> INPUT ERROR! Please provide remarks | AD36: =IF(G34="",FALSE,TRUE) -> FALSE | AE36: =IF(G34="AL5",5,0) -> 0 | AF36: =IF(G34="AL4",4,0) -> 0 | AG36: =IF(G34="AL3",3,0) -> 0 | AH36: =IF(G34="AL2",2,0) -> 0 | AI36: =IF(G34="AL1",1,0) -> 0 | AJ36: =IF(AND(K34="",L34=""),TRUE,FALSE) -> TRUE | AK36: =IF(AND(K35="",L35=""),TRUE,FALSE) -> TRUE | AM36: =COUNTIF(AE36:AI36,0) -> 5 | AN36: =IF((E36=" "),TRUE,FALSE) -> FALSE | AO36: =COUNTIF(AE36:AI36,5) -> 0 | AP36: =COUNTIF(AE36:AI36,4) -> 0 | AQ36: =COUNTIF(AE36:AI36,2) -> 0 | AR36: =COUNTIF(AE36:AI36,1) -> 0 | AT36: =IF(G35="AL5",5,0) -> 0 | AU36: =IF(G35="AL4",4,0) -> 0 | AV36: =IF(G35="AL3",3,0) -> 0 | AW36: =IF(G35="AL2",2,0) -> 0 | AX36: =IF(G35="AL1",1,0) -> 0
D37: 3.3.3 | E37: There must be mechanisms to identify and facilitate trainees with academic, behavioural, psychological and social issues requiring support | H37: =VLOOKUP(G37,$BA$5:$BR$10,11) -> #N/A
H38: =VLOOKUP(G38,$BA$5:$BR$10,11) -> #N/A
E39: =IF(AND(I37="",J37="",K37="",L37=""),"INPUT ERROR! Please provide remarks"," ") -> INPUT ERROR! Please provide remarks | AD39: =IF(G37="",FALSE,TRUE) -> FALSE | AE39: =IF(G37="AL5",5,0) -> 0 | AF39: =IF(G37="AL4",4,0) -> 0 | AG39: =IF(G37="AL3",3,0) -> 0 | AH39: =IF(G37="AL2",2,0) -> 0 | AI39: =IF(G37="AL1",1,0) -> 0 | AJ39: =IF(AND(K37="",L37=""),TRUE,FALSE) -> TRUE | AK39: =IF(AND(K38="",L38=""),TRUE,FALSE) -> TRUE | AM39: =COUNTIF(AE39:AI39,0) -> 5 | AN39: =IF((E39=" "),TRUE,FALSE) -> FALSE | AO39: =COUNTIF(AE39:AI39,5) -> 0 | AP39: =COUNTIF(AE39:AI39,4) -> 0 | AQ39: =COUNTIF(AE39:AI39,2) -> 0 | AR39: =COUNTIF(AE39:AI39,1) -> 0 | AT39: =IF(G38="AL5",5,0) -> 0 | AU39: =IF(G38="AL4",4,0) -> 0 | AV39: =IF(G38="AL3",3,0) -> 0 | AW39: =IF(G38="AL2",2,0) -> 0 | AX39: =IF(G38="AL1",1,0) -> 0
D40: 3.3.4 | E40: Trainees must have access to academic and non-academic counselling provided by qualified staff. | H40: =VLOOKUP(G40,$BA$5:$BR$10,12) -> #N/A
H41: =VLOOKUP(G41,$BA$5:$BR$10,12) -> #N/A
E42: =IF(AND(I40="",J40="",K40="",L40=""),"INPUT ERROR! Please provide remarks"," ") -> INPUT ERROR! Please provide remarks | AD42: =IF(G40="",FALSE,TRUE) -> FALSE | AE42: =IF(G40="AL5",5,0) -> 0 | AF42: =IF(G40="AL4",4,0) -> 0 | AG42: =IF(G40="AL3",3,0) -> 0 | AH42: =IF(G40="AL2",2,0) -> 0 | AI42: =IF(G40="AL1",1,0) -> 0 | AJ42: =IF(AND(K40="",L40=""),TRUE,FALSE) -> TRUE | AK42: =IF(AND(K41="",L41=""),TRUE,FALSE) -> TRUE | AM42: =COUNTIF(AE42:AI42,0) -> 5 | AN42: =IF((E42=" "),TRUE,FALSE) -> FALSE | AO42: =COUNTIF(AE42:AI42,5) -> 0 | AP42: =COUNTIF(AE42:AI42,4) -> 0 | AQ42: =COUNTIF(AE42:AI42,2) -> 0 | AR42: =COUNTIF(AE42:AI42,1) -> 0 | AT42: =IF(G41="AL5",5,0) -> 0 | AU42: =IF(G41="AL4",4,0) -> 0 | AV42: =IF(G41="AL3",3,0) -> 0 | AW42: =IF(G41="AL2",2,0) -> 0 | AX42: =IF(G41="AL1",1,0) -> 0
D43: 3.3.5 | E43: The educational training provider must have clearly defined and documented processes and procedures in handling of disciplinary cases in trainees. | H43: =VLOOKUP(G43,$BA$5:$BR$10,13) -> #N/A
H44: =VLOOKUP(G44,$BA$5:$BR$10,13) -> #N/A
E45: =IF(AND(I43="",J43="",K43="",L43=""),"INPUT ERROR! Please provide remarks"," ") -> INPUT ERROR! Please provide remarks | AD45: =IF(G43="",FALSE,TRUE) -> FALSE | AE45: =IF(G43="AL5",5,0) -> 0 | AF45: =IF(G43="AL4",4,0) -> 0 | AG45: =IF(G43="AL3",3,0) -> 0 | AH45: =IF(G43="AL2",2,0) -> 0 | AI45: =IF(G43="AL1",1,0) -> 0 | AJ45: =IF(AND(K43="",L43=""),TRUE,FALSE) -> TRUE | AK45: =IF(AND(K44="",L44=""),TRUE,FALSE) -> TRUE | AM45: =COUNTIF(AE45:AI45,0) -> 5 | AN45: =IF((E45=" "),TRUE,FALSE) -> FALSE | AO45: =COUNTIF(AE45:AI45,5) -> 0 | AP45: =COUNTIF(AE45:AI45,4) -> 0 | AQ45: =COUNTIF(AE45:AI45,2) -> 0 | AR45: =COUNTIF(AE45:AI45,1) -> 0 | AT45: =IF(G44="AL5",5,0) -> 0 | AU45: =IF(G44="AL4",4,0) -> 0 | AV45: =IF(G44="AL3",3,0) -> 0 | AW45: =IF(G44="AL2",2,0) -> 0 | AX45: =IF(G44="AL1",1,0) -> 0
D46: 3.3.6 | E46: The educational training provider must have an effective mechanism for trainees to voice their grievances and seek resolution on academic and non-academic matters and ensure confidentiality in relation to counselling and support. | H46: =VLOOKUP(G46,$BA$5:$BR$10,14) -> #N/A
H47: =VLOOKUP(G47,$BA$5:$BR$10,14) -> #N/A
E48: =IF(AND(I46="",J46="",K46="",L46=""),"INPUT ERROR! Please provide remarks"," ") -> INPUT ERROR! Please provide remarks | AD48: =IF(G46="",FALSE,TRUE) -> FALSE | AE48: =IF(G46="AL5",5,0) -> 0 | AF48: =IF(G46="AL4",4,0) -> 0 | AG48: =IF(G46="AL3",3,0) -> 0 | AH48: =IF(G46="AL2",2,0) -> 0 | AI48: =IF(G46="AL1",1,0) -> 0 | AJ48: =IF(AND(K46="",L46=""),TRUE,FALSE) -> TRUE | AK48: =IF(AND(K47="",L47=""),TRUE,FALSE) -> TRUE | AM48: =COUNTIF(AE48:AI48,0) -> 5 | AN48: =IF((E48=" "),TRUE,FALSE) -> FALSE | AO48: =COUNTIF(AE48:AI48,5) -> 0 | AP48: =COUNTIF(AE48:AI48,4) -> 0 | AQ48: =COUNTIF(AE48:AI48,2) -> 0 | AR48: =COUNTIF(AE48:AI48,1) -> 0 | AT48: =IF(G47="AL5",5,0) -> 0 | AU48: =IF(G47="AL4",4,0) -> 0 | AV48: =IF(G47="AL3",3,0) -> 0 | AW48: =IF(G47="AL2",2,0) -> 0 | AX48: =IF(G47="AL1",1,0) -> 0
D49: 3.3.7 | E49: The medical school must: • have an effective mechanism for students to voice their grievances and seek counselling and resolution on academic and non-academic matters. • ensure confidentiality in relation to counselling and support | H49: =VLOOKUP(G49,$BA$5:$BR$10,15) -> #N/A
H50: =VLOOKUP(G50,$BA$5:$BR$10,15) -> #N/A
E51: =IF(AND(I49="",J49="",K49="",L49=""),"INPUT ERROR! Please provide remarks"," ") -> INPUT ERROR! Please provide remarks | AD51: =IF(G49="",FALSE,TRUE) -> FALSE | AE51: =IF(G49="AL5",5,0) -> 0 | AF51: =IF(G49="AL4",4,0) -> 0 | AG51: =IF(G49="AL3",3,0) -> 0 | AH51: =IF(G49="AL2",2,0) -> 0 | AI51: =IF(G49="AL1",1,0) -> 0 | AJ51: =IF(AND(K49="",L49=""),TRUE,FALSE) -> TRUE | AK51: =IF(AND(K50="",L50=""),TRUE,FALSE) -> TRUE | AM51: =COUNTIF(AE51:AI51,0) -> 5 | AN51: =IF((E51=" "),TRUE,FALSE) -> FALSE | AO51: =COUNTIF(AE51:AI51,5) -> 0 | AP51: =COUNTIF(AE51:AI51,4) -> 0 | AQ51: =COUNTIF(AE51:AI51,2) -> 0 | AR51: =COUNTIF(AE51:AI51,1) -> 0 | AT51: =IF(G50="AL5",5,0) -> 0 | AU51: =IF(G50="AL4",4,0) -> 0 | AV51: =IF(G50="AL3",3,0) -> 0 | AW51: =IF(G50="AL2",2,0) -> 0 | AX51: =IF(G50="AL1",1,0) -> 0
D52: 3.3.8 | E52: Student support services must be evaluated regularly to ensure their adequacy, effectiveness and safety. | H52: =VLOOKUP(G52,$BA$5:$BR$10,16) -> #N/A
H53: =VLOOKUP(G53,$BA$5:$BR$10,16) -> #N/A
E54: =IF(AND(I52="",J52="",K52="",L52=""),"INPUT ERROR! Please provide remarks"," ") -> INPUT ERROR! Please provide remarks | AD54: =IF(G52="",FALSE,TRUE) -> FALSE | AE54: =IF(G52="AL5",5,0) -> 0 | AF54: =IF(G52="AL4",4,0) -> 0 | AG54: =IF(G52="AL3",3,0) -> 0 | AH54: =IF(G52="AL2",2,0) -> 0 | AI54: =IF(G52="AL1",1,0) -> 0 | AJ54: =IF(AND(K52="",L52=""),TRUE,FALSE) -> TRUE | AK54: =IF(AND(K53="",L53=""),TRUE,FALSE) -> TRUE | AM54: =COUNTIF(AE54:AI54,0) -> 5 | AN54: =IF((E54=" "),TRUE,FALSE) -> FALSE | AO54: =COUNTIF(AE54:AI54,5) -> 0 | AP54: =COUNTIF(AE54:AI54,4) -> 0 | AQ54: =COUNTIF(AE54:AI54,2) -> 0 | AR54: =COUNTIF(AE54:AI54,1) -> 0 | AT54: =IF(G53="AL5",5,0) -> 0 | AU54: =IF(G53="AL4",4,0) -> 0 | AV54: =IF(G53="AL3",3,0) -> 0 | AW54: =IF(G53="AL2",2,0) -> 0 | AX54: =IF(G53="AL1",1,0) -> 0
D56: 3.4 | E56: Trainee Representation and and Participation | G56: Achievement Level (AL) | H56: AL Descriptor | I56: Strength | J56: Concern | K56: Opportunity For Improvement / Recommendation | L56: Steps taken to address the problem areas Actions specified by the Evaluation Panel or proposed action as specified by the department itself. Opportunity for Improvement (OFI)
D57: 3.4.1 | E57: Policies and processes for trainee engagement especially in areas that affect their interest and welfare must be made known to the trainees. | H57: =VLOOKUP(G57,$BA$5:$BR$10,17) -> #N/A
H58: =VLOOKUP(G58,$BA$5:$BR$10,17) -> #N/A
E59: =IF(AND(I57="",J57="",K57="",L57=""),"INPUT ERROR! Please provide remarks"," ") -> INPUT ERROR! Please provide remarks | AD59: =IF(G57="",FALSE,TRUE) -> FALSE | AE59: =IF(G57="AL5",5,0) -> 0 | AF59: =IF(G57="AL4",4,0) -> 0 | AG59: =IF(G57="AL3",3,0) -> 0 | AH59: =IF(G57="AL2",2,0) -> 0 | AI59: =IF(G57="AL1",1,0) -> 0 | AJ59: =IF(AND(K57="",L57=""),TRUE,FALSE) -> TRUE | AK59: =IF(AND(K58="",L58=""),TRUE,FALSE) -> TRUE | AM59: =COUNTIF(AE59:AI59,0) -> 5 | AN59: =IF((E59=" "),TRUE,FALSE) -> FALSE | AO59: =COUNTIF(AE59:AI59,5) -> 0 | AP59: =COUNTIF(AE59:AI59,4) -> 0 | AQ59: =COUNTIF(AE59:AI59,2) -> 0 | AR59: =COUNTIF(AE59:AI59,1) -> 0 | AT59: =IF(G58="AL5",5,0) -> 0 | AU59: =IF(G58="AL4",4,0) -> 0 | AV59: =IF(G58="AL3",3,0) -> 0 | AW59: =IF(G58="AL2",2,0) -> 0 | AX59: =IF(G58="AL1",1,0) -> 0
D60: 3.4.2 | E60: There must be adequate trainee representation at the institutional and departmental levels. | H60: =VLOOKUP(G60,$BA$5:$BR$10,18) -> #N/A
H61: =VLOOKUP(G61,$BA$5:$BR$10,18) -> #N/A
E62: =IF(AND(I60="",J60="",K60="",L60=""),"INPUT ERROR! Please provide remarks"," ") -> INPUT ERROR! Please provide remarks | AD62: =IF(G60="",FALSE,TRUE) -> FALSE | AE62: =IF(G60="AL5",5,0) -> 0 | AF62: =IF(G60="AL4",4,0) -> 0 | AG62: =IF(G60="AL3",3,0) -> 0 | AH62: =IF(G60="AL2",2,0) -> 0 | AI62: =IF(G60="AL1",1,0) -> 0 | AJ62: =IF(AND(K60="",L60=""),TRUE,FALSE) -> TRUE | AK62: =IF(AND(K61="",L61=""),TRUE,FALSE) -> TRUE | AM62: =COUNTIF(AE62:AI62,0) -> 5 | AN62: =IF((E62=" "),TRUE,FALSE) -> FALSE | AO62: =COUNTIF(AE62:AI62,5) -> 0 | AP62: =COUNTIF(AE62:AI62,4) -> 0 | AQ62: =COUNTIF(AE62:AI62,2) -> 0 | AR62: =COUNTIF(AE62:AI62,1) -> 0 | AT62: =IF(G61="AL5",5,0) -> 0 | AU62: =IF(G61="AL4",4,0) -> 0 | AV62: =IF(G61="AL3",3,0) -> 0 | AW62: =IF(G61="AL2",2,0) -> 0 | AX62: =IF(G61="AL1",1,0) -> 0
D63: 3.4.3 | E63: Students must be facilitated to develop linkages with external stakeholders and to participate in activities to gain managerial, entrepreneurial and leadership skills in preparation for medical practice. | H63: =VLOOKUP(G63,$BA$5:$BS$10,19) -> #N/A
H64: =VLOOKUP(G64,$BA$5:$BS$10,19) -> #N/A
E65: =IF(AND(I63="",J63="",K63="",L63=""),"INPUT ERROR! Please provide remarks"," ") -> INPUT ERROR! Please provide remarks | AD65: =IF(G63="",FALSE,TRUE) -> FALSE | AE65: =IF(G63="AL5",5,0) -> 0 | AF65: =IF(G63="AL4",4,0) -> 0 | AG65: =IF(G63="AL3",3,0) -> 0 | AH65: =IF(G63="AL2",2,0) -> 0 | AI65: =IF(G63="AL1",1,0) -> 0 | AJ65: =IF(AND(K63="",L63=""),TRUE,FALSE) -> TRUE | AK65: =IF(AND(K64="",L64=""),TRUE,FALSE) -> TRUE | AM65: =COUNTIF(AE65:AI65,0) -> 5 | AN65: =IF((E65=" "),TRUE,FALSE) -> FALSE | AO65: =COUNTIF(AE65:AI65,5) -> 0 | AP65: =COUNTIF(AE65:AI65,4) -> 0 | AQ65: =COUNTIF(AE65:AI65,2) -> 0 | AR65: =COUNTIF(AE65:AI65,1) -> 0 | AT65: =IF(G64="AL5",5,0) -> 0 | AU65: =IF(G64="AL4",4,0) -> 0 | AV65: =IF(G64="AL3",3,0) -> 0 | AW65: =IF(G64="AL2",2,0) -> 0 | AX65: =IF(G64="AL1",1,0) -> 0
D66: 3.4.4 | E66: Student activities and organisations must be facilitated to encourage character building, inculcate a sense of belonging and social responsibility, be a change advocate and promote active citizenship. | H66: =VLOOKUP(G66,$BA$5:$BT$10,20) -> #N/A
H67: =VLOOKUP(G67,$BA$5:$BT$10,20) -> #N/A
E68: =IF(AND(I66="",J66="",K66="",L66=""),"INPUT ERROR! Please provide remarks"," ") -> INPUT ERROR! Please provide remarks | AD68: =IF(G66="",FALSE,TRUE) -> FALSE | AE68: =IF(G66="AL5",5,0) -> 0 | AF68: =IF(G66="AL4",4,0) -> 0 | AG68: =IF(G66="AL3",3,0) -> 0 | AH68: =IF(G66="AL2",2,0) -> 0 | AI68: =IF(G66="AL1",1,0) -> 0 | AJ68: =IF(AND(K66="",L66=""),TRUE,FALSE) -> TRUE | AK68: =IF(AND(K67="",L67=""),TRUE,FALSE) -> TRUE | AM68: =COUNTIF(AE68:AI68,0) -> 5 | AN68: =IF((E68=" "),TRUE,FALSE) -> FALSE | AO68: =COUNTIF(AE68:AI68,5) -> 0 | AP68: =COUNTIF(AE68:AI68,4) -> 0 | AQ68: =COUNTIF(AE68:AI68,2) -> 0 | AR68: =COUNTIF(AE68:AI68,1) -> 0 | AT68: =IF(G67="AL5",5,0) -> 0 | AU68: =IF(G67="AL4",4,0) -> 0 | AV68: =IF(G67="AL3",3,0) -> 0 | AW68: =IF(G67="AL2",2,0) -> 0 | AX68: =IF(G67="AL1",1,0) -> 0
D70: 3.5 | E70: Professional Bodies and Societies | G70: Achievement Level (AL) | H70: AL Descriptor | I70: Strength | J70: Concern | K70: Opportunity For Improvement / Recommendation | L70: Steps taken to address the problem areas Actions specified by the Evaluation Panel or proposed action as specified by the department itself. Opportunity for Improvement (OFI)
D71: 3.5.1 | E71: The educational training provider must foster active linkages with professional bodies and societies to develop, review and continuously improve the programme. | H71: =VLOOKUP(G71,$BA$5:$BU$10,21) -> #N/A
H72: =VLOOKUP(G72,$BA$5:$BU$10,21) -> #N/A
E73: =IF(AND(I71="",J71="",K71="",L71=""),"INPUT ERROR! Please provide remarks"," ") -> INPUT ERROR! Please provide remarks | AD73: =IF(G71="",FALSE,TRUE) -> FALSE | AE73: =IF(G71="AL5",5,0) -> 0 | AF73: =IF(G71="AL4",4,0) -> 0 | AG73: =IF(G71="AL3",3,0) -> 0 | AH73: =IF(G71="AL2",2,0) -> 0 | AI73: =IF(G71="AL1",1,0) -> 0 | AJ73: =IF(AND(K71="",L71=""),TRUE,FALSE) -> TRUE | AK73: =IF(AND(K72="",L72=""),TRUE,FALSE) -> TRUE | AM73: =COUNTIF(AE73:AI73,0) -> 5 | AN73: =IF((E73=" "),TRUE,FALSE) -> FALSE | AO73: =COUNTIF(AE73:AI73,5) -> 0 | AP73: =COUNTIF(AE73:AI73,4) -> 0 | AQ73: =COUNTIF(AE73:AI73,2) -> 0 | AR73: =COUNTIF(AE73:AI73,1) -> 0 | AT73: =IF(G72="AL5",5,0) -> 0 | AU73: =IF(G72="AL4",4,0) -> 0 | AV73: =IF(G72="AL3",3,0) -> 0 | AW73: =IF(G72="AL2",2,0) -> 0 | AX73: =IF(G72="AL1",1,0) -> 0
AD77: =IF(AND(AD8:AD73,AN8:AN73),TRUE,FALSE) -> FALSE | AJ77: =IF(AND(AJ8:AJ73),TRUE,FALSE) -> TRUE | AK77: =IF(AND(AK8:AK73),TRUE,FALSE) -> TRUE
AD79: =COUNTA(AD8:AD73) -> 20 | AE79: =COUNTIF(AE8:AE73,5) -> 0 | AF79: =COUNTIF(AF8:AF73,4) -> 0 | AG79: =COUNTIF(AG8:AG73,3) -> 0 | AH79: =COUNTIF(AH8:AH73,2) -> 0 | AI79: =COUNTIF(AI8:AI73,1) -> 0 | AT79: =COUNTIF(AT8:AT73,5) -> 0 | AU79: =COUNTIF(AU8:AU73,4) -> 0 | AV79: =COUNTIF(AV8:AV73,3) -> 0 | AW79: =COUNTIF(AW8:AW73,2) -> 0 | AX79: =COUNTIF(AX8:AX73,1) -> 0

Sheet Sheet1 (4)
H1: Evaluation Instrument for Medical Specialist Training Programme
H2: Malaysian Medical Council (MMC)
G4: AREA 4: TRAINERS
D5: 4.1 | E5: Recruitment and Management | G5: Achievement Level (AL) | H5: AL Descriptor | I5: Strength | J5: Concern | K5: Opportunity For Improvement / Recommendation | L5: Steps taken to address the problem areas Actions specified by the Evaluation Panel or proposed action as specified by the department itself. Opportunity for Improvement (OFI) | AD5: √ | BA5: AL1 | BB5: Highly unsatisfactory None of the aspect defined in the criteria have been demonstrated | BC5: Highly unsatisfactory None of the aspect defined in the criteria have been demonstrated | BD5: Highly unsatisfactory None of the aspect defined in the criteria have been demonstrated | BE5: Highly unsatisfactory None of the aspect defined in the criteria have been demonstrated | BF5: Highly unsatisfactory None of the aspect defined in the criteria have been demonstrated | BG5: Highly unsatisfactory None of the aspect defined in the criteria have been demonstrated | BH5: Highly unsatisfactory None of the aspect defined in the criteria have been demonstrated | BI5: Highly unsatisfactory None of the aspect defined in the criteria have been demonstrated | BJ5: Highly unsatisfactory None of the aspect defined in the criteria have been demonstrated | BK5: Highly unsatisfactory None of the aspect defined in the criteria have been demonstrated | BL5: Highly unsatisfactory None of the aspect defined in the criteria have been demonstrated | BM5: Highly unsatisfactory None of the aspect defined in the criteria have been demonstrated | BN5: Highly unsatisfactory None of the aspect defined in the criteria have been demonstrated | BO5: Highly unsatisfactory None of the aspect defined in the criteria have been demonstrated | BP5: Highly unsatisfactory None of the aspect defined in the criteria have been demonstrated
D6: 4.1.1 | E6: The educational training provider must have a clearly defined plan for its manpower needs consistent with institutional policies and programme requirements. | H6: =VLOOKUP(G6,$BA$5:$BR$11,2) -> #N/A | BA6: AL2 | BB6: Unsatisfactory Some aspects defined in the criteria have been demonstrated | BC6: Unsatisfactory Some aspects defined in the criteria have been demonstrated | BD6: Unsatisfactory Some aspects defined in the criteria have been demonstrated | BE6: Unsatisfactory Some aspects defined in the criteria have been demonstrated | BF6: Unsatisfactory Some aspects defined in the criteria have been demonstrated | BG6: Unsatisfactory Some aspects defined in the criteria have been demonstrated | BH6: Unsatisfactory Some aspects defined in the criteria have been demonstrated | BI6: Unsatisfactory Some aspects defined in the criteria have been demonstrated | BJ6: Unsatisfactory Some aspects defined in the criteria have been demonstrated | BK6: Unsatisfactory Some aspects defined in the criteria have been demonstrated | BL6: Unsatisfactory Some aspects defined in the criteria have been demonstrated | BM6: Unsatisfactory Some aspects defined in the criteria have been demonstrated | BN6: Unsatisfactory Some aspects defined in the criteria have been demonstrated | BO6: Unsatisfactory Some aspects defined in the criteria have been demonstrated | BP6: Unsatisfactory Some aspects defined in the criteria have been demonstrated
H7: =VLOOKUP(G7,$BA$5:$BR$11,2) -> #N/A | BA7: AL3 | BB7: Satisfactory All aspects defined in the criteria have been demonstrated | BC7: Satisfactory All aspects defined in the criteria have been demonstrated | BD7: Satisfactory All aspects defined in the criteria have been demonstrated | BE7: Satisfactory All aspects defined in the criteria have been demonstrated | BF7: Satisfactory All aspects defined in the criteria have been demonstrated | BG7: Satisfactory All aspects defined in the criteria have been demonstrated | BH7: Satisfactory All aspects defined in the criteria have been demonstrated | BI7: Satisfactory All aspects defined in the criteria have been demonstrated | BJ7: Satisfactory All aspects defined in the criteria have been demonstrated | BK7: Satisfactory All aspects defined in the criteria have been demonstrated | BL7: Satisfactory All aspects defined in the criteria have been demonstrated | BM7: Satisfactory All aspects defined in the criteria have been demonstrated | BN7: Satisfactory All aspects defined in the criteria have been demonstrated | BO7: Satisfactory All aspects defined in the criteria have been demonstrated | BP7: Satisfactory All aspects defined in the criteria have been demonstrated
E8: =IF(AND(I6="",J6="",K6="",L6=""),"INPUT ERROR! Please provide remarks"," ") -> INPUT ERROR! Please provide remarks | AD8: =IF(G6="",FALSE,TRUE) -> FALSE | AE8: =IF(G6="AL5",5,0) -> 0 | AF8: =IF(G6="AL4",4,0) -> 0 | AG8: =IF(G6="AL3",3,0) -> 0 | AH8: =IF(G6="AL2",2,0) -> 0 | AI8: =IF(G6="AL1",1,0) -> 0 | AJ8: =IF(AND(K6="",L6=""),TRUE,FALSE) -> TRUE | AK8: =IF(AND(K7="",L7=""),TRUE,FALSE) -> TRUE | AM8: =COUNTIF(AE8:AI8,0) -> 5 | AN8: =IF((E8=" "),TRUE,FALSE) -> FALSE | AO8: =COUNTIF(AE8:AI8,5) -> 0 | AP8: =COUNTIF(AE8:AI8,4) -> 0 | AQ8: =COUNTIF(AE8:AI8,2) -> 0 | AR8: =COUNTIF(AE8:AI8,1) -> 0 | AT8: =IF(G7="AL5",5,0) -> 0 | AU8: =IF(G7="AL4",4,0) -> 0 | AV8: =IF(G7="AL3",3,0) -> 0 | AW8: =IF(G7="AL2",2,0) -> 0 | AX8: =IF(G7="AL1",1,0) -> 0 | BA8: AL4 | BB8: Highly satisfactory All aspects defined in the criteria have been demonstrated with some examples of best practice | BC8: Highly satisfactory All aspects defined in the criteria have been demonstrated with some examples of best practice | BD8: Highly satisfactory All aspects defined in the criteria have been demonstrated with some examples of best practice | BE8: Highly satisfactory All aspects defined in the criteria have been demonstrated with some examples of best practice | BF8: Highly satisfactory All aspects defined in the criteria have been demonstrated with some examples of best practice | BG8: Highly satisfactory All aspects defined in the criteria have been demonstrated with some examples of best practice | BH8: Highly satisfactory All aspects defined in the criteria have been demonstrated with some examples of best practice | BI8: Highly satisfactory All aspects defined in the criteria have been demonstrated with some examples of best practice | BJ8: Highly satisfactory All aspects defined in the criteria have been demonstrated with some examples of best practice | BK8: Highly satisfactory All aspects defined in the criteria have been demonstrated with some examples of best practice | BL8: Highly satisfactory All aspects defined in the criteria have been demonstrated with some examples of best practice | BM8: Highly satisfactory All aspects defined in the criteria have been demonstrated with some examples of best practice | BN8: Highly satisfactory All aspects defined in the criteria have been demonstrated with some examples of best practice | BO8: Highly satisfactory All aspects defined in the criteria have been demonstrated with some examples of best practice | BP8: Highly satisfactory All aspects defined in the criteria have been demonstrated with some examples of best practice
D9: 4.1.2 | E9: The educational training provider must have a clear and documented trainer recruitment policy where the criteria for selection are based primarily on academic merit and relevant experience. The trainer must be registrable with appropriate regulatory bodies. This Standard is to be read with the Discipline-Specific Requirements. | H9: =VLOOKUP(G9,$BA$5:$BR$11,3) -> #N/A | BA9: AL5 | BB9: Exemplary All aspects defined in the criteria have been demonstrated with best practice that can be recommended externally | BC9: Exemplary All aspects defined in the criteria have been demonstrated with best practice that can be recommended externally | BD9: Exemplary All aspects defined in the criteria have been demonstrated with best practice that can be recommended externally | BE9: Exemplary All aspects defined in the criteria have been demonstrated with best practice that can be recommended externally | BF9: Exemplary All aspects defined in the criteria have been demonstrated with best practice that can be recommended externally | BG9: Exemplary All aspects defined in the criteria have been demonstrated with best practice that can be recommended externally | BH9: Exemplary All aspects defined in the criteria have been demonstrated with best practice that can be recommended externally | BI9: Exemplary All aspects defined in the criteria have been demonstrated with best practice that can be recommended externally | BJ9: Exemplary All aspects defined in the criteria have been demonstrated with best practice that can be recommended externally | BK9: Exemplary All aspects defined in the criteria have been demonstrated with best practice that can be recommended externally | BL9: Exemplary All aspects defined in the criteria have been demonstrated with best practice that can be recommended externally | BM9: Exemplary All aspects defined in the criteria have been demonstrated with best practice that can be recommended externally | BN9: Exemplary All aspects defined in the criteria have been demonstrated with best practice that can be recommended externally | BO9: Exemplary All aspects defined in the criteria have been demonstrated with best practice that can be recommended externally | BP9: Exemplary All aspects defined in the criteria have been demonstrated with best practice that can be recommended externally
H10: =VLOOKUP(G10,$BA$5:$BR$11,3) -> #N/A
E11: =IF(AND(I9="",J9="",K9="",L9=""),"INPUT ERROR! Please provide remarks"," ") -> INPUT ERROR! Please provide remarks | AD11: =IF(G9="",FALSE,TRUE) -> FALSE | AE11: =IF(G9="AL5",5,0) -> 0 | AF11: =IF(G9="AL4",4,0) -> 0 | AG11: =IF(G9="AL3",3,0) -> 0 | AH11: =IF(G9="AL2",2,0) -> 0 | AI11: =IF(G9="AL1",1,0) -> 0 | AJ11: =IF(AND(K9="",L9=""),TRUE,FALSE) -> TRUE | AK11: =IF(AND(K10="",L10=""),TRUE,FALSE) -> TRUE | AM11: =COUNTIF(AE11:AI11,0) -> 5 | AN11: =IF((E11=" "),TRUE,FALSE) -> FALSE | AO11: =COUNTIF(AE11:AI11,5) -> 0 | AP11: =COUNTIF(AE11:AI11,4) -> 0 | AQ11: =COUNTIF(AE11:AI11,2) -> 0 | AR11: =COUNTIF(AE11:AI11,1) -> 0 | AT11: =IF(G10="AL5",5,0) -> 0 | AU11: =IF(G10="AL4",4,0) -> 0 | AV11: =IF(G10="AL3",3,0) -> 0 | AW11: =IF(G10="AL2",2,0) -> 0 | AX11: =IF(G10="AL1",1,0) -> 0
D12: 4.1.3 | E12: The trainer-trainee ratio for the programme must be appropriate to the teaching-learning methods and comply with the programme standards for the discipline. | H12: =VLOOKUP(G12,$BA$5:$BR$11,4) -> #N/A
H13: =VLOOKUP(G13,$BA$5:$BR$11,4) -> #N/A
E14: =IF(AND(I12="",J12="",K12="",L12=""),"INPUT ERROR! Please provide remarks"," ") -> INPUT ERROR! Please provide remarks | AD14: =IF(G12="",FALSE,TRUE) -> FALSE | AE14: =IF(G12="AL5",5,0) -> 0 | AF14: =IF(G12="AL4",4,0) -> 0 | AG14: =IF(G12="AL3",3,0) -> 0 | AH14: =IF(G12="AL2",2,0) -> 0 | AI14: =IF(G12="AL1",1,0) -> 0 | AJ14: =IF(AND(K12="",L12=""),TRUE,FALSE) -> TRUE | AK14: =IF(AND(K13="",L13=""),TRUE,FALSE) -> TRUE | AM14: =COUNTIF(AE14:AI14,0) -> 5 | AN14: =IF((E14=" "),TRUE,FALSE) -> FALSE | AO14: =COUNTIF(AE14:AI14,5) -> 0 | AP14: =COUNTIF(AE14:AI14,4) -> 0 | AQ14: =COUNTIF(AE14:AI14,2) -> 0 | AR14: =COUNTIF(AE14:AI14,1) -> 0 | AT14: =IF(G13="AL5",5,0) -> 0 | AU14: =IF(G13="AL4",4,0) -> 0 | AV14: =IF(G13="AL3",3,0) -> 0 | AW14: =IF(G13="AL2",2,0) -> 0 | AX14: =IF(G13="AL1",1,0) -> 0
D15: 4.1.4 | E15: The policy of the educational training provider must reflect an equitable distribution of responsibilities among the trainers to allow effective training. | H15: =VLOOKUP(G15,$BA$5:$BR$11,5) -> #N/A
H16: =VLOOKUP(G16,$BA$5:$BR$11,5) -> #N/A
E17: =IF(AND(I15="",J15="",K15="",L15=""),"INPUT ERROR! Please provide remarks"," ") -> INPUT ERROR! Please provide remarks | AD17: =IF(G15="",FALSE,TRUE) -> FALSE | AE17: =IF(G15="AL5",5,0) -> 0 | AF17: =IF(G15="AL4",4,0) -> 0 | AG17: =IF(G15="AL3",3,0) -> 0 | AH17: =IF(G15="AL2",2,0) -> 0 | AI17: =IF(G15="AL1",1,0) -> 0 | AJ17: =IF(AND(K15="",L15=""),TRUE,FALSE) -> TRUE | AK17: =IF(AND(K16="",L16=""),TRUE,FALSE) -> TRUE | AM17: =COUNTIF(AE17:AI17,0) -> 5 | AN17: =IF((E17=" "),TRUE,FALSE) -> FALSE | AO17: =COUNTIF(AE17:AI17,5) -> 0 | AP17: =COUNTIF(AE17:AI17,4) -> 0 | AQ17: =COUNTIF(AE17:AI17,2) -> 0 | AR17: =COUNTIF(AE17:AI17,1) -> 0 | AT17: =IF(G16="AL5",5,0) -> 0 | AU17: =IF(G16="AL4",4,0) -> 0 | AV17: =IF(G16="AL3",3,0) -> 0 | AW17: =IF(G16="AL2",2,0) -> 0 | AX17: =IF(G16="AL1",1,0) -> 0
D18: 4.1.5 | E18: The recruitment policy for a particular programme must seek diversity among the trainers in terms of experience, approaches and backgrounds. | H18: =VLOOKUP(G18,$BA$5:$BR$11,6) -> #N/A
H19: =VLOOKUP(G19,$BA$5:$BR$11,6) -> #N/A
E20: =IF(AND(I18="",J18="",K18="",L18=""),"INPUT ERROR! Please provide remarks"," ") -> INPUT ERROR! Please provide remarks | AD20: =IF(G18="",FALSE,TRUE) -> FALSE | AE20: =IF(G18="AL5",5,0) -> 0 | AF20: =IF(G18="AL4",4,0) -> 0 | AG20: =IF(G18="AL3",3,0) -> 0 | AH20: =IF(G18="AL2",2,0) -> 0 | AI20: =IF(G18="AL1",1,0) -> 0 | AJ20: =IF(AND(K18="",L18=""),TRUE,FALSE) -> TRUE | AK20: =IF(AND(K19="",L19=""),TRUE,FALSE) -> TRUE | AM20: =COUNTIF(AE20:AI20,0) -> 5 | AN20: =IF((E20=" "),TRUE,FALSE) -> FALSE | AO20: =COUNTIF(AE20:AI20,5) -> 0 | AP20: =COUNTIF(AE20:AI20,4) -> 0 | AQ20: =COUNTIF(AE20:AI20,2) -> 0 | AR20: =COUNTIF(AE20:AI20,1) -> 0 | AT20: =IF(G19="AL5",5,0) -> 0 | AU20: =IF(G19="AL4",4,0) -> 0 | AV20: =IF(G19="AL3",3,0) -> 0 | AW20: =IF(G19="AL2",2,0) -> 0 | AX20: =IF(G19="AL1",1,0) -> 0
D21: 4.1.6 | E21: The policy for promotion, recognition and other benefits of its trainers must be transparent. | H21: =VLOOKUP(G21,$BA$5:$BR$11,7) -> #N/A
H22: =VLOOKUP(G22,$BA$5:$BR$11,7) -> #N/A
E23: =IF(AND(I21="",J21="",K21="",L21=""),"INPUT ERROR! Please provide remarks"," ") -> INPUT ERROR! Please provide remarks | AD23: =IF(G21="",FALSE,TRUE) -> FALSE | AE23: =IF(G21="AL5",5,0) -> 0 | AF23: =IF(G21="AL4",4,0) -> 0 | AG23: =IF(G21="AL3",3,0) -> 0 | AH23: =IF(G21="AL2",2,0) -> 0 | AI23: =IF(G21="AL1",1,0) -> 0 | AJ23: =IF(AND(K21="",L21=""),TRUE,FALSE) -> TRUE | AK23: =IF(AND(K22="",L22=""),TRUE,FALSE) -> TRUE | AM23: =COUNTIF(AE23:AI23,0) -> 5 | AN23: =IF((E23=" "),TRUE,FALSE) -> FALSE | AO23: =COUNTIF(AE23:AI23,5) -> 0 | AP23: =COUNTIF(AE23:AI23,4) -> 0 | AQ23: =COUNTIF(AE23:AI23,2) -> 0 | AR23: =COUNTIF(AE23:AI23,1) -> 0 | AT23: =IF(G22="AL5",5,0) -> 0 | AU23: =IF(G22="AL4",4,0) -> 0 | AV23: =IF(G22="AL3",3,0) -> 0 | AW23: =IF(G22="AL2",2,0) -> 0 | AX23: =IF(G22="AL1",1,0) -> 0
D24: 4.1.7 | E24: The educational training provider must pursue national and international linkages to provide for the involvement of experienced professionals, academics and practitioners in order to enhance teaching and learning in the programme. | H24: =VLOOKUP(G24,$BA$5:$BR$11,8) -> #N/A
H25: =VLOOKUP(G25,$BA$5:$BR$11,8) -> #N/A
E26: =IF(AND(I24="",J24="",K24="",L24=""),"INPUT ERROR! Please provide remarks"," ") -> INPUT ERROR! Please provide remarks | AD26: =IF(G24="",FALSE,TRUE) -> FALSE | AE26: =IF(G24="AL5",5,0) -> 0 | AF26: =IF(G24="AL4",4,0) -> 0 | AG26: =IF(G24="AL3",3,0) -> 0 | AH26: =IF(G24="AL2",2,0) -> 0 | AI26: =IF(G24="AL1",1,0) -> 0 | AJ26: =IF(AND(K24="",L24=""),TRUE,FALSE) -> TRUE | AK26: =IF(AND(K25="",L25=""),TRUE,FALSE) -> TRUE | AM26: =COUNTIF(AE26:AI26,0) -> 5 | AN26: =IF((E26=" "),TRUE,FALSE) -> FALSE | AO26: =COUNTIF(AE26:AI26,5) -> 0 | AP26: =COUNTIF(AE26:AI26,4) -> 0 | AQ26: =COUNTIF(AE26:AI26,2) -> 0 | AR26: =COUNTIF(AE26:AI26,1) -> 0 | AT26: =IF(G25="AL5",5,0) -> 0 | AU26: =IF(G25="AL4",4,0) -> 0 | AV26: =IF(G25="AL3",3,0) -> 0 | AW26: =IF(G25="AL2",2,0) -> 0 | AX26: =IF(G25="AL1",1,0) -> 0
D27: 4.1.8 | E27: The medical school must have national and international linkages for exchange of ideas, experience and best practices among academics, professionals and practitioners in order to enhance teaching and learning in the programme. | H27: =VLOOKUP(G27,$BA$5:$BR$11,9) -> #N/A
H28: =VLOOKUP(G28,$BA$5:$BR$11,9) -> #N/A
E29: =IF(AND(I27="",J27="",K27="",L27=""),"INPUT ERROR! Please provide remarks"," ") -> INPUT ERROR! Please provide remarks | AD29: =IF(G27="",FALSE,TRUE) -> FALSE | AE29: =IF(G27="AL5",5,0) -> 0 | AF29: =IF(G27="AL4",4,0) -> 0 | AG29: =IF(G27="AL3",3,0) -> 0 | AH29: =IF(G27="AL2",2,0) -> 0 | AI29: =IF(G27="AL1",1,0) -> 0 | AJ29: =IF(AND(K27="",L27=""),TRUE,FALSE) -> TRUE | AK29: =IF(AND(K28="",L28=""),TRUE,FALSE) -> TRUE | AM29: =COUNTIF(AE29:AI29,0) -> 5 | AN29: =IF((E29=" "),TRUE,FALSE) -> FALSE | AO29: =COUNTIF(AE29:AI29,5) -> 0 | AP29: =COUNTIF(AE29:AI29,4) -> 0 | AQ29: =COUNTIF(AE29:AI29,2) -> 0 | AR29: =COUNTIF(AE29:AI29,1) -> 0 | AT29: =IF(G28="AL5",5,0) -> 0 | AU29: =IF(G28="AL4",4,0) -> 0 | AV29: =IF(G28="AL3",3,0) -> 0 | AW29: =IF(G28="AL2",2,0) -> 0 | AX29: =IF(G28="AL1",1,0) -> 0
D31: 4.2 | E31: Service and Development | G31: Achievement Level (AL) | H31: AL Descriptor | I31: Strength | J31: Concern | K31: Opportunity For Improvement / Recommendation | L31: Steps taken to address the problem areas Actions specified by the Evaluation Panel or proposed action as specified by the department itself. Opportunity for Improvement (OFI)
D32: 4.2.1 | E32: The educational training provider must have policies addressing matters related to service, development, welfare and appraisal of the trainers. | H32: =VLOOKUP(G32,$BA$5:$BR$11,10) -> #N/A
H33: =VLOOKUP(G33,$BA$5:$BR$11,10) -> #N/A
E34: =IF(AND(I32="",J32="",K32="",L32=""),"INPUT ERROR! Please provide remarks"," ") -> INPUT ERROR! Please provide remarks | AD34: =IF(G32="",FALSE,TRUE) -> FALSE | AE34: =IF(G32="AL5",5,0) -> 0 | AF34: =IF(G32="AL4",4,0) -> 0 | AG34: =IF(G32="AL3",3,0) -> 0 | AH34: =IF(G32="AL2",2,0) -> 0 | AI34: =IF(G32="AL1",1,0) -> 0 | AJ34: =IF(AND(K32="",L32=""),TRUE,FALSE) -> TRUE | AK34: =IF(AND(K33="",L33=""),TRUE,FALSE) -> TRUE | AM34: =COUNTIF(AE34:AI34,0) -> 5 | AN34: =IF((E34=" "),TRUE,FALSE) -> FALSE | AO34: =COUNTIF(AE34:AI34,5) -> 0 | AP34: =COUNTIF(AE34:AI34,4) -> 0 | AQ34: =COUNTIF(AE34:AI34,2) -> 0 | AR34: =COUNTIF(AE34:AI34,1) -> 0 | AT34: =IF(G33="AL5",5,0) -> 0 | AU34: =IF(G33="AL4",4,0) -> 0 | AV34: =IF(G33="AL3",3,0) -> 0 | AW34: =IF(G33="AL2",2,0) -> 0 | AX34: =IF(G33="AL1",1,0) -> 0
D35: 4.2.2 | E35: The educational training provider must have clear policies on conflict of interest and professional conduct, including procedures for handling disciplinary cases among trainers. | H35: =VLOOKUP(G35,$BA$5:$BR$11,11) -> #N/A
H36: =VLOOKUP(G36,$BA$5:$BR$11,11) -> #N/A
E37: =IF(AND(I35="",J35="",K35="",L35=""),"INPUT ERROR! Please provide remarks"," ") -> INPUT ERROR! Please provide remarks | AD37: =IF(G35="",FALSE,TRUE) -> FALSE | AE37: =IF(G35="AL5",5,0) -> 0 | AF37: =IF(G35="AL4",4,0) -> 0 | AG37: =IF(G35="AL3",3,0) -> 0 | AH37: =IF(G35="AL2",2,0) -> 0 | AI37: =IF(G35="AL1",1,0) -> 0 | AJ37: =IF(AND(K35="",L35=""),TRUE,FALSE) -> TRUE | AK37: =IF(AND(K36="",L36=""),TRUE,FALSE) -> TRUE | AM37: =COUNTIF(AE37:AI37,0) -> 5 | AN37: =IF((E37=" "),TRUE,FALSE) -> FALSE | AO37: =COUNTIF(AE37:AI37,5) -> 0 | AP37: =COUNTIF(AE37:AI37,4) -> 0 | AQ37: =COUNTIF(AE37:AI37,2) -> 0 | AR37: =COUNTIF(AE37:AI37,1) -> 0 | AT37: =IF(G36="AL5",5,0) -> 0 | AU37: =IF(G36="AL4",4,0) -> 0 | AV37: =IF(G36="AL3",3,0) -> 0 | AW37: =IF(G36="AL2",2,0) -> 0 | AX37: =IF(G36="AL1",1,0) -> 0
D38: 4.2.3 | E38: The educational training provider must have mechanisms and processes for periodic trainer evaluation by trainees for quality improvement. | H38: =VLOOKUP(G38,$BA$5:$BR$11,12) -> #N/A
H39: =VLOOKUP(G39,$BA$5:$BR$11,12) -> #N/A
E40: =IF(AND(I38="",J38="",K38="",L38=""),"INPUT ERROR! Please provide remarks"," ") -> INPUT ERROR! Please provide remarks | AD40: =IF(G38="",FALSE,TRUE) -> FALSE | AE40: =IF(G38="AL5",5,0) -> 0 | AF40: =IF(G38="AL4",4,0) -> 0 | AG40: =IF(G38="AL3",3,0) -> 0 | AH40: =IF(G38="AL2",2,0) -> 0 | AI40: =IF(G38="AL1",1,0) -> 0 | AJ40: =IF(AND(K38="",L38=""),TRUE,FALSE) -> TRUE | AK40: =IF(AND(K39="",L39=""),TRUE,FALSE) -> TRUE | AM40: =COUNTIF(AE40:AI40,0) -> 5 | AN40: =IF((E40=" "),TRUE,FALSE) -> FALSE | AO40: =COUNTIF(AE40:AI40,5) -> 0 | AP40: =COUNTIF(AE40:AI40,4) -> 0 | AQ40: =COUNTIF(AE40:AI40,2) -> 0 | AR40: =COUNTIF(AE40:AI40,1) -> 0 | AT40: =IF(G39="AL5",5,0) -> 0 | AU40: =IF(G39="AL4",4,0) -> 0 | AV40: =IF(G39="AL3",3,0) -> 0 | AW40: =IF(G39="AL2",2,0) -> 0 | AX40: =IF(G39="AL1",1,0) -> 0
D41: 4.2.4 | E41: The educational training provider must have a development programme for new and existing trainers to enhance their roles as educators. | H41: =VLOOKUP(G41,$BA$5:$BR$11,13) -> #N/A
H42: =VLOOKUP(G42,$BA$5:$BR$11,13) -> #N/A
E43: =IF(AND(I41="",J41="",K41="",L41=""),"INPUT ERROR! Please provide remarks"," ") -> INPUT ERROR! Please provide remarks | AD43: =IF(G41="",FALSE,TRUE) -> FALSE | AE43: =IF(G41="AL5",5,0) -> 0 | AF43: =IF(G41="AL4",4,0) -> 0 | AG43: =IF(G41="AL3",3,0) -> 0 | AH43: =IF(G41="AL2",2,0) -> 0 | AI43: =IF(G41="AL1",1,0) -> 0 | AJ43: =IF(AND(K41="",L41=""),TRUE,FALSE) -> TRUE | AK43: =IF(AND(K42="",L42=""),TRUE,FALSE) -> TRUE | AM43: =COUNTIF(AE43:AI43,0) -> 5 | AN43: =IF((E43=" "),TRUE,FALSE) -> FALSE | AO43: =COUNTIF(AE43:AI43,5) -> 0 | AP43: =COUNTIF(AE43:AI43,4) -> 0 | AQ43: =COUNTIF(AE43:AI43,2) -> 0 | AR43: =COUNTIF(AE43:AI43,1) -> 0 | AT43: =IF(G42="AL5",5,0) -> 0 | AU43: =IF(G42="AL4",4,0) -> 0 | AV43: =IF(G42="AL3",3,0) -> 0 | AW43: =IF(G42="AL2",2,0) -> 0 | AX43: =IF(G42="AL1",1,0) -> 0
D44: 4.2.5 | E44: The educational training provider must encourage and facilitate its trainers to play an active role in community and professional engagement to enhance the programme. | H44: =VLOOKUP(G44,$BA$5:$BR$11,14) -> #N/A
H45: =VLOOKUP(G45,$BA$5:$BR$11,14) -> #N/A
E46: =IF(AND(I44="",J44="",K44="",L44=""),"INPUT ERROR! Please provide remarks"," ") -> INPUT ERROR! Please provide remarks | AD46: =IF(G44="",FALSE,TRUE) -> FALSE | AE46: =IF(G44="AL5",5,0) -> 0 | AF46: =IF(G44="AL4",4,0) -> 0 | AG46: =IF(G44="AL3",3,0) -> 0 | AH46: =IF(G44="AL2",2,0) -> 0 | AI46: =IF(G44="AL1",1,0) -> 0 | AJ46: =IF(AND(K44="",L44=""),TRUE,FALSE) -> TRUE | AK46: =IF(AND(K45="",L45=""),TRUE,FALSE) -> TRUE | AM46: =COUNTIF(AE46:AI46,0) -> 5 | AN46: =IF((E46=" "),TRUE,FALSE) -> FALSE | AO46: =COUNTIF(AE46:AI46,5) -> 0 | AP46: =COUNTIF(AE46:AI46,4) -> 0 | AQ46: =COUNTIF(AE46:AI46,2) -> 0 | AR46: =COUNTIF(AE46:AI46,1) -> 0 | AT46: =IF(G45="AL5",5,0) -> 0 | AU46: =IF(G45="AL4",4,0) -> 0 | AV46: =IF(G45="AL3",3,0) -> 0 | AW46: =IF(G45="AL2",2,0) -> 0 | AX46: =IF(G45="AL1",1,0) -> 0
D47: 4.2.6 | E47: The medical school must provide opportunities for academic staff to participate in professional, academic and other relevant activities, at national and international levels to obtain professional qualifications to enhance teaching-learning experience. | H47: =VLOOKUP(G47,$BA$5:$BR$11,15) -> #N/A
H48: =VLOOKUP(G48,$BA$5:$BR$11,15) -> #N/A
E49: =IF(AND(I47="",J47="",K47="",L47=""),"INPUT ERROR! Please provide remarks"," ") -> INPUT ERROR! Please provide remarks | AD49: =IF(G47="",FALSE,TRUE) -> FALSE | AE49: =IF(G47="AL5",5,0) -> 0 | AF49: =IF(G47="AL4",4,0) -> 0 | AG49: =IF(G47="AL3",3,0) -> 0 | AH49: =IF(G47="AL2",2,0) -> 0 | AI49: =IF(G47="AL1",1,0) -> 0 | AJ49: =IF(AND(K47="",L47=""),TRUE,FALSE) -> TRUE | AK49: =IF(AND(K48="",L48=""),TRUE,FALSE) -> TRUE | AM49: =COUNTIF(AE49:AI49,0) -> 5 | AN49: =IF((E49=" "),TRUE,FALSE) -> FALSE | AO49: =COUNTIF(AE49:AI49,5) -> 0 | AP49: =COUNTIF(AE49:AI49,4) -> 0 | AQ49: =COUNTIF(AE49:AI49,2) -> 0 | AR49: =COUNTIF(AE49:AI49,1) -> 0 | AT49: =IF(G48="AL5",5,0) -> 0 | AU49: =IF(G48="AL4",4,0) -> 0 | AV49: =IF(G48="AL3",3,0) -> 0 | AW49: =IF(G48="AL2",2,0) -> 0 | AX49: =IF(G48="AL1",1,0) -> 0
D50: 4.2.7 | E50: The medical school must encourage and facilitate its academic staff to play an active role in community engagement activities. | H50: =VLOOKUP(G50,$BA$5:$BR$11,16) -> #N/A
H51: =VLOOKUP(G51,$BA$5:$BR$11,16) -> #N/A
E52: =IF(AND(I50="",J50="",K50="",L50=""),"INPUT ERROR! Please provide remarks"," ") -> INPUT ERROR! Please provide remarks | AD52: =IF(G50="",FALSE,TRUE) -> FALSE | AE52: =IF(G50="AL5",5,0) -> 0 | AF52: =IF(G50="AL4",4,0) -> 0 | AG52: =IF(G50="AL3",3,0) -> 0 | AH52: =IF(G50="AL2",2,0) -> 0 | AI52: =IF(G50="AL1",1,0) -> 0 | AJ52: =IF(AND(K50="",L50=""),TRUE,FALSE) -> TRUE | AK52: =IF(AND(K51="",L51=""),TRUE,FALSE) -> TRUE | AM52: =COUNTIF(AE52:AI52,0) -> 5 | AN52: =IF((E52=" "),TRUE,FALSE) -> FALSE | AO52: =COUNTIF(AE52:AI52,5) -> 0 | AP52: =COUNTIF(AE52:AI52,4) -> 0 | AQ52: =COUNTIF(AE52:AI52,2) -> 0 | AR52: =COUNTIF(AE52:AI52,1) -> 0 | AT52: =IF(G51="AL5",5,0) -> 0 | AU52: =IF(G51="AL4",4,0) -> 0 | AV52: =IF(G51="AL3",3,0) -> 0 | AW52: =IF(G51="AL2",2,0) -> 0 | AX52: =IF(G51="AL1",1,0) -> 0
AD61: =IF(AND(AD8:AD58,AN8:AN58),TRUE,FALSE) -> FALSE | AJ61: =IF(AND(AJ8:AJ59),TRUE,FALSE) -> TRUE | AK61: =IF(AND(AK8:AK59),TRUE,FALSE) -> TRUE
AD63: =COUNTA(AD8:AD58) -> 15 | AE63: =COUNTIF(AE8:AE58,5) -> 0 | AF63: =COUNTIF(AF8:AF58,4) -> 0 | AG63: =COUNTIF(AG8:AG58,3) -> 0 | AH63: =COUNTIF(AH8:AH58,2) -> 0 | AI63: =COUNTIF(AI8:AI58,1) -> 0 | AT63: =COUNTIF(AT8:AT58,5) -> 0 | AU63: =COUNTIF(AU8:AU58,4) -> 0 | AV63: =COUNTIF(AV8:AV58,3) -> 0 | AW63: =COUNTIF(AW8:AW58,2) -> 0 | AX63: =COUNTIF(AX8:AX58,1) -> 0

Sheet Sheet1 (5)
H1: Evaluation Instrument for Medical Specialist Training Programme
H2: Malaysian Medical Council (MMC)
G4: AREA 5: EDUCATIONAL RESOURCES
D5: 5.1 | E5: Physical Facilities | G5: Achievement Level (AL) | H5: AL Descriptor | I5: Strength | J5: Concern | K5: Opportunity For Improvement / Recommendation | L5: Steps taken to address the problem areas Actions specified by the Evaluation Panel or proposed action as specified by the department itself. Opportunity for Improvement (OFI) | AD5: √ | BA5: AL1 | BB5: Highly unsatisfactory None of the aspect defined in the criteria have been demonstrated | BC5: Highly unsatisfactory None of the aspect defined in the criteria have been demonstrated | BD5: Highly unsatisfactory None of the aspect defined in the criteria have been demonstrated | BE5: Highly unsatisfactory None of the aspect defined in the criteria have been demonstrated | BF5: Highly unsatisfactory None of the aspect defined in the criteria have been demonstrated | BG5: Highly unsatisfactory None of the aspect defined in the criteria have been demonstrated | BH5: Highly unsatisfactory None of the aspect defined in the criteria have been demonstrated | BI5: Highly unsatisfactory None of the aspect defined in the criteria have been demonstrated | BJ5: Highly unsatisfactory None of the aspect defined in the criteria have been demonstrated | BK5: Highly unsatisfactory None of the aspect defined in the criteria have been demonstrated | BL5: Highly unsatisfactory None of the aspect defined in the criteria have been demonstrated | BM5: Highly unsatisfactory None of the aspect defined in the criteria have been demonstrated
D6: 5.1.1 | E6: The programme must have access to sufficient and appropriate healthcare-related facilities to ensure its effective delivery, including facilities for practical and skill-based activities. The programme must have access to facilities that can cater for trainees with special needs. This Standard is to be read with the Discipline-Specific Requirements. | H6: =VLOOKUP(G6,$BA$5:$BT$11,2) -> #N/A | BA6: AL2 | BB6: Unsatisfactory Some aspects defined in the criteria have been demonstrated | BC6: Unsatisfactory Some aspects defined in the criteria have been demonstrated | BD6: Unsatisfactory Some aspects defined in the criteria have been demonstrated | BE6: Unsatisfactory Some aspects defined in the criteria have been demonstrated | BF6: Unsatisfactory Some aspects defined in the criteria have been demonstrated | BG6: Unsatisfactory Some aspects defined in the criteria have been demonstrated | BH6: Unsatisfactory Some aspects defined in the criteria have been demonstrated | BI6: Unsatisfactory Some aspects defined in the criteria have been demonstrated | BJ6: Unsatisfactory Some aspects defined in the criteria have been demonstrated | BK6: Unsatisfactory Some aspects defined in the criteria have been demonstrated | BL6: Unsatisfactory Some aspects defined in the criteria have been demonstrated | BM6: Unsatisfactory Some aspects defined in the criteria have been demonstrated
H7: =VLOOKUP(G7,$BA$5:$BT$11,2) -> #N/A | BA7: AL3 | BB7: Satisfactory All aspects defined in the criteria have been demonstrated | BC7: Satisfactory All aspects defined in the criteria have been demonstrated | BD7: Satisfactory All aspects defined in the criteria have been demonstrated | BE7: Satisfactory All aspects defined in the criteria have been demonstrated | BF7: Satisfactory All aspects defined in the criteria have been demonstrated | BG7: Satisfactory All aspects defined in the criteria have been demonstrated | BH7: Satisfactory All aspects defined in the criteria have been demonstrated | BI7: Satisfactory All aspects defined in the criteria have been demonstrated | BJ7: Satisfactory All aspects defined in the criteria have been demonstrated | BK7: Satisfactory All aspects defined in the criteria have been demonstrated | BL7: Satisfactory All aspects defined in the criteria have been demonstrated | BM7: Satisfactory All aspects defined in the criteria have been demonstrated
E8: =IF(AND(I6="",J6="",K6="",L6=""),"INPUT ERROR! Please provide remarks"," ") -> INPUT ERROR! Please provide remarks | AD8: =IF(G6="",FALSE,TRUE) -> FALSE | AE8: =IF(G6="AL5",5,0) -> 0 | AF8: =IF(G6="AL4",4,0) -> 0 | AG8: =IF(G6="AL3",3,0) -> 0 | AH8: =IF(G6="AL2",2,0) -> 0 | AI8: =IF(G6="AL1",1,0) -> 0 | AJ8: =IF(AND(K6="",L6=""),TRUE,FALSE) -> TRUE | AK8: =IF(AND(K7="",L7=""),TRUE,FALSE) -> TRUE | AM8: =COUNTIF(AE8:AI8,0) -> 5 | AN8: =IF((E8=" "),TRUE,FALSE) -> FALSE | AO8: =COUNTIF(AE8:AI8,5) -> 0 | AP8: =COUNTIF(AE8:AI8,4) -> 0 | AQ8: =COUNTIF(AE8:AI8,2) -> 0 | AR8: =COUNTIF(AE8:AI8,1) -> 0 | AT8: =IF(G7="AL5",5,0) -> 0 | AU8: =IF(G7="AL4",4,0) -> 0 | AV8: =IF(G7="AL3",3,0) -> 0 | AW8: =IF(G7="AL2",2,0) -> 0 | AX8: =IF(G7="AL1",1,0) -> 0 | BA8: AL4 | BB8: Highly satisfactory All aspects defined in the criteria have been demonstrated with some examples of best practice | BC8: Highly satisfactory All aspects defined in the criteria have been demonstrated with some examples of best practice | BD8: Highly satisfactory All aspects defined in the criteria have been demonstrated with some examples of best practice | BE8: Highly satisfactory All aspects defined in the criteria have been demonstrated with some examples of best practice | BF8: Highly satisfactory All aspects defined in the criteria have been demonstrated with some examples of best practice | BG8: Highly satisfactory All aspects defined in the criteria have been demonstrated with some examples of best practice | BH8: Highly satisfactory All aspects defined in the criteria have been demonstrated with some examples of best practice | BI8: Highly satisfactory All aspects defined in the criteria have been demonstrated with some examples of best practice | BJ8: Highly satisfactory All aspects defined in the criteria have been demonstrated with some examples of best practice | BK8: Highly satisfactory All aspects defined in the criteria have been demonstrated with some examples of best practice | BL8: Highly satisfactory All aspects defined in the criteria have been demonstrated with some examples of best practice | BM8: Highly satisfactory All aspects defined in the criteria have been demonstrated with some examples of best practice
D9: 5.1.2 | E9: The physical facilities must comply with the relevant laws and regulations. | H9: =VLOOKUP(G9,$BA$5:$BT$11,3) -> #N/A | BA9: AL5 | BB9: Exemplary All aspects defined in the criteria have been demonstrated with best practice that can be recommended externally | BC9: Exemplary All aspects defined in the criteria have been demonstrated with best practice that can be recommended externally | BD9: Exemplary All aspects defined in the criteria have been demonstrated with best practice that can be recommended externally | BE9: Exemplary All aspects defined in the criteria have been demonstrated with best practice that can be recommended externally | BF9: Exemplary All aspects defined in the criteria have been demonstrated with best practice that can be recommended externally | BG9: Exemplary All aspects defined in the criteria have been demonstrated with best practice that can be recommended externally | BH9: Exemplary All aspects defined in the criteria have been demonstrated with best practice that can be recommended externally | BI9: Exemplary All aspects defined in the criteria have been demonstrated with best practice that can be recommended externally | BJ9: Exemplary All aspects defined in the criteria have been demonstrated with best practice that can be recommended externally | BK9: Exemplary All aspects defined in the criteria have been demonstrated with best practice that can be recommended externally | BL9: Exemplary All aspects defined in the criteria have been demonstrated with best practice that can be recommended externally | BM9: Exemplary All aspects defined in the criteria have been demonstrated with best practice that can be recommended externally
H10: =VLOOKUP(G10,$BA$5:$BT$11,3) -> #N/A
E11: =IF(AND(I9="",J9="",K9="",L9=""),"INPUT ERROR! Please provide remarks"," ") -> INPUT ERROR! Please provide remarks | AD11: =IF(G9="",FALSE,TRUE) -> FALSE | AE11: =IF(G9="AL5",5,0) -> 0 | AF11: =IF(G9="AL4",4,0) -> 0 | AG11: =IF(G9="AL3",3,0) -> 0 | AH11: =IF(G9="AL2",2,0) -> 0 | AI11: =IF(G9="AL1",1,0) -> 0 | AJ11: =IF(AND(K9="",L9=""),TRUE,FALSE) -> TRUE | AK11: =IF(AND(K10="",L10=""),TRUE,FALSE) -> TRUE | AM11: =COUNTIF(AE11:AI11,0) -> 5 | AN11: =IF((E11=" "),TRUE,FALSE) -> FALSE | AO11: =COUNTIF(AE11:AI11,5) -> 0 | AP11: =COUNTIF(AE11:AI11,4) -> 0 | AQ11: =COUNTIF(AE11:AI11,2) -> 0 | AR11: =COUNTIF(AE11:AI11,1) -> 0 | AT11: =IF(G10="AL5",5,0) -> 0 | AU11: =IF(G10="AL4",4,0) -> 0 | AV11: =IF(G10="AL3",3,0) -> 0 | AW11: =IF(G10="AL2",2,0) -> 0 | AX11: =IF(G10="AL1",1,0) -> 0
D12: 5.1.3 | E12: The educational training provider must provide access to a resource centre with adequate and current references and learning materials including e-learning resources that meet the needs of the programme. | H12: =VLOOKUP(G12,$BA$5:$BT$11,4) -> #N/A
H13: =VLOOKUP(G13,$BA$5:$BT$11,4) -> #N/A
E14: =IF(AND(I12="",J12="",K12="",L12=""),"INPUT ERROR! Please provide remarks"," ") -> INPUT ERROR! Please provide remarks | AD14: =IF(G12="",FALSE,TRUE) -> FALSE | AE14: =IF(G12="AL5",5,0) -> 0 | AF14: =IF(G12="AL4",4,0) -> 0 | AG14: =IF(G12="AL3",3,0) -> 0 | AH14: =IF(G12="AL2",2,0) -> 0 | AI14: =IF(G12="AL1",1,0) -> 0 | AJ14: =IF(AND(K12="",L12=""),TRUE,FALSE) -> TRUE | AK14: =IF(AND(K13="",L13=""),TRUE,FALSE) -> TRUE | AM14: =COUNTIF(AE14:AI14,0) -> 5 | AN14: =IF((E14=" "),TRUE,FALSE) -> FALSE | AO14: =COUNTIF(AE14:AI14,5) -> 0 | AP14: =COUNTIF(AE14:AI14,4) -> 0 | AQ14: =COUNTIF(AE14:AI14,2) -> 0 | AR14: =COUNTIF(AE14:AI14,1) -> 0 | AT14: =IF(G13="AL5",5,0) -> 0 | AU14: =IF(G13="AL4",4,0) -> 0 | AV14: =IF(G13="AL3",3,0) -> 0 | AW14: =IF(G13="AL2",2,0) -> 0 | AX14: =IF(G13="AL1",1,0) -> 0
D15: 5.1.4 | E15: The educational resources, services and facilities must be well-maintained and periodically upgraded. | H15: =VLOOKUP(G15,$BA$5:$BT$11,5) -> #N/A
H16: =VLOOKUP(G16,$BA$5:$BT$11,5) -> #N/A
E17: =IF(AND(I15="",J15="",K15="",L15=""),"INPUT ERROR! Please provide remarks"," ") -> INPUT ERROR! Please provide remarks | AD17: =IF(G15="",FALSE,TRUE) -> FALSE | AE17: =IF(G15="AL5",5,0) -> 0 | AF17: =IF(G15="AL4",4,0) -> 0 | AG17: =IF(G15="AL3",3,0) -> 0 | AH17: =IF(G15="AL2",2,0) -> 0 | AI17: =IF(G15="AL1",1,0) -> 0 | AJ17: =IF(AND(K15="",L15=""),TRUE,FALSE) -> TRUE | AK17: =IF(AND(K16="",L16=""),TRUE,FALSE) -> TRUE | AM17: =COUNTIF(AE17:AI17,0) -> 5 | AN17: =IF((E17=" "),TRUE,FALSE) -> FALSE | AO17: =COUNTIF(AE17:AI17,5) -> 0 | AP17: =COUNTIF(AE17:AI17,4) -> 0 | AQ17: =COUNTIF(AE17:AI17,2) -> 0 | AR17: =COUNTIF(AE17:AI17,1) -> 0 | AT17: =IF(G16="AL5",5,0) -> 0 | AU17: =IF(G16="AL4",4,0) -> 0 | AV17: =IF(G16="AL3",3,0) -> 0 | AW17: =IF(G16="AL2",2,0) -> 0 | AX17: =IF(G16="AL1",1,0) -> 0
D18: 5.1.5 | E18: The medical school must: • have a clear policy on ethical use of information and communication technology. • ensure access to web-based or other electronic media. | H18: =VLOOKUP(G18,$BA$5:$BT$11,6) -> #N/A
H19: =VLOOKUP(G19,$BA$5:$BT$11,6) -> #N/A
E20: =IF(AND(I18="",J18="",K18="",L18=""),"INPUT ERROR! Please provide remarks"," ") -> INPUT ERROR! Please provide remarks | AD20: =IF(G18="",FALSE,TRUE) -> FALSE | AE20: =IF(G18="AL5",5,0) -> 0 | AF20: =IF(G18="AL4",4,0) -> 0 | AG20: =IF(G18="AL3",3,0) -> 0 | AH20: =IF(G18="AL2",2,0) -> 0 | AI20: =IF(G18="AL1",1,0) -> 0 | AJ20: =IF(AND(K18="",L18=""),TRUE,FALSE) -> TRUE | AK20: =IF(AND(K19="",L19=""),TRUE,FALSE) -> TRUE | AM20: =COUNTIF(AE20:AI20,0) -> 5 | AN20: =IF((E20=" "),TRUE,FALSE) -> FALSE | AO20: =COUNTIF(AE20:AI20,5) -> 0 | AP20: =COUNTIF(AE20:AI20,4) -> 0 | AQ20: =COUNTIF(AE20:AI20,2) -> 0 | AR20: =COUNTIF(AE20:AI20,1) -> 0 | AT20: =IF(G19="AL5",5,0) -> 0 | AU20: =IF(G19="AL4",4,0) -> 0 | AV20: =IF(G19="AL3",3,0) -> 0 | AW20: =IF(G19="AL2",2,0) -> 0 | AX20: =IF(G19="AL1",1,0) -> 0
D22: 5.2 | E22: Research and Development | G22: Achievement Level (AL) | H22: AL Descriptor | I22: Strength | J22: Concern | K22: Opportunity For Improvement / Recommendation | L22: Steps taken to address the problem areas Actions specified by the Evaluation Panel or proposed action as specified by the department itself. Opportunity for Improvement (OFI)
D23: 5.2.1 | E23: The interaction between research and learning must be reflected in the curriculum, influence current teaching and prepare trainees for engagement in research, development and scholarship. | H23: =VLOOKUP(G23,$BA$5:$BT$11,7) -> #N/A
H24: =VLOOKUP(G24,$BA$5:$BT$11,7) -> #N/A
E25: =IF(AND(I23="",J23="",K23="",L23=""),"INPUT ERROR! Please provide remarks"," ") -> INPUT ERROR! Please provide remarks | AC25: =IF(G23="",FALSE,TRUE) -> FALSE | AD25: =AC25 -> FALSE | AE25: =IF(G23="AL5",5,0) -> 0 | AF25: =IF(G23="AL4",4,0) -> 0 | AG25: =IF(G23="AL3",3,0) -> 0 | AH25: =IF(G23="AL2",2,0) -> 0 | AI25: =IF(G23="AL1",1,0) -> 0 | AJ25: =IF(AND(K23="",L23=""),TRUE,FALSE) -> TRUE | AK25: =IF(AND(K24="",L24=""),TRUE,FALSE) -> TRUE | AM25: =COUNTIF(AE25:AI25,0) -> 5 | AN25: =IF((E25=" "),TRUE,FALSE) -> FALSE | AO25: =COUNTIF(AE25:AI25,5) -> 0 | AP25: =COUNTIF(AE25:AI25,4) -> 0 | AQ25: =COUNTIF(AE25:AI25,2) -> 0 | AR25: =COUNTIF(AE25:AI25,1) -> 0 | AT25: =IF(G24="AL5",5,0) -> 0 | AU25: =IF(G24="AL4",4,0) -> 0 | AV25: =IF(G24="AL3",3,0) -> 0 | AW25: =IF(G24="AL2",2,0) -> 0 | AX25: =IF(G24="AL1",1,0) -> 0
D26: 5.2.2 | E26: The educational training provider must have a policy on research with access to adequate facilities and resources to sustain them. | H26: =VLOOKUP(G26,$BA$5:$BT$11,8) -> #N/A
H27: =VLOOKUP(G27,$BA$5:$BT$11,8) -> #N/A
E28: =IF(AND(I26="",J26="",K26="",L26=""),"INPUT ERROR! Please provide remarks"," ") -> INPUT ERROR! Please provide remarks | AC28: =IF(G26="",FALSE,TRUE) -> FALSE | AD28: =AC28 -> FALSE | AE28: =IF(G26="AL5",5,0) -> 0 | AF28: =IF(G26="AL4",4,0) -> 0 | AG28: =IF(G26="AL3",3,0) -> 0 | AH28: =IF(G26="AL2",2,0) -> 0 | AI28: =IF(G26="AL1",1,0) -> 0 | AJ28: =IF(AND(K26="",L26=""),TRUE,FALSE) -> TRUE | AK28: =IF(AND(K27="",L27=""),TRUE,FALSE) -> TRUE | AM28: =COUNTIF(AE28:AI28,0) -> 5 | AN28: =IF((E28=" "),TRUE,FALSE) -> FALSE | AO28: =COUNTIF(AE28:AI28,5) -> 0 | AP28: =COUNTIF(AE28:AI28,4) -> 0 | AQ28: =COUNTIF(AE28:AI28,2) -> 0 | AR28: =COUNTIF(AE28:AI28,1) -> 0 | AT28: =IF(G27="AL5",5,0) -> 0 | AU28: =IF(G27="AL4",4,0) -> 0 | AV28: =IF(G27="AL3",3,0) -> 0 | AW28: =IF(G27="AL2",2,0) -> 0 | AX28: =IF(G27="AL1",1,0) -> 0
D29: 5.2.3 | E29: The educational training provider must periodically review its research resources and facilities to promote a conducive research environment. | H29: =VLOOKUP(G29,$BA$5:$BT$11,9) -> #N/A
H30: =VLOOKUP(G30,$BA$5:$BT$11,9) -> #N/A
E31: =IF(AND(I29="",J29="",K29="",L29=""),"INPUT ERROR! Please provide remarks"," ") -> INPUT ERROR! Please provide remarks | AC31: =IF(G29="",FALSE,TRUE) -> FALSE | AD31: =AC31 -> FALSE | AE31: =IF(G29="AL5",5,0) -> 0 | AF31: =IF(G29="AL4",4,0) -> 0 | AG31: =IF(G29="AL3",3,0) -> 0 | AH31: =IF(G29="AL2",2,0) -> 0 | AI31: =IF(G29="AL1",1,0) -> 0 | AJ31: =IF(AND(K29="",L29=""),TRUE,FALSE) -> TRUE | AK31: =IF(AND(K30="",L30=""),TRUE,FALSE) -> TRUE | AM31: =COUNTIF(AE31:AI31,0) -> 5 | AN31: =IF((E31=" "),TRUE,FALSE) -> FALSE | AO31: =COUNTIF(AE31:AI31,5) -> 0 | AP31: =COUNTIF(AE31:AI31,4) -> 0 | AQ31: =COUNTIF(AE31:AI31,2) -> 0 | AR31: =COUNTIF(AE31:AI31,1) -> 0 | AT31: =IF(G30="AL5",5,0) -> 0 | AU31: =IF(G30="AL4",4,0) -> 0 | AV31: =IF(G30="AL3",3,0) -> 0 | AW31: =IF(G30="AL2",2,0) -> 0 | AX31: =IF(G30="AL1",1,0) -> 0
D33: 5.3 | E33: Financial Resources | G33: Achievement Level (AL) | H33: AL Descriptor | I33: Strength | J33: Concern | K33: Opportunity For Improvement / Recommendation | L33: Steps taken to address the problem areas Actions specified by the Evaluation Panel or proposed action as specified by the department itself. Opportunity for Improvement (OFI)
D34: 5.3.1 | E34: The educational training provider must demonstrate financial viability and sustainability for the programme. | H34: =VLOOKUP(G34,$BA$5:$BT$11,10) -> #N/A
H35: =VLOOKUP(G35,$BA$5:$BT$11,10) -> #N/A
E36: =IF(AND(I34="",J34="",K34="",L34=""),"INPUT ERROR! Please provide remarks"," ") -> INPUT ERROR! Please provide remarks | AD36: =IF(G34="",FALSE,TRUE) -> FALSE | AE36: =IF(G34="AL5",5,0) -> 0 | AF36: =IF(G34="AL4",4,0) -> 0 | AG36: =IF(G34="AL3",3,0) -> 0 | AH36: =IF(G34="AL2",2,0) -> 0 | AI36: =IF(G34="AL1",1,0) -> 0 | AJ36: =IF(AND(K34="",L34=""),TRUE,FALSE) -> TRUE | AK36: =IF(AND(K35="",L35=""),TRUE,FALSE) -> TRUE | AM36: =COUNTIF(AE36:AI36,0) -> 5 | AN36: =IF((E36=" "),TRUE,FALSE) -> FALSE | AO36: =COUNTIF(AE36:AI36,5) -> 0 | AP36: =COUNTIF(AE36:AI36,4) -> 0 | AQ36: =COUNTIF(AE36:AI36,2) -> 0 | AR36: =COUNTIF(AE36:AI36,1) -> 0 | AT36: =IF(G35="AL5",5,0) -> 0 | AU36: =IF(G35="AL4",4,0) -> 0 | AV36: =IF(G35="AL3",3,0) -> 0 | AW36: =IF(G35="AL2",2,0) -> 0 | AX36: =IF(G35="AL1",1,0) -> 0
D37: 5.3.2 | E37: The educational training provider must have a clear line of responsibility, authority and processes for budgeting and resource allocation that takes into account the specific needs of the programme. | H37: =VLOOKUP(G37,$BA$5:$BT$11,11) -> #N/A
H38: =VLOOKUP(G38,$BA$5:$BT$11,11) -> #N/A
E39: =IF(AND(I37="",J37="",K37="",L37=""),"INPUT ERROR! Please provide remarks"," ") -> INPUT ERROR! Please provide remarks | AD39: =IF(G37="",FALSE,TRUE) -> FALSE | AE39: =IF(G37="AL5",5,0) -> 0 | AF39: =IF(G37="AL4",4,0) -> 0 | AG39: =IF(G37="AL3",3,0) -> 0 | AH39: =IF(G37="AL2",2,0) -> 0 | AI39: =IF(G37="AL1",1,0) -> 0 | AJ39: =IF(AND(K37="",L37=""),TRUE,FALSE) -> TRUE | AK39: =IF(AND(K38="",L38=""),TRUE,FALSE) -> TRUE | AM39: =COUNTIF(AE39:AI39,0) -> 5 | AN39: =IF((E39=" "),TRUE,FALSE) -> FALSE | AO39: =COUNTIF(AE39:AI39,5) -> 0 | AP39: =COUNTIF(AE39:AI39,4) -> 0 | AQ39: =COUNTIF(AE39:AI39,2) -> 0 | AR39: =COUNTIF(AE39:AI39,1) -> 0 | AT39: =IF(G38="AL5",5,0) -> 0 | AU39: =IF(G38="AL4",4,0) -> 0 | AV39: =IF(G38="AL3",3,0) -> 0 | AW39: =IF(G38="AL2",2,0) -> 0 | AX39: =IF(G38="AL1",1,0) -> 0
D40: 5.3.3 | E40: The HEP of the Medical School must have clear procedures to ensure its financial resources are sufficient for the implementation of the curriculum and distribute the educational resources in relation to the educational needs | H40: =VLOOKUP(G40,$BA$5:$BT$11,12) -> #N/A
H41: =VLOOKUP(G41,$BA$5:$BT$11,12) -> #N/A
E42: =IF(AND(I40="",J40="",K40="",L40=""),"INPUT ERROR! Please provide remarks"," ") -> INPUT ERROR! Please provide remarks | AD42: =IF(G40="",FALSE,TRUE) -> FALSE | AE42: =IF(G40="AL5",5,0) -> 0 | AF42: =IF(G40="AL4",4,0) -> 0 | AG42: =IF(G40="AL3",3,0) -> 0 | AH42: =IF(G40="AL2",2,0) -> 0 | AI42: =IF(G40="AL1",1,0) -> 0 | AJ42: =IF(AND(K40="",L40=""),TRUE,FALSE) -> TRUE | AK42: =IF(AND(K41="",L41=""),TRUE,FALSE) -> TRUE | AM42: =COUNTIF(AE42:AI42,0) -> 5 | AN42: =IF((E42=" "),TRUE,FALSE) -> FALSE | AO42: =COUNTIF(AE42:AI42,5) -> 0 | AP42: =COUNTIF(AE42:AI42,4) -> 0 | AQ42: =COUNTIF(AE42:AI42,2) -> 0 | AR42: =COUNTIF(AE42:AI42,1) -> 0 | AT42: =IF(G41="AL5",5,0) -> 0 | AU42: =IF(G41="AL4",4,0) -> 0 | AV42: =IF(G41="AL3",3,0) -> 0 | AW42: =IF(G41="AL2",2,0) -> 0 | AX42: =IF(G41="AL1",1,0) -> 0
D44: 5.4 | E44: Educational Expertise | G44: Achievement Level (AL) | H44: AL Descriptor | I44: Strength | J44: Concern | K44: Opportunity For Improvement / Recommendation | L44: Steps taken to address the problem areas Actions specified by the Evaluation Panel or proposed action as specified by the department itself. Opportunity for Improvement (OFI)
D45: 5.4.1 | E45: The medical school must: • have access to educational expertise • have a clear policy on the use of educational expertise in curriculum development and development of teaching-learning and assessment methods • demonstrate evidence of the use of in-house or external educational expertise in staff development. | H45: =VLOOKUP(G45,$BA$5:$BT$11,13) -> #N/A
H46: =VLOOKUP(G46,$BA$5:$BT$11,13) -> #N/A
E47: =IF(AND(I45="",J45="",K45="",L45=""),"INPUT ERROR! Please provide remarks"," ") -> INPUT ERROR! Please provide remarks | AD47: =IF(G45="",FALSE,TRUE) -> FALSE | AE47: =IF(G45="AL5",5,0) -> 0 | AF47: =IF(G45="AL4",4,0) -> 0 | AG47: =IF(G45="AL3",3,0) -> 0 | AH47: =IF(G45="AL2",2,0) -> 0 | AI47: =IF(G45="AL1",1,0) -> 0 | AJ47: =IF(AND(K45="",L45=""),TRUE,FALSE) -> TRUE | AK47: =IF(AND(K46="",L46=""),TRUE,FALSE) -> TRUE | AM47: =COUNTIF(AE47:AI47,0) -> 5 | AN47: =IF((E47=" "),TRUE,FALSE) -> FALSE | AO47: =COUNTIF(AE47:AI47,5) -> 0 | AP47: =COUNTIF(AE47:AI47,4) -> 0 | AQ47: =COUNTIF(AE47:AI47,2) -> 0 | AR47: =COUNTIF(AE47:AI47,1) -> 0 | AT47: =IF(G46="AL5",5,0) -> 0 | AU47: =IF(G46="AL4",4,0) -> 0 | AV47: =IF(G46="AL3",3,0) -> 0 | AW47: =IF(G46="AL2",2,0) -> 0 | AX47: =IF(G46="AL1",1,0) -> 0
AD64: =IF(AND(AD8:AD61,AN8:AN61),TRUE,FALSE) -> FALSE | AJ64: =IF(AND(AJ8:AJ62),TRUE,FALSE) -> TRUE | AK64: =IF(AND(AK8:AK62),TRUE,FALSE) -> TRUE
AD66: =COUNTA(AD8:AD61) -> 12 | AE66: =COUNTIF(AE8:AE61,5) -> 0 | AF66: =COUNTIF(AF8:AF61,4) -> 0 | AG66: =COUNTIF(AG8:AG61,3) -> 0 | AH66: =COUNTIF(AH8:AH61,2) -> 0 | AI66: =COUNTIF(AI8:AI61,1) -> 0 | AT66: =COUNTIF(AT8:AT61,5) -> 0 | AU66: =COUNTIF(AU8:AU61,4) -> 0 | AV66: =COUNTIF(AV8:AV61,3) -> 0 | AW66: =COUNTIF(AW8:AW61,2) -> 0 | AX66: =COUNTIF(AX8:AX61,1) -> 0

Sheet Sheet1 (6)
H1: Evaluation Instrument for Medical Specialist Training Programme
H2: Malaysian Medical Council (MMC)
G4: AREA 6: PROGRAMME MANAGEMENT
D5: 6.1 | E5: Programme Management | G5: Achievement Level (AL) | H5: AL Descriptor | I5: Strength | J5: Concern | K5: Opportunity For Improvement / Recommendation | L5: Steps taken to address the problem areas Actions specified by the Evaluation Panel or proposed action as specified by the department itself. Opportunity for Improvement (OFI) | AD5: √ | BA5: AL1 | BB5: Highly unsatisfactory None of the aspect defined in the criteria have been demonstrated | BC5: Highly unsatisfactory None of the aspect defined in the criteria have been demonstrated | BD5: Highly unsatisfactory None of the aspect defined in the criteria have been demonstrated | BE5: Highly unsatisfactory None of the aspect defined in the criteria have been demonstrated | BF5: Highly unsatisfactory None of the aspect defined in the criteria have been demonstrated | BG5: Highly unsatisfactory None of the aspect defined in the criteria have been demonstrated | BH5: Highly unsatisfactory None of the aspect defined in the criteria have been demonstrated | BI5: Highly unsatisfactory None of the aspect defined in the criteria have been demonstrated | BJ5: Highly unsatisfactory None of the aspect defined in the criteria have been demonstrated | BK5: Highly unsatisfactory None of the aspect defined in the criteria have been demonstrated | BL5: Highly unsatisfactory None of the aspect defined in the criteria have been demonstrated | BM5: Highly unsatisfactory None of the aspect defined in the criteria have been demonstrated | BN5: Highly unsatisfactory None of the aspect defined in the criteria have been demonstrated | BO5: Highly unsatisfactory None of the aspect defined in the criteria have been demonstrated | BP5: Highly unsatisfactory None of the aspect defined in the criteria have been demonstrated | BQ5: Highly unsatisfactory None of the aspect defined in the criteria have been demonstrated
D6: 6.1.1 | E6: The educational training provider must clarify its management structure and function, and the relationships between them. These must be communicated to all parties involved based on the principles of accountability and transparency. | H6: =VLOOKUP(G6,$BA$5:$BR$11,2) -> #N/A | BA6: AL2 | BB6: Unsatisfactory Some aspects defined in the criteria have been demonstrated | BC6: Unsatisfactory Some aspects defined in the criteria have been demonstrated | BD6: Unsatisfactory Some aspects defined in the criteria have been demonstrated | BE6: Unsatisfactory Some aspects defined in the criteria have been demonstrated | BF6: Unsatisfactory Some aspects defined in the criteria have been demonstrated | BG6: Unsatisfactory Some aspects defined in the criteria have been demonstrated | BH6: Unsatisfactory Some aspects defined in the criteria have been demonstrated | BI6: Unsatisfactory Some aspects defined in the criteria have been demonstrated | BJ6: Unsatisfactory Some aspects defined in the criteria have been demonstrated | BK6: Unsatisfactory Some aspects defined in the criteria have been demonstrated | BL6: Unsatisfactory Some aspects defined in the criteria have been demonstrated | BM6: Unsatisfactory Some aspects defined in the criteria have been demonstrated | BN6: Unsatisfactory Some aspects defined in the criteria have been demonstrated | BO6: Unsatisfactory Some aspects defined in the criteria have been demonstrated | BP6: Unsatisfactory Some aspects defined in the criteria have been demonstrated | BQ6: Unsatisfactory Some aspects defined in the criteria have been demonstrated
H7: =VLOOKUP(G7,$BA$5:$BR$11,2) -> #N/A | BA7: AL3 | BB7: Satisfactory All aspects defined in the criteria have been demonstrated | BC7: Satisfactory All aspects defined in the criteria have been demonstrated | BD7: Satisfactory All aspects defined in the criteria have been demonstrated | BE7: Satisfactory All aspects defined in the criteria have been demonstrated | BF7: Satisfactory All aspects defined in the criteria have been demonstrated | BG7: Satisfactory All aspects defined in the criteria have been demonstrated | BH7: Satisfactory All aspects defined in the criteria have been demonstrated | BI7: Satisfactory All aspects defined in the criteria have been demonstrated | BJ7: Satisfactory All aspects defined in the criteria have been demonstrated | BK7: Satisfactory All aspects defined in the criteria have been demonstrated | BL7: Satisfactory All aspects defined in the criteria have been demonstrated | BM7: Satisfactory All aspects defined in the criteria have been demonstrated | BN7: Satisfactory All aspects defined in the criteria have been demonstrated | BO7: Satisfactory All aspects defined in the criteria have been demonstrated | BP7: Satisfactory All aspects defined in the criteria have been demonstrated | BQ7: Satisfactory All aspects defined in the criteria have been demonstrated
E8: =IF(AND(I6="",J6="",K6="",L6=""),"INPUT ERROR! Please provide remarks"," ") -> INPUT ERROR! Please provide remarks | AD8: =IF(G6="",FALSE,TRUE) -> FALSE | AE8: =IF(G6="AL5",5,0) -> 0 | AF8: =IF(G6="AL4",4,0) -> 0 | AG8: =IF(G6="AL3",3,0) -> 0 | AH8: =IF(G6="AL2",2,0) -> 0 | AI8: =IF(G6="AL1",1,0) -> 0 | AJ8: =IF(AND(K6="",L6=""),TRUE,FALSE) -> TRUE | AK8: =IF(AND(K7="",L7=""),TRUE,FALSE) -> TRUE | AM8: =COUNTIF(AE8:AI8,0) -> 5 | AN8: =IF((E8=" "),TRUE,FALSE) -> FALSE | AO8: =COUNTIF(AE8:AI8,5) -> 0 | AP8: =COUNTIF(AE8:AI8,4) -> 0 | AQ8: =COUNTIF(AE8:AI8,2) -> 0 | AR8: =COUNTIF(AE8:AI8,1) -> 0 | AT8: =IF(G7="AL5",5,0) -> 0 | AU8: =IF(G7="AL4",4,0) -> 0 | AV8: =IF(G7="AL3",3,0) -> 0 | AW8: =IF(G7="AL2",2,0) -> 0 | AX8: =IF(G7="AL1",1,0) -> 0 | BA8: AL4 | BB8: Highly satisfactory All aspects defined in the criteria have been demonstrated with some examples of best practice | BC8: Highly satisfactory All aspects defined in the criteria have been demonstrated with some examples of best practice | BD8: Highly satisfactory All aspects defined in the criteria have been demonstrated with some examples of best practice | BE8: Highly satisfactory All aspects defined in the criteria have been demonstrated with some examples of best practice | BF8: Highly satisfactory All aspects defined in the criteria have been demonstrated with some examples of best practice | BG8: Highly satisfactory All aspects defined in the criteria have been demonstrated with some examples of best practice | BH8: Highly satisfactory All aspects defined in the criteria have been demonstrated with some examples of best practice | BI8: Highly satisfactory All aspects defined in the criteria have been demonstrated with some examples of best practice | BJ8: Highly satisfactory All aspects defined in the criteria have been demonstrated with some examples of best practice | BK8: Highly satisfactory All aspects defined in the criteria have been demonstrated with some examples of best practice | BL8: Highly satisfactory All aspects defined in the criteria have been demonstrated with some examples of best practice | BM8: Highly satisfactory All aspects defined in the criteria have been demonstrated with some examples of best practice | BN8: Highly satisfactory All aspects defined in the criteria have been demonstrated with some examples of best practice | BO8: Highly satisfactory All aspects defined in the criteria have been demonstrated with some examples of best practice | BP8: Highly satisfactory All aspects defined in the criteria have been demonstrated with some examples of best practice | BQ8: Highly satisfactory All aspects defined in the criteria have been demonstrated with some examples of best practice
D9: 6.1.2 | E9: The educational training provider must provide accurate, relevant and timely information about the programme which are easily and publicly accessible, especially to prospective trainees. | H9: =VLOOKUP(G9,$BA$5:$BR$11,3) -> #N/A | BA9: AL5 | BB9: Exemplary All aspects defined in the criteria have been demonstrated with best practice that can be recommended externally | BC9: Exemplary All aspects defined in the criteria have been demonstrated with best practice that can be recommended externally | BD9: Exemplary All aspects defined in the criteria have been demonstrated with best practice that can be recommended externally | BE9: Exemplary All aspects defined in the criteria have been demonstrated with best practice that can be recommended externally | BF9: Exemplary All aspects defined in the criteria have been demonstrated with best practice that can be recommended externally | BG9: Exemplary All aspects defined in the criteria have been demonstrated with best practice that can be recommended externally | BH9: Exemplary All aspects defined in the criteria have been demonstrated with best practice that can be recommended externally | BI9: Exemplary All aspects defined in the criteria have been demonstrated with best practice that can be recommended externally | BJ9: Exemplary All aspects defined in the criteria have been demonstrated with best practice that can be recommended externally | BK9: Exemplary All aspects defined in the criteria have been demonstrated with best practice that can be recommended externally | BL9: Exemplary All aspects defined in the criteria have been demonstrated with best practice that can be recommended externally | BM9: Exemplary All aspects defined in the criteria have been demonstrated with best practice that can be recommended externally | BN9: Exemplary All aspects defined in the criteria have been demonstrated with best practice that can be recommended externally | BO9: Exemplary All aspects defined in the criteria have been demonstrated with best practice that can be recommended externally | BP9: Exemplary All aspects defined in the criteria have been demonstrated with best practice that can be recommended externally | BQ9: Exemplary All aspects defined in the criteria have been demonstrated with best practice that can be recommended externally
H10: =VLOOKUP(G10,$BA$5:$BR$11,3) -> #N/A
E11: =IF(AND(I9="",J9="",K9="",L9=""),"INPUT ERROR! Please provide remarks"," ") -> INPUT ERROR! Please provide remarks | AD11: =IF(G9="",FALSE,TRUE) -> FALSE | AE11: =IF(G9="AL5",5,0) -> 0 | AF11: =IF(G9="AL4",4,0) -> 0 | AG11: =IF(G9="AL3",3,0) -> 0 | AH11: =IF(G9="AL2",2,0) -> 0 | AI11: =IF(G9="AL1",1,0) -> 0 | AJ11: =IF(AND(K9="",L9=""),TRUE,FALSE) -> TRUE | AK11: =IF(AND(K10="",L10=""),TRUE,FALSE) -> TRUE | AM11: =COUNTIF(AE11:AI11,0) -> 5 | AN11: =IF((E11=" "),TRUE,FALSE) -> FALSE | AO11: =COUNTIF(AE11:AI11,5) -> 0 | AP11: =COUNTIF(AE11:AI11,4) -> 0 | AQ11: =COUNTIF(AE11:AI11,2) -> 0 | AR11: =COUNTIF(AE11:AI11,1) -> 0 | AT11: =IF(G10="AL5",5,0) -> 0 | AU11: =IF(G10="AL4",4,0) -> 0 | AV11: =IF(G10="AL3",3,0) -> 0 | AW11: =IF(G10="AL2",2,0) -> 0 | AX11: =IF(G10="AL1",1,0) -> 0
D12: 6.1.3 | E12: The educational training provider must have policies, procedures and mechanisms for regular review and updating of its structures, functions, strategies and core activities to ensure continuous quality improvement. | H12: =VLOOKUP(G12,$BA$5:$BR$11,4) -> #N/A
H13: =VLOOKUP(G13,$BA$5:$BR$11,4) -> #N/A
E14: =IF(AND(I12="",J12="",K12="",L12=""),"INPUT ERROR! Please provide remarks"," ") -> INPUT ERROR! Please provide remarks | AD14: =IF(G12="",FALSE,TRUE) -> FALSE | AE14: =IF(G12="AL5",5,0) -> 0 | AF14: =IF(G12="AL4",4,0) -> 0 | AG14: =IF(G12="AL3",3,0) -> 0 | AH14: =IF(G12="AL2",2,0) -> 0 | AI14: =IF(G12="AL1",1,0) -> 0 | AJ14: =IF(AND(K12="",L12=""),TRUE,FALSE) -> TRUE | AK14: =IF(AND(K13="",L13=""),TRUE,FALSE) -> TRUE | AM14: =COUNTIF(AE14:AI14,0) -> 5 | AN14: =IF((E14=" "),TRUE,FALSE) -> FALSE | AO14: =COUNTIF(AE14:AI14,5) -> 0 | AP14: =COUNTIF(AE14:AI14,4) -> 0 | AQ14: =COUNTIF(AE14:AI14,2) -> 0 | AR14: =COUNTIF(AE14:AI14,1) -> 0 | AT14: =IF(G13="AL5",5,0) -> 0 | AU14: =IF(G13="AL4",4,0) -> 0 | AV14: =IF(G13="AL3",3,0) -> 0 | AW14: =IF(G13="AL2",2,0) -> 0 | AX14: =IF(G13="AL1",1,0) -> 0
D15: 6.1.4 | E15: The educational training provider must establish a committee or board for management of the programme that must be an effective decision-making body with an adequate degree of autonomy. | H15: =VLOOKUP(G15,$BA$5:$BR$11,5) -> #N/A
H16: =VLOOKUP(G16,$BA$5:$BR$11,5) -> #N/A
E17: =IF(AND(I15="",J15="",K15="",L15=""),"INPUT ERROR! Please provide remarks"," ") -> INPUT ERROR! Please provide remarks | AD17: =IF(G15="",FALSE,TRUE) -> FALSE | AE17: =IF(G15="AL5",5,0) -> 0 | AF17: =IF(G15="AL4",4,0) -> 0 | AG17: =IF(G15="AL3",3,0) -> 0 | AH17: =IF(G15="AL2",2,0) -> 0 | AI17: =IF(G15="AL1",1,0) -> 0 | AJ17: =IF(AND(K15="",L15=""),TRUE,FALSE) -> TRUE | AK17: =IF(AND(K16="",L16=""),TRUE,FALSE) -> TRUE | AM17: =COUNTIF(AE17:AI17,0) -> 5 | AN17: =IF((E17=" "),TRUE,FALSE) -> FALSE | AO17: =COUNTIF(AE17:AI17,5) -> 0 | AP17: =COUNTIF(AE17:AI17,4) -> 0 | AQ17: =COUNTIF(AE17:AI17,2) -> 0 | AR17: =COUNTIF(AE17:AI17,1) -> 0 | AT17: =IF(G16="AL5",5,0) -> 0 | AU17: =IF(G16="AL4",4,0) -> 0 | AV17: =IF(G16="AL3",3,0) -> 0 | AW17: =IF(G16="AL2",2,0) -> 0 | AX17: =IF(G16="AL1",1,0) -> 0
D18: 6.1.5 | E18: The educational training provider must establish mechanisms to ensure comparability of educational quality for programmes conducted in different training sites or partner institutions. | H18: =VLOOKUP(G18,$BA$5:$BR$11,6) -> #N/A
H19: =VLOOKUP(G19,$BA$5:$BR$11,6) -> #N/A
E20: =IF(AND(I18="",J18="",K18="",L18=""),"INPUT ERROR! Please provide remarks"," ") -> INPUT ERROR! Please provide remarks | AC20: =IF(G18="",FALSE,TRUE) -> FALSE | AD20: =AC20 -> FALSE | AE20: =IF(G18="AL5",5,0) -> 0 | AF20: =IF(G18="AL4",4,0) -> 0 | AG20: =IF(G18="AL3",3,0) -> 0 | AH20: =IF(G18="AL2",2,0) -> 0 | AI20: =IF(G18="AL1",1,0) -> 0 | AJ20: =IF(AND(K18="",L18=""),TRUE,FALSE) -> TRUE | AK20: =IF(AND(K19="",L19=""),TRUE,FALSE) -> TRUE | AM20: =COUNTIF(AE20:AI20,0) -> 5 | AN20: =IF((E20=" "),TRUE,FALSE) -> FALSE | AO20: =COUNTIF(AE20:AI20,5) -> 0 | AP20: =COUNTIF(AE20:AI20,4) -> 0 | AQ20: =COUNTIF(AE20:AI20,2) -> 0 | AR20: =COUNTIF(AE20:AI20,1) -> 0 | AT20: =IF(G19="AL5",5,0) -> 0 | AU20: =IF(G19="AL4",4,0) -> 0 | AV20: =IF(G19="AL3",3,0) -> 0 | AW20: =IF(G19="AL2",2,0) -> 0 | AX20: =IF(G19="AL1",1,0) -> 0
D21: 6.1.6 | E21: The educational training provider must have constructive interaction with healthcare-related sectors of society and the government to gauge healthcare needs and graduate employability. | H21: =VLOOKUP(G21,$BA$5:$BR$11,7) -> #N/A
H22: =VLOOKUP(G22,$BA$5:$BR$11,7) -> #N/A
E23: =IF(AND(I21="",J21="",K21="",L21=""),"INPUT ERROR! Please provide remarks"," ") -> INPUT ERROR! Please provide remarks | AD23: =IF(G21="",FALSE,TRUE) -> FALSE | AE23: =IF(G21="AL5",5,0) -> 0 | AF23: =IF(G21="AL4",4,0) -> 0 | AG23: =IF(G21="AL3",3,0) -> 0 | AH23: =IF(G21="AL2",2,0) -> 0 | AI23: =IF(G21="AL1",1,0) -> 0 | AJ23: =IF(AND(K21="",L21=""),TRUE,FALSE) -> TRUE | AK23: =IF(AND(K22="",L22=""),TRUE,FALSE) -> TRUE | AM23: =COUNTIF(AE23:AI23,0) -> 5 | AN23: =IF((E23=" "),TRUE,FALSE) -> FALSE | AO23: =COUNTIF(AE23:AI23,5) -> 0 | AP23: =COUNTIF(AE23:AI23,4) -> 0 | AQ23: =COUNTIF(AE23:AI23,2) -> 0 | AR23: =COUNTIF(AE23:AI23,1) -> 0 | AT23: =IF(G22="AL5",5,0) -> 0 | AU23: =IF(G22="AL4",4,0) -> 0 | AV23: =IF(G22="AL3",3,0) -> 0 | AW23: =IF(G22="AL2",2,0) -> 0 | AX23: =IF(G22="AL1",1,0) -> 0
D25: 6.2 | E25: Programme Leadership | G25: Achievement Level (AL) | H25: AL Descriptor | I25: Strength | J25: Concern | K25: Opportunity For Improvement / Recommendation | L25: Steps taken to address the problem areas Actions specified by the Evaluation Panel or proposed action as specified by the department itself. Opportunity for Improvement (OFI)
D26: 6.2.1 | E26: The Head of Programme, programme lead(s) and programme coordinators must be appropriately appointed and their responsibilities clearly stated. | H26: =VLOOKUP(G26,$BA$5:$BR$11,8) -> #N/A
H27: =VLOOKUP(G27,$BA$5:$BR$11,8) -> #N/A
E28: =IF(AND(I26="",J26="",K26="",L26=""),"INPUT ERROR! Please provide remarks"," ") -> INPUT ERROR! Please provide remarks | AD28: =IF(G26="",FALSE,TRUE) -> FALSE | AE28: =IF(G26="AL5",5,0) -> 0 | AF28: =IF(G26="AL4",4,0) -> 0 | AG28: =IF(G26="AL3",3,0) -> 0 | AH28: =IF(G26="AL2",2,0) -> 0 | AI28: =IF(G26="AL1",1,0) -> 0 | AJ28: =IF(AND(K26="",L26=""),TRUE,FALSE) -> TRUE | AK28: =IF(AND(K27="",L27=""),TRUE,FALSE) -> TRUE | AM28: =COUNTIF(AE28:AI28,0) -> 5 | AN28: =IF((E28=" "),TRUE,FALSE) -> FALSE | AO28: =COUNTIF(AE28:AI28,5) -> 0 | AP28: =COUNTIF(AE28:AI28,4) -> 0 | AQ28: =COUNTIF(AE28:AI28,2) -> 0 | AR28: =COUNTIF(AE28:AI28,1) -> 0 | AT28: =IF(G27="AL5",5,0) -> 0 | AU28: =IF(G27="AL4",4,0) -> 0 | AV28: =IF(G27="AL3",3,0) -> 0 | AW28: =IF(G27="AL2",2,0) -> 0 | AX28: =IF(G27="AL1",1,0) -> 0
D29: 6.2.2 | E29: The Head of Programme, programme lead(s) and programme coordinators must have appropriate qualification, knowledge and experience related to the programme he/she is responsible for. This Standard is to be read with the Discipline-Specific Requirements. | H29: =VLOOKUP(G29,$BA$5:$BR$11,9) -> #N/A
H30: =VLOOKUP(G30,$BA$5:$BR$11,9) -> #N/A
E31: =IF(AND(I29="",J29="",K29="",L29=""),"INPUT ERROR! Please provide remarks"," ") -> INPUT ERROR! Please provide remarks | AD31: =IF(G29="",FALSE,TRUE) -> FALSE | AE31: =IF(G29="AL5",5,0) -> 0 | AF31: =IF(G29="AL4",4,0) -> 0 | AG31: =IF(G29="AL3",3,0) -> 0 | AH31: =IF(G29="AL2",2,0) -> 0 | AI31: =IF(G29="AL1",1,0) -> 0 | AJ31: =IF(AND(K29="",L29=""),TRUE,FALSE) -> TRUE | AK31: =IF(AND(K30="",L30=""),TRUE,FALSE) -> TRUE | AM31: =COUNTIF(AE31:AI31,0) -> 5 | AN31: =IF((E31=" "),TRUE,FALSE) -> FALSE | AO31: =COUNTIF(AE31:AI31,5) -> 0 | AP31: =COUNTIF(AE31:AI31,4) -> 0 | AQ31: =COUNTIF(AE31:AI31,2) -> 0 | AR31: =COUNTIF(AE31:AI31,1) -> 0 | AT31: =IF(G30="AL5",5,0) -> 0 | AU31: =IF(G30="AL4",4,0) -> 0 | AV31: =IF(G30="AL3",3,0) -> 0 | AW31: =IF(G30="AL2",2,0) -> 0 | AX31: =IF(G30="AL1",1,0) -> 0
D32: 6.2.3 | E32: There must be mechanisms and processes for communication between the Head of Programme and educational training providers on matters such as staff recruitment and training, trainee admission, allocation of resources and decision-making processes. | H32: =VLOOKUP(G32,$BA$5:$BR$11,10) -> #N/A
H33: =VLOOKUP(G33,$BA$5:$BR$11,10) -> #N/A
E34: =IF(AND(I32="",J32="",K32="",L32=""),"INPUT ERROR! Please provide remarks"," ") -> INPUT ERROR! Please provide remarks | AD34: =IF(G32="",FALSE,TRUE) -> FALSE | AE34: =IF(G32="AL5",5,0) -> 0 | AF34: =IF(G32="AL4",4,0) -> 0 | AG34: =IF(G32="AL3",3,0) -> 0 | AH34: =IF(G32="AL2",2,0) -> 0 | AI34: =IF(G32="AL1",1,0) -> 0 | AJ34: =IF(AND(K32="",L32=""),TRUE,FALSE) -> TRUE | AK34: =IF(AND(K33="",L33=""),TRUE,FALSE) -> TRUE | AM34: =COUNTIF(AE34:AI34,0) -> 5 | AN34: =IF((E34=" "),TRUE,FALSE) -> FALSE | AO34: =COUNTIF(AE34:AI34,5) -> 0 | AP34: =COUNTIF(AE34:AI34,4) -> 0 | AQ34: =COUNTIF(AE34:AI34,2) -> 0 | AR34: =COUNTIF(AE34:AI34,1) -> 0 | AT34: =IF(G33="AL5",5,0) -> 0 | AU34: =IF(G33="AL4",4,0) -> 0 | AV34: =IF(G33="AL3",3,0) -> 0 | AW34: =IF(G33="AL2",2,0) -> 0 | AX34: =IF(G33="AL1",1,0) -> 0
D36: 6.3 | E36: Administrative Staff | G36: Achievement Level (AL) | H36: AL Descriptor | I36: Strength | J36: Concern | K36: Opportunity For Improvement / Recommendation | L36: Steps taken to address the problem areas Actions specified by the Evaluation Panel or proposed action as specified by the department itself. Opportunity for Improvement (OFI)
D37: 6.3.1 | E37: The educational training provider must have sufficient number of qualified administrative staff to support the effective implementation of the programme and related activities. | H37: =VLOOKUP(G37,$BA$5:$BR$11,11) -> #N/A
H38: =VLOOKUP(G38,$BA$5:$BR$11,11) -> #N/A
E39: =IF(AND(I37="",J37="",K37="",L37=""),"INPUT ERROR! Please provide remarks"," ") -> INPUT ERROR! Please provide remarks | AD39: =IF(G37="",FALSE,TRUE) -> FALSE | AE39: =IF(G37="AL5",5,0) -> 0 | AF39: =IF(G37="AL4",4,0) -> 0 | AG39: =IF(G37="AL3",3,0) -> 0 | AH39: =IF(G37="AL2",2,0) -> 0 | AI39: =IF(G37="AL1",1,0) -> 0 | AJ39: =IF(AND(K37="",L37=""),TRUE,FALSE) -> TRUE | AK39: =IF(AND(K38="",L38=""),TRUE,FALSE) -> TRUE | AM39: =COUNTIF(AE39:AI39,0) -> 5 | AN39: =IF((E39=" "),TRUE,FALSE) -> FALSE | AO39: =COUNTIF(AE39:AI39,5) -> 0 | AP39: =COUNTIF(AE39:AI39,4) -> 0 | AQ39: =COUNTIF(AE39:AI39,2) -> 0 | AR39: =COUNTIF(AE39:AI39,1) -> 0 | AT39: =IF(G38="AL5",5,0) -> 0 | AU39: =IF(G38="AL4",4,0) -> 0 | AV39: =IF(G38="AL3",3,0) -> 0 | AW39: =IF(G38="AL2",2,0) -> 0 | AX39: =IF(G38="AL1",1,0) -> 0
D40: 6.3.2 | E40: The educational training provider must conduct regular performance review of the administrative staff of the programme. | H40: =VLOOKUP(G40,$BA$5:$BR$11,12) -> #N/A
H41: =VLOOKUP(G41,$BA$5:$BR$11,12) -> #N/A
E42: =IF(AND(I40="",J40="",K40="",L40=""),"INPUT ERROR! Please provide remarks"," ") -> INPUT ERROR! Please provide remarks | AD42: =IF(G40="",FALSE,TRUE) -> FALSE | AE42: =IF(G40="AL5",5,0) -> 0 | AF42: =IF(G40="AL4",4,0) -> 0 | AG42: =IF(G40="AL3",3,0) -> 0 | AH42: =IF(G40="AL2",2,0) -> 0 | AI42: =IF(G40="AL1",1,0) -> 0 | AJ42: =IF(AND(K40="",L40=""),TRUE,FALSE) -> TRUE | AK42: =IF(AND(K41="",L41=""),TRUE,FALSE) -> TRUE | AM42: =COUNTIF(AE42:AI42,0) -> 5 | AN42: =IF((E42=" "),TRUE,FALSE) -> FALSE | AO42: =COUNTIF(AE42:AI42,5) -> 0 | AP42: =COUNTIF(AE42:AI42,4) -> 0 | AQ42: =COUNTIF(AE42:AI42,2) -> 0 | AR42: =COUNTIF(AE42:AI42,1) -> 0 | AT42: =IF(G41="AL5",5,0) -> 0 | AU42: =IF(G41="AL4",4,0) -> 0 | AV42: =IF(G41="AL3",3,0) -> 0 | AW42: =IF(G41="AL2",2,0) -> 0 | AX42: =IF(G41="AL1",1,0) -> 0
D43: 6.3.3 | E43: The educational training provider must have appropriate training for the advancement of the support staff of the programme. | H43: =VLOOKUP(G43,$BA$5:$BR$11,13) -> #N/A
H44: =VLOOKUP(G44,$BA$5:$BR$11,13) -> #N/A
E45: =IF(AND(I43="",J43="",K43="",L43=""),"INPUT ERROR! Please provide remarks"," ") -> INPUT ERROR! Please provide remarks | AD45: =IF(G43="",FALSE,TRUE) -> FALSE | AE45: =IF(G43="AL5",5,0) -> 0 | AF45: =IF(G43="AL4",4,0) -> 0 | AG45: =IF(G43="AL3",3,0) -> 0 | AH45: =IF(G43="AL2",2,0) -> 0 | AI45: =IF(G43="AL1",1,0) -> 0 | AJ45: =IF(AND(K43="",L43=""),TRUE,FALSE) -> TRUE | AK45: =IF(AND(K44="",L44=""),TRUE,FALSE) -> TRUE | AM45: =COUNTIF(AE45:AI45,0) -> 5 | AN45: =IF((E45=" "),TRUE,FALSE) -> FALSE | AO45: =COUNTIF(AE45:AI45,5) -> 0 | AP45: =COUNTIF(AE45:AI45,4) -> 0 | AQ45: =COUNTIF(AE45:AI45,2) -> 0 | AR45: =COUNTIF(AE45:AI45,1) -> 0 | AT45: =IF(G44="AL5",5,0) -> 0 | AU45: =IF(G44="AL4",4,0) -> 0 | AV45: =IF(G44="AL3",3,0) -> 0 | AW45: =IF(G44="AL2",2,0) -> 0 | AX45: =IF(G44="AL1",1,0) -> 0
D47: 6.4 | E47: Academic Records | G47: Achievement Level (AL) | H47: AL Descriptor | I47: Strength | J47: Concern | K47: Opportunity For Improvement / Recommendation | L47: Steps taken to address the problem areas Actions specified by the Evaluation Panel or proposed action as specified by the department itself. Opportunity for Improvement (OFI)
D48: 6.4.1 | E48: The educational training provider must have appropriate policies and practices concerning the nature, content and security of trainee, trainer and other academic records. | H48: =VLOOKUP(G48,$BA$5:$BR$11,14) -> #N/A
H49: =VLOOKUP(G49,$BA$5:$BR$11,14) -> #N/A
E50: =IF(AND(I48="",J48="",K48="",L48=""),"INPUT ERROR! Please provide remarks"," ") -> INPUT ERROR! Please provide remarks | AD50: =IF(G48="",FALSE,TRUE) -> FALSE | AE50: =IF(G48="AL5",5,0) -> 0 | AF50: =IF(G48="AL4",4,0) -> 0 | AG50: =IF(G48="AL3",3,0) -> 0 | AH50: =IF(G48="AL2",2,0) -> 0 | AI50: =IF(G48="AL1",1,0) -> 0 | AJ50: =IF(AND(K48="",L48=""),TRUE,FALSE) -> TRUE | AK50: =IF(AND(K49="",L49=""),TRUE,FALSE) -> TRUE | AM50: =COUNTIF(AE50:AI50,0) -> 5 | AN50: =IF((E50=" "),TRUE,FALSE) -> FALSE | AO50: =COUNTIF(AE50:AI50,5) -> 0 | AP50: =COUNTIF(AE50:AI50,4) -> 0 | AQ50: =COUNTIF(AE50:AI50,2) -> 0 | AR50: =COUNTIF(AE50:AI50,1) -> 0 | AT50: =IF(G49="AL5",5,0) -> 0 | AU50: =IF(G49="AL4",4,0) -> 0 | AV50: =IF(G49="AL3",3,0) -> 0 | AW50: =IF(G49="AL2",2,0) -> 0 | AX50: =IF(G49="AL1",1,0) -> 0
D51: 6.4.2 | E51: The educational training provider must maintain trainee records relating to their admission, performance, completion and graduation in such form as is practical and preserve these records for future reference. | H51: =VLOOKUP(G51,$BA$5:$BR$11,15) -> #N/A
H52: =VLOOKUP(G52,$BA$5:$BR$11,15) -> #N/A
E53: =IF(AND(I51="",J51="",K51="",L51=""),"INPUT ERROR! Please provide remarks"," ") -> INPUT ERROR! Please provide remarks | AD53: =IF(G51="",FALSE,TRUE) -> FALSE | AE53: =IF(G51="AL5",5,0) -> 0 | AF53: =IF(G51="AL4",4,0) -> 0 | AG53: =IF(G51="AL3",3,0) -> 0 | AH53: =IF(G51="AL2",2,0) -> 0 | AI53: =IF(G51="AL1",1,0) -> 0 | AJ53: =IF(AND(K51="",L51=""),TRUE,FALSE) -> TRUE | AK53: =IF(AND(K52="",L52=""),TRUE,FALSE) -> TRUE | AM53: =COUNTIF(AE53:AI53,0) -> 5 | AN53: =IF((E53=" "),TRUE,FALSE) -> FALSE | AO53: =COUNTIF(AE53:AI53,5) -> 0 | AP53: =COUNTIF(AE53:AI53,4) -> 0 | AQ53: =COUNTIF(AE53:AI53,2) -> 0 | AR53: =COUNTIF(AE53:AI53,1) -> 0 | AT53: =IF(G52="AL5",5,0) -> 0 | AU53: =IF(G52="AL4",4,0) -> 0 | AV53: =IF(G52="AL3",3,0) -> 0 | AW53: =IF(G52="AL2",2,0) -> 0 | AX53: =IF(G52="AL1",1,0) -> 0
D54: 6.4.3 | E54: The educational training provider must implement policies on the rights of individual privacy and the confidentiality of records in compliance with relevant regulatory requirement. | H54: =VLOOKUP(G54,$BA$5:$BR$11,16) -> #N/A
H55: =VLOOKUP(G55,$BA$5:$BR$11,16) -> #N/A
E56: =IF(AND(I54="",J54="",K54="",L54=""),"INPUT ERROR! Please provide remarks"," ") -> INPUT ERROR! Please provide remarks | AD56: =IF(G54="",FALSE,TRUE) -> FALSE | AE56: =IF(G54="AL5",5,0) -> 0 | AF56: =IF(G54="AL4",4,0) -> 0 | AG56: =IF(G54="AL3",3,0) -> 0 | AH56: =IF(G54="AL2",2,0) -> 0 | AI56: =IF(G54="AL1",1,0) -> 0 | AJ56: =IF(AND(K54="",L54=""),TRUE,FALSE) -> TRUE | AK56: =IF(AND(K55="",L55=""),TRUE,FALSE) -> TRUE | AM56: =COUNTIF(AE56:AI56,0) -> 5 | AN56: =IF((E56=" "),TRUE,FALSE) -> FALSE | AO56: =COUNTIF(AE56:AI56,5) -> 0 | AP56: =COUNTIF(AE56:AI56,4) -> 0 | AQ56: =COUNTIF(AE56:AI56,2) -> 0 | AR56: =COUNTIF(AE56:AI56,1) -> 0 | AT56: =IF(G55="AL5",5,0) -> 0 | AU56: =IF(G55="AL4",4,0) -> 0 | AV56: =IF(G55="AL3",3,0) -> 0 | AW56: =IF(G55="AL2",2,0) -> 0 | AX56: =IF(G55="AL1",1,0) -> 0
D57: 6.4.4 | E57: Policies pertaining to security of records, including the increased use of electronic technologies and safety systems must be regularly reviewed by the educational training provider. | H57: =VLOOKUP(G57,$BA$5:$BR$11,17) -> #N/A
H58: =VLOOKUP(G58,$BA$5:$BR$11,17) -> #N/A
E59: =IF(AND(I57="",J57="",K57="",L57=""),"INPUT ERROR! Please provide remarks"," ") -> INPUT ERROR! Please provide remarks | AD59: =IF(G57="",FALSE,TRUE) -> FALSE | AE59: =IF(G57="AL5",5,0) -> 0 | AF59: =IF(G57="AL4",4,0) -> 0 | AG59: =IF(G57="AL3",3,0) -> 0 | AH59: =IF(G57="AL2",2,0) -> 0 | AI59: =IF(G57="AL1",1,0) -> 0 | AJ59: =IF(AND(K57="",L57=""),TRUE,FALSE) -> TRUE | AK59: =IF(AND(K58="",L58=""),TRUE,FALSE) -> TRUE | AM59: =COUNTIF(AE59:AI59,0) -> 5 | AN59: =IF((E59=" "),TRUE,FALSE) -> FALSE | AO59: =COUNTIF(AE59:AI59,5) -> 0 | AP59: =COUNTIF(AE59:AI59,4) -> 0 | AQ59: =COUNTIF(AE59:AI59,2) -> 0 | AR59: =COUNTIF(AE59:AI59,1) -> 0 | AT59: =IF(G58="AL5",5,0) -> 0 | AU59: =IF(G58="AL4",4,0) -> 0 | AV59: =IF(G58="AL3",3,0) -> 0 | AW59: =IF(G58="AL2",2,0) -> 0 | AX59: =IF(G58="AL1",1,0) -> 0
AD62: =IF(AND(AD8:AD59,AN8:AN59),TRUE,FALSE) -> FALSE | AJ62: =IF(AND(AJ8:AJ60),TRUE,FALSE) -> TRUE | AK62: =IF(AND(AK8:AK60),TRUE,FALSE) -> TRUE
AD64: =COUNTA(AD8:AD59) -> 16 | AE64: =COUNTIF(AE8:AE59,5) -> 0 | AF64: =COUNTIF(AF8:AF59,4) -> 0 | AG64: =COUNTIF(AG8:AG59,3) -> 0 | AH64: =COUNTIF(AH8:AH59,2) -> 0 | AI64: =COUNTIF(AI8:AI59,1) -> 0 | AT64: =COUNTIF(AT8:AT59,5) -> 0 | AU64: =COUNTIF(AU8:AU59,4) -> 0 | AV64: =COUNTIF(AV8:AV59,3) -> 0 | AW64: =COUNTIF(AW8:AW59,2) -> 0 | AX64: =COUNTIF(AX8:AX59,1) -> 0

Sheet Sheet1 (7)
H1: Evaluation Instrument for Medical Specialist Training Programme
H2: Malaysian Medical Council (MMC)
G3: AREA 7: PROGRAMME MONITORING, REVIEW AND
G4: CONTINUAL QUALITY IMPROVEMENT
D5: 7.1 | E5: Mechanisms for Programme Monitoring, Review and Continual Quality Improvement | G5: Achievement Level (AL) | H5: AL Descriptor | I5: Strength | J5: Concern | K5: Opportunity For Improvement / Recommendation | L5: Steps taken to address the problem areas Actions specified by the Evaluation Panel or proposed action as specified by the department itself. Opportunity for Improvement (OFI) | AD5: √ | BA5: AL1 | BB5: Highly unsatisfactory None of the aspect defined in the criteria have been demonstrated | BC5: Highly unsatisfactory None of the aspect defined in the criteria have been demonstrated | BD5: Highly unsatisfactory None of the aspect defined in the criteria have been demonstrated | BE5: Highly unsatisfactory None of the aspect defined in the criteria have been demonstrated | BF5: Highly unsatisfactory None of the aspect defined in the criteria have been demonstrated | BG5: Highly unsatisfactory None of the aspect defined in the criteria have been demonstrated | BH5: Highly unsatisfactory None of the aspect defined in the criteria have been demonstrated | BI5: Highly unsatisfactory None of the aspect defined in the criteria have been demonstrated | BJ5: Highly unsatisfactory None of the aspect defined in the criteria have been demonstrated | BM5: Higly unsatisfactory None of the aspect defined in the criteria have been demonstrated
D6: 7.1.1 | E6: The programme must have quality assurance processes to monitor and review the training. | H6: =VLOOKUP(G6,$BA$5:$BR$11,2) -> #N/A | BA6: AL2 | BB6: Unsatisfactory Some aspects defined in the criteria have been demonstrated | BC6: Unsatisfactory Some aspects defined in the criteria have been demonstrated | BD6: Unsatisfactory Some aspects defined in the criteria have been demonstrated | BE6: Unsatisfactory Some aspects defined in the criteria have been demonstrated | BF6: Unsatisfactory Some aspects defined in the criteria have been demonstrated | BG6: Unsatisfactory Some aspects defined in the criteria have been demonstrated | BH6: Unsatisfactory Some aspects defined in the criteria have been demonstrated | BI6: Unsatisfactory Some aspects defined in the criteria have been demonstrated | BJ6: Unsatisfactory Some aspects defined in the criteria have been demonstrated | BM6: Unsatisfactory Some aspects defined in the criteria have been demonstrated
H7: =VLOOKUP(G7,$BA$5:$BR$11,2) -> #N/A | BA7: AL3 | BB7: Satisfactory All aspects defined in the criteria have been demonstrated | BC7: Satisfactory All aspects defined in the criteria have been demonstrated | BD7: Satisfactory All aspects defined in the criteria have been demonstrated | BE7: Satisfactory All aspects defined in the criteria have been demonstrated | BF7: Satisfactory All aspects defined in the criteria have been demonstrated | BG7: Satisfactory All aspects defined in the criteria have been demonstrated | BH7: Satisfactory All aspects defined in the criteria have been demonstrated | BI7: Satisfactory All aspects defined in the criteria have been demonstrated | BJ7: Satisfactory All aspects defined in the criteria have been demonstrated | BM7: Satisfactory All aspects defined in the criteria have been demonstrated
E8: =IF(AND(I6="",J6="",K6="",L6=""),"INPUT ERROR! Please provide remarks"," ") -> INPUT ERROR! Please provide remarks | AD8: =IF(G6="",FALSE,TRUE) -> FALSE | AE8: =IF(G6="AL5",5,0) -> 0 | AF8: =IF(G6="AL4",4,0) -> 0 | AG8: =IF(G6="AL3",3,0) -> 0 | AH8: =IF(G6="AL2",2,0) -> 0 | AI8: =IF(G6="AL1",1,0) -> 0 | AJ8: =IF(AND(K6="",L6=""),TRUE,FALSE) -> TRUE | AK8: =IF(AND(K7="",L7=""),TRUE,FALSE) -> TRUE | AM8: =COUNTIF(AE8:AI8,0) -> 5 | AN8: =IF((E8=" "),TRUE,FALSE) -> FALSE | AO8: =COUNTIF(AE8:AI8,5) -> 0 | AP8: =COUNTIF(AE8:AI8,4) -> 0 | AQ8: =COUNTIF(AE8:AI8,2) -> 0 | AR8: =COUNTIF(AE8:AI8,1) -> 0 | AT8: =IF(G7="AL5",5,0) -> 0 | AU8: =IF(G7="AL4",4,0) -> 0 | AV8: =IF(G7="AL3",3,0) -> 0 | AW8: =IF(G7="AL2",2,0) -> 0 | AX8: =IF(G7="AL1",1,0) -> 0 | BA8: AL4 | BB8: Highly satisfactory All aspects defined in the criteria have been demonstrated with some examples of best practice | BC8: Highly satisfactory All aspects defined in the criteria have been demonstrated with some examples of best practice | BD8: Highly satisfactory All aspects defined in the criteria have been demonstrated with some examples of best practice | BE8: Highly satisfactory All aspects defined in the criteria have been demonstrated with some examples of best practice | BF8: Highly satisfactory All aspects defined in the criteria have been demonstrated with some examples of best practice | BG8: Highly satisfactory All aspects defined in the criteria have been demonstrated with some examples of best practice | BH8: Highly satisfactory All aspects defined in the criteria have been demonstrated with some examples of best practice | BI8: Highly satisfactory All aspects defined in the criteria have been demonstrated with some examples of best practice | BJ8: Highly satisfactory All aspects defined in the criteria have been demonstrated with some examples of best practice | BM8: Higly satisfactory All aspects defined in the criteria have been demonstrated with some examples of best practice
D9: 7.1.2 | E9: There must be a designated person or unit responsible for continual quality improvement of the programme. | H9: =VLOOKUP(G9,$BA$5:$BR$11,3) -> #N/A | BA9: AL5 | BB9: Exemplary All aspects defined in the criteria have been demonstrated with best practice that can be recommended externally | BC9: Exemplary All aspects defined in the criteria have been demonstrated with best practice that can be recommended externally | BD9: Exemplary All aspects defined in the criteria have been demonstrated with best practice that can be recommended externally | BE9: Exemplary All aspects defined in the criteria have been demonstrated with best practice that can be recommended externally | BF9: Exemplary All aspects defined in the criteria have been demonstrated with best practice that can be recommended externally | BG9: Exemplary All aspects defined in the criteria have been demonstrated with best practice that can be recommended externally | BH9: Exemplary All aspects defined in the criteria have been demonstrated with best practice that can be recommended externally | BI9: Exemplary All aspects defined in the criteria have been demonstrated with best practice that can be recommended externally | BJ9: Exemplary All aspects defined in the criteria have been demonstrated with best practice that can be recommended externally | BM9: Exemplary All aspects defined in the criteria have been demonstrated with best practice that can be recommended externally
H10: =VLOOKUP(G10,$BA$5:$BR$11,3) -> #N/A
E11: =IF(AND(I9="",J9="",K9="",L9=""),"INPUT ERROR! Please provide remarks"," ") -> INPUT ERROR! Please provide remarks | AD11: =IF(G9="",FALSE,TRUE) -> FALSE | AE11: =IF(G9="AL5",5,0) -> 0 | AF11: =IF(G9="AL4",4,0) -> 0 | AG11: =IF(G9="AL3",3,0) -> 0 | AH11: =IF(G9="AL2",2,0) -> 0 | AI11: =IF(G9="AL1",1,0) -> 0 | AJ11: =IF(AND(K9="",L9=""),TRUE,FALSE) -> TRUE | AK11: =IF(AND(K10="",L10=""),TRUE,FALSE) -> TRUE | AM11: =COUNTIF(AE11:AI11,0) -> 5 | AN11: =IF((E11=" "),TRUE,FALSE) -> FALSE | AO11: =COUNTIF(AE11:AI11,5) -> 0 | AP11: =COUNTIF(AE11:AI11,4) -> 0 | AQ11: =COUNTIF(AE11:AI11,2) -> 0 | AR11: =COUNTIF(AE11:AI11,1) -> 0 | AT11: =IF(G10="AL5",5,0) -> 0 | AU11: =IF(G10="AL4",4,0) -> 0 | AV11: =IF(G10="AL3",3,0) -> 0 | AW11: =IF(G10="AL2",2,0) -> 0 | AX11: =IF(G10="AL1",1,0) -> 0
D12: 7.1.3 | E12: The programme must have policy, structure and procedures as well as implement the following: - monitor, regularly review and update the process, structure, contents, outcomes/competencies, assessment and learning environment of the programme. - rectify documented deficiencies - allocate resources for continuous renewal - involve stakeholders in continual quality improvement processes | H12: =VLOOKUP(G12,$BA$5:$BR$11,4) -> #N/A
H13: =VLOOKUP(G13,$BA$5:$BR$11,4) -> #N/A
E14: =IF(AND(I12="",J12="",K12="",L12=""),"INPUT ERROR! Please provide remarks"," ") -> INPUT ERROR! Please provide remarks | AD14: =IF(G12="",FALSE,TRUE) -> FALSE | AE14: =IF(G12="AL5",5,0) -> 0 | AF14: =IF(G12="AL4",4,0) -> 0 | AG14: =IF(G12="AL3",3,0) -> 0 | AH14: =IF(G12="AL2",2,0) -> 0 | AI14: =IF(G12="AL1",1,0) -> 0 | AJ14: =IF(AND(K12="",L12=""),TRUE,FALSE) -> TRUE | AK14: =IF(AND(K13="",L13=""),TRUE,FALSE) -> TRUE | AM14: =COUNTIF(AE14:AI14,0) -> 5 | AN14: =IF((E14=" "),TRUE,FALSE) -> FALSE | AO14: =COUNTIF(AE14:AI14,5) -> 0 | AP14: =COUNTIF(AE14:AI14,4) -> 0 | AQ14: =COUNTIF(AE14:AI14,2) -> 0 | AR14: =COUNTIF(AE14:AI14,1) -> 0 | AT14: =IF(G13="AL5",5,0) -> 0 | AU14: =IF(G13="AL4",4,0) -> 0 | AV14: =IF(G13="AL3",3,0) -> 0 | AW14: =IF(G13="AL2",2,0) -> 0 | AX14: =IF(G13="AL1",1,0) -> 0
D15: 7.1.4 | E15: The educational training provider must make the programme review report accessible to stakeholders. | H15: =VLOOKUP(G15,$BA$5:$BR$11,5) -> #N/A
H16: =VLOOKUP(G16,$BA$5:$BR$11,5) -> #N/A
E17: =IF(AND(I15="",J15="",K15="",L15=""),"INPUT ERROR! Please provide remarks"," ") -> INPUT ERROR! Please provide remarks | AD17: =IF(G15="",FALSE,TRUE) -> FALSE | AE17: =IF(G15="AL5",5,0) -> 0 | AF17: =IF(G15="AL4",4,0) -> 0 | AG17: =IF(G15="AL3",3,0) -> 0 | AH17: =IF(G15="AL2",2,0) -> 0 | AI17: =IF(G15="AL1",1,0) -> 0 | AJ17: =IF(AND(K15="",L15=""),TRUE,FALSE) -> TRUE | AK17: =IF(AND(K16="",L16=""),TRUE,FALSE) -> TRUE | AM17: =COUNTIF(AE17:AI17,0) -> 5 | AN17: =IF((E17=" "),TRUE,FALSE) -> FALSE | AO17: =COUNTIF(AE17:AI17,5) -> 0 | AP17: =COUNTIF(AE17:AI17,4) -> 0 | AQ17: =COUNTIF(AE17:AI17,2) -> 0 | AR17: =COUNTIF(AE17:AI17,1) -> 0 | AT17: =IF(G16="AL5",5,0) -> 0 | AU17: =IF(G16="AL4",4,0) -> 0 | AV17: =IF(G16="AL3",3,0) -> 0 | AW17: =IF(G16="AL2",2,0) -> 0 | AX17: =IF(G16="AL1",1,0) -> 0
D18: 7.1.5 | E18: In collaborative arrangements, the partners involved must share the responsibilities of programme monitoring and review. | H18: =VLOOKUP(G18,$BA$5:$BR$11,6) -> #N/A
H19: =VLOOKUP(G19,$BA$5:$BR$11,6) -> #N/A
E20: =IF(AND(I18="",J18="",K18="",L18=""),"INPUT ERROR! Please provide remarks"," ") -> INPUT ERROR! Please provide remarks | AD20: =IF(G18="",FALSE,TRUE) -> FALSE | AE20: =IF(G18="AL5",5,0) -> 0 | AF20: =IF(G18="AL4",4,0) -> 0 | AG20: =IF(G18="AL3",3,0) -> 0 | AH20: =IF(G18="AL2",2,0) -> 0 | AI20: =IF(G18="AL1",1,0) -> 0 | AJ20: =IF(AND(K18="",L18=""),TRUE,FALSE) -> TRUE | AK20: =IF(AND(K19="",L19=""),TRUE,FALSE) -> TRUE | AM20: =COUNTIF(AE20:AI20,0) -> 5 | AN20: =IF((E20=" "),TRUE,FALSE) -> FALSE | AO20: =COUNTIF(AE20:AI20,5) -> 0 | AP20: =COUNTIF(AE20:AI20,4) -> 0 | AQ20: =COUNTIF(AE20:AI20,2) -> 0 | AR20: =COUNTIF(AE20:AI20,1) -> 0 | AT20: =IF(G19="AL5",5,0) -> 0 | AU20: =IF(G19="AL4",4,0) -> 0 | AV20: =IF(G19="AL3",3,0) -> 0 | AW20: =IF(G19="AL2",2,0) -> 0 | AX20: =IF(G19="AL1",1,0) -> 0
D21: 7.1.6 | E21: The medical school must: • implement the continuous quality improvement based on the analysis of various aspects of student performance, progression, attrition, graduation and employment. • adapt the student admissions policy, selection methods and student intake to changing expectations and circumstances, institutional resources, and the requirements of the educational programme. | H21: =VLOOKUP(G21,$BA$5:$BR$11,7) -> #N/A
H22: =VLOOKUP(G22,$BA$5:$BR$11,7) -> #N/A
E23: =IF(AND(I21="",J21="",K21="",L21=""),"INPUT ERROR! Please provide remarks"," ") -> INPUT ERROR! Please provide remarks | AD23: =IF(G21="",FALSE,TRUE) -> FALSE | AE23: =IF(G21="AL5",5,0) -> 0 | AF23: =IF(G21="AL4",4,0) -> 0 | AG23: =IF(G21="AL3",3,0) -> 0 | AH23: =IF(G21="AL2",2,0) -> 0 | AI23: =IF(G21="AL1",1,0) -> 0 | AJ23: =IF(AND(K21="",L21=""),TRUE,FALSE) -> TRUE | AK23: =IF(AND(K22="",L22=""),TRUE,FALSE) -> TRUE | AM23: =COUNTIF(AE23:AI23,0) -> 5 | AN23: =IF((E23=" "),TRUE,FALSE) -> FALSE | AO23: =COUNTIF(AE23:AI23,5) -> 0 | AP23: =COUNTIF(AE23:AI23,4) -> 0 | AQ23: =COUNTIF(AE23:AI23,2) -> 0 | AR23: =COUNTIF(AE23:AI23,1) -> 0 | AT23: =IF(G22="AL5",5,0) -> 0 | AU23: =IF(G22="AL4",4,0) -> 0 | AV23: =IF(G22="AL3",3,0) -> 0 | AW23: =IF(G22="AL2",2,0) -> 0 | AX23: =IF(G22="AL1",1,0) -> 0
D24: 7.1.7 | E24: In collaborative arrangements, the partners involved must share the responsibilities of programme monitoring and review. | H24: =VLOOKUP(G24,$BA$5:$BR$11,8) -> #N/A
H25: =VLOOKUP(G25,$BA$5:$BR$11,8) -> #N/A
E26: =IF(AND(I24="",J24="",K24="",L24=""),"INPUT ERROR! Please provide remarks"," ") -> INPUT ERROR! Please provide remarks | AC26: =IF(G24="",FALSE,TRUE) -> FALSE | AD26: =AC26 -> FALSE | AE26: =IF(G24="AL5",5,0) -> 0 | AF26: =IF(G24="AL4",4,0) -> 0 | AG26: =IF(G24="AL3",3,0) -> 0 | AH26: =IF(G24="AL2",2,0) -> 0 | AI26: =IF(G24="AL1",1,0) -> 0 | AJ26: =IF(AND(K24="",L24=""),TRUE,FALSE) -> TRUE | AK26: =IF(AND(K25="",L25=""),TRUE,FALSE) -> TRUE | AM26: =COUNTIF(AE26:AI26,0) -> 5 | AN26: =IF((E26=" "),TRUE,FALSE) -> FALSE | AO26: =COUNTIF(AE26:AI26,5) -> 0 | AP26: =COUNTIF(AE26:AI26,4) -> 0 | AQ26: =COUNTIF(AE26:AI26,2) -> 0 | AR26: =COUNTIF(AE26:AI26,1) -> 0 | AT26: =IF(G25="AL5",5,0) -> 0 | AU26: =IF(G25="AL4",4,0) -> 0 | AV26: =IF(G25="AL3",3,0) -> 0 | AW26: =IF(G25="AL2",2,0) -> 0 | AX26: =IF(G25="AL1",1,0) -> 0
D27: 7.1.8 | E27: The findings of a programme review must be presented to the HEP for its attention and further action. | H27: =VLOOKUP(G27,$BA$5:$BR$11,9) -> #N/A
H28: =VLOOKUP(G28,$BA$5:$BR$11,9) -> #N/A
E29: =IF(AND(I27="",J27="",K27="",L27=""),"INPUT ERROR! Please provide remarks"," ") -> INPUT ERROR! Please provide remarks | AD29: =IF(G27="",FALSE,TRUE) -> FALSE | AE29: =IF(G27="AL5",5,0) -> 0 | AF29: =IF(G27="AL4",4,0) -> 0 | AG29: =IF(G27="AL3",3,0) -> 0 | AH29: =IF(G27="AL2",2,0) -> 0 | AI29: =IF(G27="AL1",1,0) -> 0 | AJ29: =IF(AND(K27="",L27=""),TRUE,FALSE) -> TRUE | AK29: =IF(AND(K28="",L28=""),TRUE,FALSE) -> TRUE | AM29: =COUNTIF(AE29:AI29,0) -> 5 | AN29: =IF((E29=" "),TRUE,FALSE) -> FALSE | AO29: =COUNTIF(AE29:AI29,5) -> 0 | AP29: =COUNTIF(AE29:AI29,4) -> 0 | AQ29: =COUNTIF(AE29:AI29,2) -> 0 | AR29: =COUNTIF(AE29:AI29,1) -> 0 | AT29: =IF(G28="AL5",5,0) -> 0 | AU29: =IF(G28="AL4",4,0) -> 0 | AV29: =IF(G28="AL3",3,0) -> 0 | AW29: =IF(G28="AL2",2,0) -> 0 | AX29: =IF(G28="AL1",1,0) -> 0
D30: 7.1.9 | E30: There must be an integral link between the medical school quality assurance processes and the achievement of the institutional purpose. | H30: =VLOOKUP(G30,$BA$5:$BR$11,10) -> #N/A
H31: =VLOOKUP(G31,$BA$5:$BR$11,10) -> #N/A
E32: =IF(AND(I30="",J30="",K30="",L30=""),"INPUT ERROR! Please provide remarks"," ") -> INPUT ERROR! Please provide remarks | AD32: =IF(G30="",FALSE,TRUE) -> FALSE | AE32: =IF(G30="AL5",5,0) -> 0 | AF32: =IF(G30="AL4",4,0) -> 0 | AG32: =IF(G30="AL3",3,0) -> 0 | AH32: =IF(G30="AL2",2,0) -> 0 | AI32: =IF(G30="AL1",1,0) -> 0 | AJ32: =IF(AND(K30="",L30=""),TRUE,FALSE) -> TRUE | AK32: =IF(AND(K31="",L31=""),TRUE,FALSE) -> TRUE | AM32: =COUNTIF(AE32:AI32,0) -> 5 | AN32: =IF((E32=" "),TRUE,FALSE) -> FALSE | AO32: =COUNTIF(AE32:AI32,5) -> 0 | AP32: =COUNTIF(AE32:AI32,4) -> 0 | AQ32: =COUNTIF(AE32:AI32,2) -> 0 | AR32: =COUNTIF(AE32:AI32,1) -> 0 | AT32: =IF(G31="AL5",5,0) -> 0 | AU32: =IF(G31="AL4",4,0) -> 0 | AV32: =IF(G31="AL3",3,0) -> 0 | AW32: =IF(G31="AL2",2,0) -> 0 | AX32: =IF(G31="AL1",1,0) -> 0
E34: FOR PANEL OF ASSESSORS USE ONLY: (Additional comments, if any, on the overall performance of the programme)
AD55: =IF(AND(AD8:AD52,AN8:AN52),TRUE,FALSE) -> FALSE | AJ55: =IF(AND(AJ8:AJ53),TRUE,FALSE) -> TRUE | AK55: =IF(AND(AK8:AK53),TRUE,FALSE) -> TRUE
E56: FOR PANEL OF ASSESSORS USE ONLY: (Final recommendation of the programme)
AD57: =COUNTA(AD8:AD52) -> 9 | AE57: =COUNTIF(AE8:AE52,5) -> 0 | AF57: =COUNTIF(AF8:AF52,4) -> 0 | AG57: =COUNTIF(AG8:AG52,3) -> 0 | AH57: =COUNTIF(AH8:AH52,2) -> 0 | AI57: =COUNTIF(AI8:AI52,1) -> 0 | AT57: =COUNTIF(AT8:AT52,5) -> 0 | AU57: =COUNTIF(AU8:AU52,4) -> 0 | AV57: =COUNTIF(AV8:AV52,3) -> 0 | AW57: =COUNTIF(AW8:AW52,2) -> 0 | AX57: =COUNTIF(AX8:AX52,1) -> 0

Sheet Sheet2
O3: Weightage | P3: Weightage
D4: STD | E4: AL5 | F4: AL4 | G4: AL3 | H4: AL2 | I4: AL1 | K4: AL1/2 | L4: AL4/5 | M4: AL3-5 | O4: PA | P4: FA | Q4: PA | R4: FA | T4: AL5 | U4: AL4 | V4: AL3 | W4: AL2 | X4: AL1 | Y4: MAXScr | Z4: Scr | AB4: PA | AC4: FA
C5: AREA1 | D5: =SUM(E5:I5) -> 0 | E5: =Sheet1!AE69 -> 0 | F5: =Sheet1!AF69 -> 0 | G5: =Sheet1!AG69 -> 0 | H5: =Sheet1!AH69 -> 0 | I5: =Sheet1!AI69 -> 0 | J5: =Sheet1!AJ67 -> TRUE | K5: =H5+I5 -> 0 | L5: =E5+F5 -> 0 | M5: =SUM(E5:G5) -> 0 | O5: 40 | P5: 25 | Q5: =(M5/D5)*O5 -> #DIV/0! | R5: =(M5/D5)*P5 -> #DIV/0! | T5: =E5*5 -> 0 | U5: =F5*4 -> 0 | V5: =G5*3 -> 0 | W5: =H5*2 -> 0 | X5: =I5*1 -> 0 | Y5: =D5*5 -> 0 | Z5: =SUM(T5:X5) -> 0 | AB5: =(Z5/Y5)*Q5 -> #DIV/0! | AC5: =(Z5/Y5)*R5 -> #DIV/0!
